Workbook

Sheet especificación
A1: Mantenimiento de ventanas en aluminio cuyas medidas son entre 70 - 105 cm de ancho x 120 cm 180 cm alto, incluye limpieza de suciedad, rasqueteada de residuos de pintura, salpicadura de oxido (con limpiador industrial apto para aluminio), reparación o reemplazo de elementos deteriorados (perfiles, bisagras, cerraduras, pasadores, etc.) y limpieza de vidrios
A2: Lijada de rejas de ventanas en fachada (eliminación óxido), aplicación de anticorrosivo y pintura en esmalte de poliuretano

Sheet entrega abogada
C1: Consejo Superior de la Judicatura Dirección Ejecutiva Seccional de Administración Judicial de Cali – Valle del Cauca
A2: FORMATO CONTROL DE EJECUCIÓN DE OBRA - BALANCE Y CORTE DE OBRA
A3: OBJETO DEL CONTRATO: Realizar mantenimiento, adecuaciones y reparaciones a los inmuebles Palacio de Justicia de Cali "PEDRO ELIAS SERRANO ABADIA",Juzgado Promiscuo Municipal de el Dovio, Palacio de Justicia "SIMON DAVID CARREJO BEJARANO", Sede Familia de Palmira, Palacio Nacional de Buenaventura, Edificio Transferencias, Juzgado Promiscuo Municipal de Obando, Juzgado Promiscuo Municipal de San Jose del Palmar, Palacio de Justicia "Oscar Lerma Trujillo" Roldanillo
A6: Condiciones contractuales
A7: A. Palacio de Justicia de Cali "PEDRO ELIAS SERRANO ABADIA | E7: COTIZACIÓN 1 - KCV | G7: COTIZACIÓN 2 | I7: COTIZACIÓN 3 | K7: COTIZACIÓN 4 | M7: COTIZACIÓN 5 | O7: COTIZACIÓN 6
A8: ITEM | B8: DESCRIPCION | C8: UND | D8: CANTIDAD | E8: VALOR UNITARIO | F8: VALOR TOTAL | G8: VALOR UNITARIO | H8: VALOR TOTAL | I8: VALOR UNITARIO2 | J8: VALOR TOTAL4 | K8: VALOR UNITARIO3 | L8: VALOR TOTAL 2 | M8: VALOR UNITARIO 2 | N8: VALOR TOTAL 3 | O8: VALOR UNITARIO 3 | P8: VALOR TOTAL3 | R8: MAYORES | S8: MENORES | T8: PROMEDIO
A9: A. 1 | B9: Reparación (filtraciones) rampa y anden ingreso calle 12 | I9: =Tabla3[[#This Row],[VALOR TOTAL]]*Tabla3[[#This Row],[CANTIDAD ]] -> 0
A10: A. 1,1 | B10: Cerramiento en tela verde o polisombra (incluye postes de madera para soporte) altura: 2.10 mts. | C10: ML | D10: 36 | E10: 40000 | F10: =Tabla3[[#This Row],[VALOR UNITARIO ]]*Tabla3[[#This Row],[CANTIDAD ]] -> 1440000 | G10: 27131 | H10: =Tabla3[[#This Row],[VALOR UNITARIO]]*Tabla3[[#This Row],[CANTIDAD ]] -> 976716 | R10: =MAX(Tabla3[[#This Row],[VALOR TOTAL]],Tabla3[[#This Row],[VALOR TOTAL ]]) -> 1440000 | S10: =MIN(Tabla3[[#This Row],[VALOR TOTAL ]],Tabla3[[#This Row],[VALOR TOTAL]]) -> 976716 | T10: =AVERAGE(Tabla3[[#This Row],[VALOR TOTAL ]:[VALOR TOTAL]]) -> 814615.67
A11: A. 1,2 | B11: Desmonte y reinstalación de pasamanos metálico cuyas medidas son 130 cm de largo x 90 cm de alto | C11: UND | D11: 4 | E11: 120000 | F11: =Tabla3[[#This Row],[VALOR UNITARIO ]]*Tabla3[[#This Row],[CANTIDAD ]] -> 480000 | G11: 165000 | H11: =Tabla3[[#This Row],[VALOR UNITARIO]]*Tabla3[[#This Row],[CANTIDAD ]] -> 660000 | R11: =MAX(Tabla3[[#This Row],[VALOR TOTAL]],Tabla3[[#This Row],[VALOR TOTAL ]]) -> 660000 | S11: =MIN(Tabla3[[#This Row],[VALOR TOTAL ]],Tabla3[[#This Row],[VALOR TOTAL]]) -> 480000 | T11: =AVERAGE(Tabla3[[#This Row],[VALOR TOTAL ]:[VALOR TOTAL]]) -> 435000
A12: A. 1,3 | B12: Demolición de piso existente (enchape tráfico alto), incluye retiro de escombros | C12: M2 | D12: 288 | E12: 30000 | F12: =Tabla3[[#This Row],[VALOR UNITARIO ]]*Tabla3[[#This Row],[CANTIDAD ]] -> 8640000 | G12: 8450 | H12: =Tabla3[[#This Row],[VALOR UNITARIO]]*Tabla3[[#This Row],[CANTIDAD ]] -> 2433600 | R12: =MAX(Tabla3[[#This Row],[VALOR TOTAL]],Tabla3[[#This Row],[VALOR TOTAL ]]) -> 8640000 | S12: =MIN(Tabla3[[#This Row],[VALOR TOTAL ]],Tabla3[[#This Row],[VALOR TOTAL]]) -> 2433600 | T12: =AVERAGE(Tabla3[[#This Row],[VALOR TOTAL ]:[VALOR TOTAL]]) -> 3694016.7
A13: A. 1,4 | B13: Retiro de manto existente, incluye retiro de escombros | C13: M2 | D13: 288 | E13: 20000 | F13: =Tabla3[[#This Row],[VALOR UNITARIO ]]*Tabla3[[#This Row],[CANTIDAD ]] -> 5760000 | G13: 19500 | H13: =Tabla3[[#This Row],[VALOR UNITARIO]]*Tabla3[[#This Row],[CANTIDAD ]] -> 5616000 | R13: =MAX(Tabla3[[#This Row],[VALOR TOTAL]],Tabla3[[#This Row],[VALOR TOTAL ]]) -> 5760000 | S13: =MIN(Tabla3[[#This Row],[VALOR TOTAL ]],Tabla3[[#This Row],[VALOR TOTAL]]) -> 5616000 | T13: =AVERAGE(Tabla3[[#This Row],[VALOR TOTAL ]:[VALOR TOTAL]]) -> 3798500
A14: A. 1,5 | B14: Lavada y destronque a máquina (para retirar material existente y preparación de superficie) | C14: M2 | D14: 288 | E14: 35000 | F14: =Tabla3[[#This Row],[VALOR UNITARIO ]]*Tabla3[[#This Row],[CANTIDAD ]] -> 10080000 | G14: 3731 | H14: =Tabla3[[#This Row],[VALOR UNITARIO]]*Tabla3[[#This Row],[CANTIDAD ]] -> 1074528 | R14: =MAX(Tabla3[[#This Row],[VALOR TOTAL]],Tabla3[[#This Row],[VALOR TOTAL ]]) -> 10080000 | S14: =MIN(Tabla3[[#This Row],[VALOR TOTAL ]],Tabla3[[#This Row],[VALOR TOTAL]]) -> 1074528 | T14: =AVERAGE(Tabla3[[#This Row],[VALOR TOTAL ]:[VALOR TOTAL]]) -> 3719419.7
A15: A. 1,6 | B15: Demolición mortero existente (incluye retiro de escombros) | C15: M2 | D15: 288 | E15: 27000 | F15: =Tabla3[[#This Row],[VALOR UNITARIO ]]*Tabla3[[#This Row],[CANTIDAD ]] -> 7776000 | G15: 4400 | H15: =Tabla3[[#This Row],[VALOR UNITARIO]]*Tabla3[[#This Row],[CANTIDAD ]] -> 1267200 | R15: =MAX(Tabla3[[#This Row],[VALOR TOTAL]],Tabla3[[#This Row],[VALOR TOTAL ]]) -> 7776000 | S15: =MIN(Tabla3[[#This Row],[VALOR TOTAL ]],Tabla3[[#This Row],[VALOR TOTAL]]) -> 1267200 | T15: =AVERAGE(Tabla3[[#This Row],[VALOR TOTAL ]:[VALOR TOTAL]]) -> 3015866.7
A16: A. 1,7 | B16: Suministro y aplicación de pintura sellante elongable autonivelante. | C16: M2 | D16: 288 | E16: 75000 | F16: =Tabla3[[#This Row],[VALOR UNITARIO ]]*Tabla3[[#This Row],[CANTIDAD ]] -> 21600000 | G16: 9230 | H16: =Tabla3[[#This Row],[VALOR UNITARIO]]*Tabla3[[#This Row],[CANTIDAD ]] -> 2658240 | R16: =MAX(Tabla3[[#This Row],[VALOR TOTAL]],Tabla3[[#This Row],[VALOR TOTAL ]]) -> 21600000 | S16: =MIN(Tabla3[[#This Row],[VALOR TOTAL ]],Tabla3[[#This Row],[VALOR TOTAL]]) -> 2658240 | T16: =AVERAGE(Tabla3[[#This Row],[VALOR TOTAL ]:[VALOR TOTAL]]) -> 8089156.7
A17: A. 1,8 | B17: Suministro y aplicación de mortero 1:3 con aditivo impermeabilizante espesor 4cm incluye media caña en mortero perimetral (superficie con pendiente) | C17: M2 | D17: 288 | E17: 38000 | F17: =Tabla3[[#This Row],[VALOR UNITARIO ]]*Tabla3[[#This Row],[CANTIDAD ]] -> 10944000 | G17: 32500 | H17: =Tabla3[[#This Row],[VALOR UNITARIO]]*Tabla3[[#This Row],[CANTIDAD ]] -> 9360000 | R17: =MAX(Tabla3[[#This Row],[VALOR TOTAL]],Tabla3[[#This Row],[VALOR TOTAL ]]) -> 10944000 | S17: =MIN(Tabla3[[#This Row],[VALOR TOTAL ]],Tabla3[[#This Row],[VALOR TOTAL]]) -> 9360000 | T17: =AVERAGE(Tabla3[[#This Row],[VALOR TOTAL ]:[VALOR TOTAL]]) -> 6778833.3
A18: A. 1,9 | B18: Suministro e instalación de membrana liquida en poliuretano, con refuerzo en poliéster, acabado transitable para impermeabilización de losa de terraza, con remates perimetrales en media caña, Incluye cárcamos de desagüe. | C18: M2 | D18: 288 | E18: 320000 | F18: =Tabla3[[#This Row],[VALOR UNITARIO ]]*Tabla3[[#This Row],[CANTIDAD ]] -> 92160000 | G18: 128700 | H18: =Tabla3[[#This Row],[VALOR UNITARIO]]*Tabla3[[#This Row],[CANTIDAD ]] -> 37065600 | R18: =MAX(Tabla3[[#This Row],[VALOR TOTAL]],Tabla3[[#This Row],[VALOR TOTAL ]]) -> 92160000 | S18: =MIN(Tabla3[[#This Row],[VALOR TOTAL ]],Tabla3[[#This Row],[VALOR TOTAL]]) -> 37065600 | T18: =AVERAGE(Tabla3[[#This Row],[VALOR TOTAL ]:[VALOR TOTAL]]) -> 43118100
A19: A. 1,10 | B19: Fabricación de borde de escalera en granito lavado (Borde de escalera ancho 10 cm a lo largo de la huella y la contrahuella de 13 cm) incluye dilatacion en bronce 5 mm | C19: ML | D19: 410 | E19: 50000 | F19: =Tabla3[[#This Row],[VALOR UNITARIO ]]*Tabla3[[#This Row],[CANTIDAD ]] -> 20500000 | G19: 52117 | H19: =Tabla3[[#This Row],[VALOR UNITARIO]]*Tabla3[[#This Row],[CANTIDAD ]] -> 21367970 | R19: =MAX(Tabla3[[#This Row],[VALOR TOTAL]],Tabla3[[#This Row],[VALOR TOTAL ]]) -> 21367970 | S19: =MIN(Tabla3[[#This Row],[VALOR TOTAL ]],Tabla3[[#This Row],[VALOR TOTAL]]) -> 20500000 | T19: =AVERAGE(Tabla3[[#This Row],[VALOR TOTAL ]:[VALOR TOTAL]]) -> 13973362
A20: A. 1,11 | B20: Suministro e instalación de enchape para piso exterior (tráfico alto, incluye junta de dilatación en aluminio) | C20: M2 | D20: 288 | E20: 140000 | F20: =Tabla3[[#This Row],[VALOR UNITARIO ]]*Tabla3[[#This Row],[CANTIDAD ]] -> 40320000 | G20: =106276*1.1 -> 116903.6 | H20: =Tabla3[[#This Row],[VALOR UNITARIO]]*Tabla3[[#This Row],[CANTIDAD ]] -> 33668237 | R20: =MAX(Tabla3[[#This Row],[VALOR TOTAL]],Tabla3[[#This Row],[VALOR TOTAL ]]) -> 40320000 | S20: =MIN(Tabla3[[#This Row],[VALOR TOTAL ]],Tabla3[[#This Row],[VALOR TOTAL]]) -> 33668237 | T20: =AVERAGE(Tabla3[[#This Row],[VALOR TOTAL ]:[VALOR TOTAL]]) -> 24701713
A21: A. 1,12 | B21: Suministro y fabricación guardaescoba en granito en media caña 10 cm | C21: ML | D21: 91 | E21: 35000 | F21: =Tabla3[[#This Row],[VALOR UNITARIO ]]*Tabla3[[#This Row],[CANTIDAD ]] -> 3185000 | G21: =14420*1.3 -> 18746 | H21: =Tabla3[[#This Row],[VALOR UNITARIO]]*Tabla3[[#This Row],[CANTIDAD ]] -> 1705886 | R21: =MAX(Tabla3[[#This Row],[VALOR TOTAL]],Tabla3[[#This Row],[VALOR TOTAL ]]) -> 3185000 | S21: =MIN(Tabla3[[#This Row],[VALOR TOTAL ]],Tabla3[[#This Row],[VALOR TOTAL]]) -> 1705886 | T21: =AVERAGE(Tabla3[[#This Row],[VALOR TOTAL ]:[VALOR TOTAL]]) -> 1636544
A22: A. 1,13 | B22: Suministro y Fabricación de cenefa piso en granito lavado ancho 20 cm | C22: ML | D22: 60 | E22: 40000 | F22: =Tabla3[[#This Row],[VALOR UNITARIO ]]*Tabla3[[#This Row],[CANTIDAD ]] -> 2400000 | G22: =13210*1.3 -> 17173 | H22: =Tabla3[[#This Row],[VALOR UNITARIO]]*Tabla3[[#This Row],[CANTIDAD ]] -> 1030380 | R22: =MAX(Tabla3[[#This Row],[VALOR TOTAL]],Tabla3[[#This Row],[VALOR TOTAL ]]) -> 2400000 | S22: =MIN(Tabla3[[#This Row],[VALOR TOTAL ]],Tabla3[[#This Row],[VALOR TOTAL]]) -> 1030380 | T22: =AVERAGE(Tabla3[[#This Row],[VALOR TOTAL ]:[VALOR TOTAL]]) -> 1149184.3
A23: A. 2 | B23: Actividades para cubierta de la terraza torre A - Fase C
A24: A. 2,1 | B24: Suministro e instalación de bases en concreto de 20 cm x 20 cm fundidos sobre losa de terraza | C24: UND | D24: 52 | E24: 66000 | F24: =Tabla3[[#This Row],[VALOR UNITARIO ]]*Tabla3[[#This Row],[CANTIDAD ]] -> 3432000 | G24: 32500 | H24: =Tabla3[[#This Row],[VALOR UNITARIO]]*Tabla3[[#This Row],[CANTIDAD ]] -> 1690000 | R24: =MAX(Tabla3[[#This Row],[VALOR TOTAL]],Tabla3[[#This Row],[VALOR TOTAL ]]) -> 3432000 | S24: =MIN(Tabla3[[#This Row],[VALOR TOTAL ]],Tabla3[[#This Row],[VALOR TOTAL]]) -> 1690000 | T24: =AVERAGE(Tabla3[[#This Row],[VALOR TOTAL ]:[VALOR TOTAL]]) -> 1718166.7
A25: A. 2,2 | B25: Suministro e instalación de platina 3/8 cuyas medidas oscilan así: 10 cm x 15 cm y 15 cm x 15 cm, incluye materiales complementarios de conexión, acero, corte, soldadura, anclajes, cartelas, tornillos, varilla de 1/2 soldada para anclaje sobre bases de concreto. | C25: UND | D25: 52 | E25: 66000 | F25: =Tabla3[[#This Row],[VALOR UNITARIO ]]*Tabla3[[#This Row],[CANTIDAD ]] -> 3432000 | G25: 35581 | H25: =Tabla3[[#This Row],[VALOR UNITARIO]]*Tabla3[[#This Row],[CANTIDAD ]] -> 1850212 | R25: =MAX(Tabla3[[#This Row],[VALOR TOTAL]],Tabla3[[#This Row],[VALOR TOTAL ]]) -> 3432000 | S25: =MIN(Tabla3[[#This Row],[VALOR TOTAL ]],Tabla3[[#This Row],[VALOR TOTAL]]) -> 1850212 | T25: =AVERAGE(Tabla3[[#This Row],[VALOR TOTAL ]:[VALOR TOTAL]]) -> 1772597.7
A26: A. 2,3 | B26: Suministro e instalación de estructura metálica para cubierta en tubería 100 cm x 100 cm calibre 2 mm, incluye pintura 3 en 2 | C26: ML | D26: 97 | E26: 118000 | F26: =Tabla3[[#This Row],[VALOR UNITARIO ]]*Tabla3[[#This Row],[CANTIDAD ]] -> 11446000 | G26: 132301 | H26: =Tabla3[[#This Row],[VALOR UNITARIO]]*Tabla3[[#This Row],[CANTIDAD ]] -> 12833197 | R26: =MAX(Tabla3[[#This Row],[VALOR TOTAL]],Tabla3[[#This Row],[VALOR TOTAL ]]) -> 12833197 | S26: =MIN(Tabla3[[#This Row],[VALOR TOTAL ]],Tabla3[[#This Row],[VALOR TOTAL]]) -> 11446000 | T26: =AVERAGE(Tabla3[[#This Row],[VALOR TOTAL ]:[VALOR TOTAL]]) -> 8137166
A27: A. 2,4 | B27: Suministro e instalación de estructura metálica para cubierta en tubería 100 cm x 50 cm calibre 2 mm, incluye pintura 3 en 1 | C27: ML | D27: 212 | E27: 110000 | F27: =Tabla3[[#This Row],[VALOR UNITARIO ]]*Tabla3[[#This Row],[CANTIDAD ]] -> 23320000 | G27: 110500 | H27: =Tabla3[[#This Row],[VALOR UNITARIO]]*Tabla3[[#This Row],[CANTIDAD ]] -> 23426000 | R27: =MAX(Tabla3[[#This Row],[VALOR TOTAL]],Tabla3[[#This Row],[VALOR TOTAL ]]) -> 23426000 | S27: =MIN(Tabla3[[#This Row],[VALOR TOTAL ]],Tabla3[[#This Row],[VALOR TOTAL]]) -> 23320000 | T27: =AVERAGE(Tabla3[[#This Row],[VALOR TOTAL ]:[VALOR TOTAL]]) -> 15618833
A28: A. 2,5 | B28: Suministro e instalación de estructura metálica para cubierta en tubería 80 cm x 40 cm calibre 2 mm, incluye pintura 3 en 1 | C28: ML | D28: 255 | E28: 100000 | F28: =Tabla3[[#This Row],[VALOR UNITARIO ]]*Tabla3[[#This Row],[CANTIDAD ]] -> 25500000 | G28: 104000 | H28: =Tabla3[[#This Row],[VALOR UNITARIO]]*Tabla3[[#This Row],[CANTIDAD ]] -> 26520000 | R28: =MAX(Tabla3[[#This Row],[VALOR TOTAL]],Tabla3[[#This Row],[VALOR TOTAL ]]) -> 26520000 | S28: =MIN(Tabla3[[#This Row],[VALOR TOTAL ]],Tabla3[[#This Row],[VALOR TOTAL]]) -> 25500000 | T28: =AVERAGE(Tabla3[[#This Row],[VALOR TOTAL ]:[VALOR TOTAL]]) -> 17374667
A29: A. 2,6 | B29: Suministro e instalación de teja upvc 2.5 mm, incluye tornillería para su correcta instalación sobre estructura metálica | C29: M2 | D29: 330 | E29: 80000 | F29: =Tabla3[[#This Row],[VALOR UNITARIO ]]*Tabla3[[#This Row],[CANTIDAD ]] -> 26400000 | G29: 65949 | H29: =Tabla3[[#This Row],[VALOR UNITARIO]]*Tabla3[[#This Row],[CANTIDAD ]] -> 21763170 | R29: =MAX(Tabla3[[#This Row],[VALOR TOTAL]],Tabla3[[#This Row],[VALOR TOTAL ]]) -> 26400000 | S29: =MIN(Tabla3[[#This Row],[VALOR TOTAL ]],Tabla3[[#This Row],[VALOR TOTAL]]) -> 21763170 | T29: =AVERAGE(Tabla3[[#This Row],[VALOR TOTAL ]:[VALOR TOTAL]]) -> 16076373
A30: A. 2,7 | B30: Suministro e instalación de caballete para teja upvc 2.5 mm, incluye accesorios para su correcta instalación | C30: ML | D30: 28 | E30: 92000 | F30: =Tabla3[[#This Row],[VALOR UNITARIO ]]*Tabla3[[#This Row],[CANTIDAD ]] -> 2576000 | G30: 72813 | H30: =Tabla3[[#This Row],[VALOR UNITARIO]]*Tabla3[[#This Row],[CANTIDAD ]] -> 2038764 | R30: =MAX(Tabla3[[#This Row],[VALOR TOTAL]],Tabla3[[#This Row],[VALOR TOTAL ]]) -> 2576000 | S30: =MIN(Tabla3[[#This Row],[VALOR TOTAL ]],Tabla3[[#This Row],[VALOR TOTAL]]) -> 2038764 | T30: =AVERAGE(Tabla3[[#This Row],[VALOR TOTAL ]:[VALOR TOTAL]]) -> 1562525.7
A31: A. 2,8 | B31: Suministro e instalación de Canal en lamina galvanizada cal 22, incluye platina para soporte canal | C31: ML | D31: 40 | E31: 94000 | F31: =Tabla3[[#This Row],[VALOR UNITARIO ]]*Tabla3[[#This Row],[CANTIDAD ]] -> 3760000 | G31: 113048 | H31: =Tabla3[[#This Row],[VALOR UNITARIO]]*Tabla3[[#This Row],[CANTIDAD ]] -> 4521920 | R31: =MAX(Tabla3[[#This Row],[VALOR TOTAL]],Tabla3[[#This Row],[VALOR TOTAL ]]) -> 4521920 | S31: =MIN(Tabla3[[#This Row],[VALOR TOTAL ]],Tabla3[[#This Row],[VALOR TOTAL]]) -> 3760000 | T31: =AVERAGE(Tabla3[[#This Row],[VALOR TOTAL ]:[VALOR TOTAL]]) -> 2798322.7
A32: A. 2,9 | B32: Corte de muro con pulidora | C32: ML | D32: 40 | E32: 16000 | F32: =Tabla3[[#This Row],[VALOR UNITARIO ]]*Tabla3[[#This Row],[CANTIDAD ]] -> 640000 | G32: 16848 | H32: =Tabla3[[#This Row],[VALOR UNITARIO]]*Tabla3[[#This Row],[CANTIDAD ]] -> 673920 | R32: =MAX(Tabla3[[#This Row],[VALOR TOTAL]],Tabla3[[#This Row],[VALOR TOTAL ]]) -> 673920 | S32: =MIN(Tabla3[[#This Row],[VALOR TOTAL ]],Tabla3[[#This Row],[VALOR TOTAL]]) -> 640000 | T32: =AVERAGE(Tabla3[[#This Row],[VALOR TOTAL ]:[VALOR TOTAL]]) -> 443589.33
A33: A. 2,10 | B33: Suministro e instalación de Solapa en lamina galvanizada Cal 24, incluye sellador sobre muro | C33: ML | D33: 70 | E33: 46000 | F33: =Tabla3[[#This Row],[VALOR UNITARIO ]]*Tabla3[[#This Row],[CANTIDAD ]] -> 3220000 | G33: 57837 | H33: =Tabla3[[#This Row],[VALOR UNITARIO]]*Tabla3[[#This Row],[CANTIDAD ]] -> 4048590 | R33: =MAX(Tabla3[[#This Row],[VALOR TOTAL]],Tabla3[[#This Row],[VALOR TOTAL ]]) -> 4048590 | S33: =MIN(Tabla3[[#This Row],[VALOR TOTAL ]],Tabla3[[#This Row],[VALOR TOTAL]]) -> 3220000 | T33: =AVERAGE(Tabla3[[#This Row],[VALOR TOTAL ]:[VALOR TOTAL]]) -> 2442142.3
A34: A. 2,11 | B34: Suministro e instalación de soscos para canal en 3" | C34: UND | D34: 10 | E34: 27000 | F34: =Tabla3[[#This Row],[VALOR UNITARIO ]]*Tabla3[[#This Row],[CANTIDAD ]] -> 270000 | G34: 6667.1 | H34: =Tabla3[[#This Row],[VALOR UNITARIO]]*Tabla3[[#This Row],[CANTIDAD ]] -> 66671 | R34: =MAX(Tabla3[[#This Row],[VALOR TOTAL]],Tabla3[[#This Row],[VALOR TOTAL ]]) -> 270000 | S34: =MIN(Tabla3[[#This Row],[VALOR TOTAL ]],Tabla3[[#This Row],[VALOR TOTAL]]) -> 66671 | T34: =AVERAGE(Tabla3[[#This Row],[VALOR TOTAL ]:[VALOR TOTAL]]) -> 114446.03
A35: A. 2,12 | B35: Suministro e instalación tubería sanitaria de 4 " incluye accesorios. | C35: ML | D35: 80 | E35: 48000 | F35: =Tabla3[[#This Row],[VALOR UNITARIO ]]*Tabla3[[#This Row],[CANTIDAD ]] -> 3840000 | G35: 36283 | H35: =Tabla3[[#This Row],[VALOR UNITARIO]]*Tabla3[[#This Row],[CANTIDAD ]] -> 2902640 | R35: =MAX(Tabla3[[#This Row],[VALOR TOTAL]],Tabla3[[#This Row],[VALOR TOTAL ]]) -> 3840000 | S35: =MIN(Tabla3[[#This Row],[VALOR TOTAL ]],Tabla3[[#This Row],[VALOR TOTAL]]) -> 2902640 | T35: =AVERAGE(Tabla3[[#This Row],[VALOR TOTAL ]:[VALOR TOTAL]]) -> 2259641
... A37: A. 2,14 | B37: Suministro e instalación pasarela o plaforma metálica en rejilla de acero con 2 pasos en cada extremo cuyas medidas son 80 cm ancho, 160cm de largo y 40 cm de latura, incluye pasamanos | C37: UND | D37: 1 | E37: 1200000 | F37: =Tabla3[[#This Row],[VALOR UNITARIO ]]*Tabla3[[#This Row],[CANTIDAD ]] -> 1200000 | G37: 550000 | H37: =Tabla3[[#This Row],[VALOR UNITARIO]]*Tabla3[[#This Row],[CANTIDAD ]] -> 550000 | R37: =MAX(Tabla3[[#This Row],[VALOR TOTAL]],Tabla3[[#This Row],[VALOR TOTAL ]]) -> 1200000 | S37: =MIN(Tabla3[[#This Row],[VALOR TOTAL ]],Tabla3[[#This Row],[VALOR TOTAL]]) -> 550000 | T37: =AVERAGE(Tabla3[[#This Row],[VALOR TOTAL ]:[VALOR TOTAL]]) -> 766666.67
A38: A. 3 | B38: Impermeabilización cubierta de cuartos técnicos terraza torre A
A39: A. 3,1 | B39: Retiro de manto existente, incluye retiro de escombros | C39: M2 | D39: 191 | E39: 20000 | F39: =Tabla3[[#This Row],[VALOR UNITARIO ]]*Tabla3[[#This Row],[CANTIDAD ]] -> 3820000 | G39: 19500 | H39: =Tabla3[[#This Row],[VALOR UNITARIO]]*Tabla3[[#This Row],[CANTIDAD ]] -> 3724500 | R39: =MAX(Tabla3[[#This Row],[VALOR TOTAL]],Tabla3[[#This Row],[VALOR TOTAL ]]) -> 3820000 | S39: =MIN(Tabla3[[#This Row],[VALOR TOTAL ]],Tabla3[[#This Row],[VALOR TOTAL]]) -> 3724500 | T39: =AVERAGE(Tabla3[[#This Row],[VALOR TOTAL ]:[VALOR TOTAL]]) -> 2521333.3
A40: A. 3,2 | B40: Lavada y destronque de terraza a máquina (para retirar material bituminoso, incluye retiro) | C40: M2 | D40: 191 | E40: 35000 | F40: =Tabla3[[#This Row],[VALOR UNITARIO ]]*Tabla3[[#This Row],[CANTIDAD ]] -> 6685000 | G40: 3731 | H40: =Tabla3[[#This Row],[VALOR UNITARIO]]*Tabla3[[#This Row],[CANTIDAD ]] -> 712621 | R40: =MAX(Tabla3[[#This Row],[VALOR TOTAL]],Tabla3[[#This Row],[VALOR TOTAL ]]) -> 6685000 | S40: =MIN(Tabla3[[#This Row],[VALOR TOTAL ]],Tabla3[[#This Row],[VALOR TOTAL]]) -> 712621 | T40: =AVERAGE(Tabla3[[#This Row],[VALOR TOTAL ]:[VALOR TOTAL]]) -> 2467117.3
A41: A. 3,3 | B41: Suministro e instalación de membrana pvc (incluye perlines de fijación) | C41: M2 | D41: 51 | E41: 280000 | F41: =Tabla3[[#This Row],[VALOR UNITARIO ]]*Tabla3[[#This Row],[CANTIDAD ]] -> 14280000 | G41: 128700 | H41: =Tabla3[[#This Row],[VALOR UNITARIO]]*Tabla3[[#This Row],[CANTIDAD ]] -> 6563700 | R41: =MAX(Tabla3[[#This Row],[VALOR TOTAL]],Tabla3[[#This Row],[VALOR TOTAL ]]) -> 14280000 | S41: =MIN(Tabla3[[#This Row],[VALOR TOTAL ]],Tabla3[[#This Row],[VALOR TOTAL]]) -> 6563700 | T41: =AVERAGE(Tabla3[[#This Row],[VALOR TOTAL ]:[VALOR TOTAL]]) -> 6990800
A42: A. 3,4 | B42: Suministro e instalación de enchape antideslizante | C42: M2 | D42: 140 | E42: 120000 | F42: =Tabla3[[#This Row],[VALOR UNITARIO ]]*Tabla3[[#This Row],[CANTIDAD ]] -> 16800000 | G42: 45981 | H42: =Tabla3[[#This Row],[VALOR UNITARIO]]*Tabla3[[#This Row],[CANTIDAD ]] -> 6437340 | R42: =MAX(Tabla3[[#This Row],[VALOR TOTAL]],Tabla3[[#This Row],[VALOR TOTAL ]]) -> 16800000 | S42: =MIN(Tabla3[[#This Row],[VALOR TOTAL ]],Tabla3[[#This Row],[VALOR TOTAL]]) -> 6437340 | T42: =AVERAGE(Tabla3[[#This Row],[VALOR TOTAL ]:[VALOR TOTAL]]) -> 7761107
A43: A. 3,5 | B43: Suministro y aplicación de mortero 1:3 con aditivo impermeabilizante espesor 5 cm con pendiente y terminacion en cero. | C43: M2 | D43: 140 | E43: 45000 | F43: =Tabla3[[#This Row],[VALOR UNITARIO ]]*Tabla3[[#This Row],[CANTIDAD ]] -> 6300000 | G43: 32500 | H43: =Tabla3[[#This Row],[VALOR UNITARIO]]*Tabla3[[#This Row],[CANTIDAD ]] -> 4550000 | R43: =MAX(Tabla3[[#This Row],[VALOR TOTAL]],Tabla3[[#This Row],[VALOR TOTAL ]]) -> 6300000 | S43: =MIN(Tabla3[[#This Row],[VALOR TOTAL ]],Tabla3[[#This Row],[VALOR TOTAL]]) -> 4550000 | T43: =AVERAGE(Tabla3[[#This Row],[VALOR TOTAL ]:[VALOR TOTAL]]) -> 3627500
A44: A. 4 | B44: Tratamiento de humedades en muros y cielos, incluye resane, estuco y pintura (gimnasio, despachos, cuartos técnicos terraza Torre A)
A45: A. 4,1 | B45: Rasqueteada de pintura y retiro de mortero en mal estado | C45: M2 | D45: 247 | E45: 9000 | F45: =Tabla3[[#This Row],[VALOR UNITARIO ]]*Tabla3[[#This Row],[CANTIDAD ]] -> 2223000 | G45: 5200 | H45: =Tabla3[[#This Row],[VALOR UNITARIO]]*Tabla3[[#This Row],[CANTIDAD ]] -> 1284400 | R45: =MAX(Tabla3[[#This Row],[VALOR TOTAL]],Tabla3[[#This Row],[VALOR TOTAL ]]) -> 2223000 | S45: =MIN(Tabla3[[#This Row],[VALOR TOTAL ]],Tabla3[[#This Row],[VALOR TOTAL]]) -> 1284400 | T45: =AVERAGE(Tabla3[[#This Row],[VALOR TOTAL ]:[VALOR TOTAL]]) -> 1170866.7
A46: A. 4,2 | B46: Suministro e instalación de recubrimiento cementoso (Recubrimiento a base de cemento, arena y aditivos especiales), impermeable para muros color blanco | C46: M2 | D46: 247 | E46: 48000 | F46: =Tabla3[[#This Row],[VALOR UNITARIO ]]*Tabla3[[#This Row],[CANTIDAD ]] -> 11856000 | G46: 45500 | H46: =Tabla3[[#This Row],[VALOR UNITARIO]]*Tabla3[[#This Row],[CANTIDAD ]] -> 11238500 | R46: =MAX(Tabla3[[#This Row],[VALOR TOTAL]],Tabla3[[#This Row],[VALOR TOTAL ]]) -> 11856000 | S46: =MIN(Tabla3[[#This Row],[VALOR TOTAL ]],Tabla3[[#This Row],[VALOR TOTAL]]) -> 11238500 | T46: =AVERAGE(Tabla3[[#This Row],[VALOR TOTAL ]:[VALOR TOTAL]]) -> 7713333.3
A47: A. 4,3 | B47: Suministro y aplicación de estuco plástico | C47: M2 | D47: 247 | E47: 28000 | F47: =Tabla3[[#This Row],[VALOR UNITARIO ]]*Tabla3[[#This Row],[CANTIDAD ]] -> 6916000 | G47: 11700 | H47: =Tabla3[[#This Row],[VALOR UNITARIO]]*Tabla3[[#This Row],[CANTIDAD ]] -> 2889900 | R47: =MAX(Tabla3[[#This Row],[VALOR TOTAL]],Tabla3[[#This Row],[VALOR TOTAL ]]) -> 6916000 | S47: =MIN(Tabla3[[#This Row],[VALOR TOTAL ]],Tabla3[[#This Row],[VALOR TOTAL]]) -> 2889900 | T47: =AVERAGE(Tabla3[[#This Row],[VALOR TOTAL ]:[VALOR TOTAL]]) -> 3272533.3
A48: A. 4,4 | B48: Suministro y aplicación de vinilo tipo 1 (3 manos) | C48: M2 | D48: 353 | E48: 19000 | F48: =Tabla3[[#This Row],[VALOR UNITARIO ]]*Tabla3[[#This Row],[CANTIDAD ]] -> 6707000 | G48: 8710 | H48: =Tabla3[[#This Row],[VALOR UNITARIO]]*Tabla3[[#This Row],[CANTIDAD ]] -> 3074630 | R48: =MAX(Tabla3[[#This Row],[VALOR TOTAL]],Tabla3[[#This Row],[VALOR TOTAL ]]) -> 6707000 | S48: =MIN(Tabla3[[#This Row],[VALOR TOTAL ]],Tabla3[[#This Row],[VALOR TOTAL]]) -> 3074630 | T48: =AVERAGE(Tabla3[[#This Row],[VALOR TOTAL ]:[VALOR TOTAL]]) -> 3263446.7
A49: A. 4,5 | B49: Suministro y aplicación de pintura en esmalte | C49: M2 | D49: 67.162 | E49: 18000 | F49: =Tabla3[[#This Row],[VALOR UNITARIO ]]*Tabla3[[#This Row],[CANTIDAD ]] -> 1208916 | G49: 8710 | H49: =Tabla3[[#This Row],[VALOR UNITARIO]]*Tabla3[[#This Row],[CANTIDAD ]] -> 584981.02 | R49: =MAX(Tabla3[[#This Row],[VALOR TOTAL]],Tabla3[[#This Row],[VALOR TOTAL ]]) -> 1208916 | S49: =MIN(Tabla3[[#This Row],[VALOR TOTAL ]],Tabla3[[#This Row],[VALOR TOTAL]]) -> 584981.02 | T49: =AVERAGE(Tabla3[[#This Row],[VALOR TOTAL ]:[VALOR TOTAL]]) -> 600869.01
A50: A. 4,6 | B50: Suministro y aplicación de pintura cielo vinilo tipo 1 | C50: M2 | D50: 66 | E50: 17000 | F50: =Tabla3[[#This Row],[VALOR UNITARIO ]]*Tabla3[[#This Row],[CANTIDAD ]] -> 1122000 | G50: 8710 | H50: =Tabla3[[#This Row],[VALOR UNITARIO]]*Tabla3[[#This Row],[CANTIDAD ]] -> 574860 | R50: =MAX(Tabla3[[#This Row],[VALOR TOTAL]],Tabla3[[#This Row],[VALOR TOTAL ]]) -> 1122000 | S50: =MIN(Tabla3[[#This Row],[VALOR TOTAL ]],Tabla3[[#This Row],[VALOR TOTAL]]) -> 574860 | T50: =AVERAGE(Tabla3[[#This Row],[VALOR TOTAL ]:[VALOR TOTAL]]) -> 568523.33
A51: A. 4,7 | B51: Rasqueteada de pintura y retiro de mortero en mal estado | C51: ML | D51: 73 | E51: 7500 | F51: =Tabla3[[#This Row],[VALOR UNITARIO ]]*Tabla3[[#This Row],[CANTIDAD ]] -> 547500 | G51: 5200 | H51: =Tabla3[[#This Row],[VALOR UNITARIO]]*Tabla3[[#This Row],[CANTIDAD ]] -> 379600 | R51: =MAX(Tabla3[[#This Row],[VALOR TOTAL]],Tabla3[[#This Row],[VALOR TOTAL ]]) -> 547500 | S51: =MIN(Tabla3[[#This Row],[VALOR TOTAL ]],Tabla3[[#This Row],[VALOR TOTAL]]) -> 379600 | T51: =AVERAGE(Tabla3[[#This Row],[VALOR TOTAL ]:[VALOR TOTAL]]) -> 310766.67
A52: A. 4,8 | B52: Suministro y aplicación de estuco plástico | C52: ML | D52: 121 | E52: 16800 | F52: =Tabla3[[#This Row],[VALOR UNITARIO ]]*Tabla3[[#This Row],[CANTIDAD ]] -> 2032800 | G52: 11700 | H52: =Tabla3[[#This Row],[VALOR UNITARIO]]*Tabla3[[#This Row],[CANTIDAD ]] -> 1415700 | R52: =MAX(Tabla3[[#This Row],[VALOR TOTAL]],Tabla3[[#This Row],[VALOR TOTAL ]]) -> 2032800 | S52: =MIN(Tabla3[[#This Row],[VALOR TOTAL ]],Tabla3[[#This Row],[VALOR TOTAL]]) -> 1415700 | T52: =AVERAGE(Tabla3[[#This Row],[VALOR TOTAL ]:[VALOR TOTAL]]) -> 1153400
A53: A. 4,9 | B53: Suministro y aplicación de vinilo tipo 2 (3 manos) | C53: ML | D53: 121 | E53: 10200 | F53: =Tabla3[[#This Row],[VALOR UNITARIO ]]*Tabla3[[#This Row],[CANTIDAD ]] -> 1234200 | G53: 5200 | H53: =Tabla3[[#This Row],[VALOR UNITARIO]]*Tabla3[[#This Row],[CANTIDAD ]] -> 629200 | R53: =MAX(Tabla3[[#This Row],[VALOR TOTAL]],Tabla3[[#This Row],[VALOR TOTAL ]]) -> 1234200 | S53: =MIN(Tabla3[[#This Row],[VALOR TOTAL ]],Tabla3[[#This Row],[VALOR TOTAL]]) -> 629200 | T53: =AVERAGE(Tabla3[[#This Row],[VALOR TOTAL ]:[VALOR TOTAL]]) -> 622866.67
A54: A. 4,10 | B54: Suministro y aplicación de pintura en esmalte | C54: ML | D54: 73 | E54: 10800 | F54: =Tabla3[[#This Row],[VALOR UNITARIO ]]*Tabla3[[#This Row],[CANTIDAD ]] -> 788400 | G54: 5200 | H54: =Tabla3[[#This Row],[VALOR UNITARIO]]*Tabla3[[#This Row],[CANTIDAD ]] -> 379600 | R54: =MAX(Tabla3[[#This Row],[VALOR TOTAL]],Tabla3[[#This Row],[VALOR TOTAL ]]) -> 788400 | S54: =MIN(Tabla3[[#This Row],[VALOR TOTAL ]],Tabla3[[#This Row],[VALOR TOTAL]]) -> 379600 | T54: =AVERAGE(Tabla3[[#This Row],[VALOR TOTAL ]:[VALOR TOTAL]]) -> 391066.67
A55: A. 5 | B55: Divisiones en panel yeso - Instalaciones Electricas de voz y datos
A56: A. 5,1 | B56: Suministro e instalación muro en perfilería de 90mm en panel yeso de 1/2 , doble cara insonorizado. Altura piso techo | C56: M2 | D56: 158 | E56: 130000 | F56: =Tabla3[[#This Row],[VALOR UNITARIO ]]*Tabla3[[#This Row],[CANTIDAD ]] -> 20540000 | G56: 122971.77 | H56: =Tabla3[[#This Row],[VALOR UNITARIO]]*Tabla3[[#This Row],[CANTIDAD ]] -> 19429540 | R56: =MAX(Tabla3[[#This Row],[VALOR TOTAL]],Tabla3[[#This Row],[VALOR TOTAL ]]) -> 20540000 | S56: =MIN(Tabla3[[#This Row],[VALOR TOTAL ]],Tabla3[[#This Row],[VALOR TOTAL]]) -> 19429540 | T56: =AVERAGE(Tabla3[[#This Row],[VALOR TOTAL ]:[VALOR TOTAL]]) -> 13364171
A57: A. 5,2 | B57: Suministro e instalación de alma en madera de 88mm | C57: ML | D57: 40 | E57: 50000 | F57: =Tabla3[[#This Row],[VALOR UNITARIO ]]*Tabla3[[#This Row],[CANTIDAD ]] -> 2000000 | G57: 111069.57 | H57: =Tabla3[[#This Row],[VALOR UNITARIO]]*Tabla3[[#This Row],[CANTIDAD ]] -> 4442783 | R57: =MAX(Tabla3[[#This Row],[VALOR TOTAL]],Tabla3[[#This Row],[VALOR TOTAL ]]) -> 4442783 | S57: =MIN(Tabla3[[#This Row],[VALOR TOTAL ]],Tabla3[[#This Row],[VALOR TOTAL]]) -> 2000000 | T57: =AVERAGE(Tabla3[[#This Row],[VALOR TOTAL ]:[VALOR TOTAL]]) -> 2184617.5
A58: A. 5,3 | B58: Suminsitro e instalación de cartera en panel yeso de 12 cm incluye filos, con estructura galvanizada base 9 cal.24 encintada, masillada y rematada, con acabado en pintura de vinilo | C58: ML | D58: 40 | E58: 78000 | F58: =Tabla3[[#This Row],[VALOR UNITARIO ]]*Tabla3[[#This Row],[CANTIDAD ]] -> 3120000 | G58: 76011.936 | H58: =Tabla3[[#This Row],[VALOR UNITARIO]]*Tabla3[[#This Row],[CANTIDAD ]] -> 3040477.4 | R58: =MAX(Tabla3[[#This Row],[VALOR TOTAL]],Tabla3[[#This Row],[VALOR TOTAL ]]) -> 3120000 | S58: =MIN(Tabla3[[#This Row],[VALOR TOTAL ]],Tabla3[[#This Row],[VALOR TOTAL]]) -> 3040477.4 | T58: =AVERAGE(Tabla3[[#This Row],[VALOR TOTAL ]:[VALOR TOTAL]]) -> 2078829.8
A59: A. 5,4 | B59: Suministro e instalación de guarda escoba en pvc | C59: ML | D59: 60 | E59: 50000 | F59: =Tabla3[[#This Row],[VALOR UNITARIO ]]*Tabla3[[#This Row],[CANTIDAD ]] -> 3000000 | G59: 17277 | H59: =Tabla3[[#This Row],[VALOR UNITARIO]]*Tabla3[[#This Row],[CANTIDAD ]] -> 1036620 | R59: =MAX(Tabla3[[#This Row],[VALOR TOTAL]],Tabla3[[#This Row],[VALOR TOTAL ]]) -> 3000000 | S59: =MIN(Tabla3[[#This Row],[VALOR TOTAL ]],Tabla3[[#This Row],[VALOR TOTAL]]) -> 1036620 | T59: =AVERAGE(Tabla3[[#This Row],[VALOR TOTAL ]:[VALOR TOTAL]]) -> 1351299
A60: A. 5,5 | B60: Suministro e instalación puerta entamborada (diseño similar a las existentes) cuyas medidas son de 80 cms de ancho x 200 cm alto, incluye marco y chapa, inmunización y pintura en Barniz | C60: UND | D60: 8 | E60: 650000 | F60: =Tabla3[[#This Row],[VALOR UNITARIO ]]*Tabla3[[#This Row],[CANTIDAD ]] -> 5200000 | G60: 802118.24 | H60: =Tabla3[[#This Row],[VALOR UNITARIO]]*Tabla3[[#This Row],[CANTIDAD ]] -> 6416945.9 | R60: =MAX(Tabla3[[#This Row],[VALOR TOTAL]],Tabla3[[#This Row],[VALOR TOTAL ]]) -> 6416945.9 | S60: =MIN(Tabla3[[#This Row],[VALOR TOTAL ]],Tabla3[[#This Row],[VALOR TOTAL]]) -> 5200000 | T60: =AVERAGE(Tabla3[[#This Row],[VALOR TOTAL ]:[VALOR TOTAL]]) -> 4139688.1
A61: A. 5,6 | B61: Suministro e instalación de guarda escoba en ceramica | C61: ML | D61: 1 | E61: 55000 | F61: =Tabla3[[#This Row],[VALOR UNITARIO ]]*Tabla3[[#This Row],[CANTIDAD ]] -> 55000 | G61: 17979 | H61: =Tabla3[[#This Row],[VALOR UNITARIO]]*Tabla3[[#This Row],[CANTIDAD ]] -> 17979 | R61: =MAX(Tabla3[[#This Row],[VALOR TOTAL]],Tabla3[[#This Row],[VALOR TOTAL ]]) -> 55000 | S61: =MIN(Tabla3[[#This Row],[VALOR TOTAL ]],Tabla3[[#This Row],[VALOR TOTAL]]) -> 17979 | T61: =AVERAGE(Tabla3[[#This Row],[VALOR TOTAL ]:[VALOR TOTAL]]) -> 30319.333
A62: A. 5,7 | B62: Suministro e instalación de panel yeso de 1/2 , una cara, encintada, masillada y rematada, con acabado en pintura de vinilo | C62: M2 | D62: 16 | E62: 80000 | F62: =Tabla3[[#This Row],[VALOR UNITARIO ]]*Tabla3[[#This Row],[CANTIDAD ]] -> 1280000 | G62: 47528 | H62: =Tabla3[[#This Row],[VALOR UNITARIO]]*Tabla3[[#This Row],[CANTIDAD ]] -> 760448 | R62: =MAX(Tabla3[[#This Row],[VALOR TOTAL]],Tabla3[[#This Row],[VALOR TOTAL ]]) -> 1280000 | S62: =MIN(Tabla3[[#This Row],[VALOR TOTAL ]],Tabla3[[#This Row],[VALOR TOTAL]]) -> 760448 | T62: =AVERAGE(Tabla3[[#This Row],[VALOR TOTAL ]:[VALOR TOTAL]]) -> 695992
A63: A. 5,8 | B63: Suministro e instalación Canaleta 100 mm x 45 mm Plástica con división. Blanco PVC auto extinguible y Resistente a impactos hasta de 1 kg, Humedad, Aceites y Químicos., con sus respectivos elementos de Certificado_RETIE_ | C63: ML | D63: 139 | E63: 75000 | F63: =Tabla3[[#This Row],[VALOR UNITARIO ]]*Tabla3[[#This Row],[CANTIDAD ]] -> 10425000 | G63: 31265 | H63: =Tabla3[[#This Row],[VALOR UNITARIO]]*Tabla3[[#This Row],[CANTIDAD ]] -> 4345835 | R63: =MAX(Tabla3[[#This Row],[VALOR TOTAL]],Tabla3[[#This Row],[VALOR TOTAL ]]) -> 10425000 | S63: =MIN(Tabla3[[#This Row],[VALOR TOTAL ]],Tabla3[[#This Row],[VALOR TOTAL]]) -> 4345835 | T63: =AVERAGE(Tabla3[[#This Row],[VALOR TOTAL ]:[VALOR TOTAL]]) -> 4934033.3
A64: A. 5,9 | B64: Suministro e instalación troquel para toma regulada, toma normal y toma de datos, incluye accesorios para su correcta instalación | C64: UND | D64: 105 | E64: 38000 | F64: =Tabla3[[#This Row],[VALOR UNITARIO ]]*Tabla3[[#This Row],[CANTIDAD ]] -> 3990000 | G64: 16263 | H64: =Tabla3[[#This Row],[VALOR UNITARIO]]*Tabla3[[#This Row],[CANTIDAD ]] -> 1707615 | R64: =MAX(Tabla3[[#This Row],[VALOR TOTAL]],Tabla3[[#This Row],[VALOR TOTAL ]]) -> 3990000 | S64: =MIN(Tabla3[[#This Row],[VALOR TOTAL ]],Tabla3[[#This Row],[VALOR TOTAL]]) -> 1707615 | T64: =AVERAGE(Tabla3[[#This Row],[VALOR TOTAL ]:[VALOR TOTAL]]) -> 1904626
A65: A. 5,10 | B65: Suministro e instalación de cable UTP Categoría 6A libre de halógeno LSZH | C65: ML | D65: 990 | E65: 10550 | F65: =Tabla3[[#This Row],[VALOR UNITARIO ]]*Tabla3[[#This Row],[CANTIDAD ]] -> 10444500 | G65: 4732 | H65: =Tabla3[[#This Row],[VALOR UNITARIO]]*Tabla3[[#This Row],[CANTIDAD ]] -> 4684680 | R65: =MAX(Tabla3[[#This Row],[VALOR TOTAL]],Tabla3[[#This Row],[VALOR TOTAL ]]) -> 10444500 | S65: =MIN(Tabla3[[#This Row],[VALOR TOTAL ]],Tabla3[[#This Row],[VALOR TOTAL]]) -> 4684680 | T65: =AVERAGE(Tabla3[[#This Row],[VALOR TOTAL ]:[VALOR TOTAL]]) -> 5044637.3
A66: A. 5,11 | B66: Suministro e instalación de toma hembra tipo jack rj 45 cat 6ª, utp, para puesto de trabajo o herraje. (incluye jacks rj45 cat. 6a amp, ponchada, maquillado y accesorios necesarios para su instalación) | C66: UND | D66: 35 | E66: 72000 | F66: =Tabla3[[#This Row],[VALOR UNITARIO ]]*Tabla3[[#This Row],[CANTIDAD ]] -> 2520000 | G66: 112086 | H66: =Tabla3[[#This Row],[VALOR UNITARIO]]*Tabla3[[#This Row],[CANTIDAD ]] -> 3923010 | R66: =MAX(Tabla3[[#This Row],[VALOR TOTAL]],Tabla3[[#This Row],[VALOR TOTAL ]]) -> 3923010 | S66: =MIN(Tabla3[[#This Row],[VALOR TOTAL ]],Tabla3[[#This Row],[VALOR TOTAL]]) -> 2520000 | T66: =AVERAGE(Tabla3[[#This Row],[VALOR TOTAL ]:[VALOR TOTAL]]) -> 2185032
A67: A. 5,12 | B67: Suministro e instalación de faceplate de 1 salida (SOLO DATOS) | C67: UND | D67: 35 | E67: 20000 | F67: =Tabla3[[#This Row],[VALOR UNITARIO ]]*Tabla3[[#This Row],[CANTIDAD ]] -> 700000 | G67: 33267 | H67: =Tabla3[[#This Row],[VALOR UNITARIO]]*Tabla3[[#This Row],[CANTIDAD ]] -> 1164345 | R67: =MAX(Tabla3[[#This Row],[VALOR TOTAL]],Tabla3[[#This Row],[VALOR TOTAL ]]) -> 1164345 | S67: =MIN(Tabla3[[#This Row],[VALOR TOTAL ]],Tabla3[[#This Row],[VALOR TOTAL]]) -> 700000 | T67: =AVERAGE(Tabla3[[#This Row],[VALOR TOTAL ]:[VALOR TOTAL]]) -> 632537.33
... A70: A. 5,15 | B70: Suministro e instalación de interruptor sencillo incluye caja de sobreponer y salida de iluminación | C70: UND | D70: 5 | E70: 95000 | F70: =Tabla3[[#This Row],[VALOR UNITARIO ]]*Tabla3[[#This Row],[CANTIDAD ]] -> 475000 | G70: 22000 | H70: =Tabla3[[#This Row],[VALOR UNITARIO]]*Tabla3[[#This Row],[CANTIDAD ]] -> 110000 | R70: =MAX(Tabla3[[#This Row],[VALOR TOTAL]],Tabla3[[#This Row],[VALOR TOTAL ]]) -> 475000 | S70: =MIN(Tabla3[[#This Row],[VALOR TOTAL ]],Tabla3[[#This Row],[VALOR TOTAL]]) -> 110000 | T70: =AVERAGE(Tabla3[[#This Row],[VALOR TOTAL ]:[VALOR TOTAL]]) -> 202333.33
A71: A. 5,16 | B71: Suministro e instalación de Lámpara panel led de sobreponer 24w 100 -240 - 1680Lm de 6,500 K - horas mínimas de vida útil 25,000 | C71: UND | D71: 20 | E71: 115000 | F71: =Tabla3[[#This Row],[VALOR UNITARIO ]]*Tabla3[[#This Row],[CANTIDAD ]] -> 2300000 | G71: =62150*1.3 -> 80795 | H71: =Tabla3[[#This Row],[VALOR UNITARIO]]*Tabla3[[#This Row],[CANTIDAD ]] -> 1615900 | R71: =MAX(Tabla3[[#This Row],[VALOR TOTAL]],Tabla3[[#This Row],[VALOR TOTAL ]]) -> 2300000 | S71: =MIN(Tabla3[[#This Row],[VALOR TOTAL ]],Tabla3[[#This Row],[VALOR TOTAL]]) -> 1615900 | T71: =AVERAGE(Tabla3[[#This Row],[VALOR TOTAL ]:[VALOR TOTAL]]) -> 1332231.7
A72: A. 5,17 | B72: Suministro e instalación de cable trenzado 3#12 AWG para circuito normal o regulado | C72: ML | D72: 20 | E72: 17000 | F72: =Tabla3[[#This Row],[VALOR UNITARIO ]]*Tabla3[[#This Row],[CANTIDAD ]] -> 340000 | G72: 8736 | H72: =Tabla3[[#This Row],[VALOR UNITARIO]]*Tabla3[[#This Row],[CANTIDAD ]] -> 174720 | R72: =MAX(Tabla3[[#This Row],[VALOR TOTAL]],Tabla3[[#This Row],[VALOR TOTAL ]]) -> 340000 | S72: =MIN(Tabla3[[#This Row],[VALOR TOTAL ]],Tabla3[[#This Row],[VALOR TOTAL]]) -> 174720 | T72: =AVERAGE(Tabla3[[#This Row],[VALOR TOTAL ]:[VALOR TOTAL]]) -> 174485.33
A73: A. 5,18 | B73: Suministro e instalacion de patch cord 1.5mts CAT 6A | C73: UND | D73: 35 | E73: 38000 | F73: =Tabla3[[#This Row],[VALOR UNITARIO ]]*Tabla3[[#This Row],[CANTIDAD ]] -> 1330000 | G73: 12948 | H73: =Tabla3[[#This Row],[VALOR UNITARIO]]*Tabla3[[#This Row],[CANTIDAD ]] -> 453180 | R73: =MAX(Tabla3[[#This Row],[VALOR TOTAL]],Tabla3[[#This Row],[VALOR TOTAL ]]) -> 1330000 | S73: =MIN(Tabla3[[#This Row],[VALOR TOTAL ]],Tabla3[[#This Row],[VALOR TOTAL]]) -> 453180 | T73: =AVERAGE(Tabla3[[#This Row],[VALOR TOTAL ]:[VALOR TOTAL]]) -> 598709.33
A74: A. 5,19 | B74: Suministro e instalacion de patch cord 3mts CAT 6A | C74: UND | D74: 5 | E74: 48000 | F74: =Tabla3[[#This Row],[VALOR UNITARIO ]]*Tabla3[[#This Row],[CANTIDAD ]] -> 240000 | G74: 16848 | H74: =Tabla3[[#This Row],[VALOR UNITARIO]]*Tabla3[[#This Row],[CANTIDAD ]] -> 84240 | R74: =MAX(Tabla3[[#This Row],[VALOR TOTAL]],Tabla3[[#This Row],[VALOR TOTAL ]]) -> 240000 | S74: =MIN(Tabla3[[#This Row],[VALOR TOTAL ]],Tabla3[[#This Row],[VALOR TOTAL]]) -> 84240 | T74: =AVERAGE(Tabla3[[#This Row],[VALOR TOTAL ]:[VALOR TOTAL]]) -> 113696
A75: A. 5,20 | B75: Suministro, instalación y configuración de Switch 24 puertos 10Base-T/100Base-T/1000Base-T | C75: UND | D75: 1 | E75: 3500000 | F75: =Tabla3[[#This Row],[VALOR UNITARIO ]]*Tabla3[[#This Row],[CANTIDAD ]] -> 3500000 | G75: 2570000 | H75: =Tabla3[[#This Row],[VALOR UNITARIO]]*Tabla3[[#This Row],[CANTIDAD ]] -> 2570000 | R75: =MAX(Tabla3[[#This Row],[VALOR TOTAL]],Tabla3[[#This Row],[VALOR TOTAL ]]) -> 3500000 | S75: =MIN(Tabla3[[#This Row],[VALOR TOTAL ]],Tabla3[[#This Row],[VALOR TOTAL]]) -> 2570000 | T75: =AVERAGE(Tabla3[[#This Row],[VALOR TOTAL ]:[VALOR TOTAL]]) -> 2880000
A76: A. 5,21 | B76: Suministro e instalación de patch panel de 24 puertos cat. 6a (incluye elementos de fijación) | C76: UND | D76: 1 | E76: 450000 | F76: =Tabla3[[#This Row],[VALOR UNITARIO ]]*Tabla3[[#This Row],[CANTIDAD ]] -> 450000 | G76: =173460*1.3 -> 225498 | H76: =Tabla3[[#This Row],[VALOR UNITARIO]]*Tabla3[[#This Row],[CANTIDAD ]] -> 225498 | R76: =MAX(Tabla3[[#This Row],[VALOR TOTAL]],Tabla3[[#This Row],[VALOR TOTAL ]]) -> 450000 | S76: =MIN(Tabla3[[#This Row],[VALOR TOTAL ]],Tabla3[[#This Row],[VALOR TOTAL]]) -> 225498 | T76: =AVERAGE(Tabla3[[#This Row],[VALOR TOTAL ]:[VALOR TOTAL]]) -> 300332
A77: A. 5,22 | B77: Apertura de vano en muro de panel yeso, incluye retiro de material | C77: M2 | D77: 5 | E77: 55000 | F77: =Tabla3[[#This Row],[VALOR UNITARIO ]]*Tabla3[[#This Row],[CANTIDAD ]] -> 275000 | G77: 9000 | H77: =Tabla3[[#This Row],[VALOR UNITARIO]]*Tabla3[[#This Row],[CANTIDAD ]] -> 45000 | R77: =MAX(Tabla3[[#This Row],[VALOR TOTAL]],Tabla3[[#This Row],[VALOR TOTAL ]]) -> 275000 | S77: =MIN(Tabla3[[#This Row],[VALOR TOTAL ]],Tabla3[[#This Row],[VALOR TOTAL]]) -> 45000 | T77: =AVERAGE(Tabla3[[#This Row],[VALOR TOTAL ]:[VALOR TOTAL]]) -> 109666.67
A78: A. 5,23 | B78: Suministro e instalacion de tubería SCH 40 1" | C78: ML | D78: 15 | E78: 15700 | F78: =Tabla3[[#This Row],[VALOR UNITARIO ]]*Tabla3[[#This Row],[CANTIDAD ]] -> 235500 | G78: 25285 | H78: =Tabla3[[#This Row],[VALOR UNITARIO]]*Tabla3[[#This Row],[CANTIDAD ]] -> 379275 | R78: =MAX(Tabla3[[#This Row],[VALOR TOTAL]],Tabla3[[#This Row],[VALOR TOTAL ]]) -> 379275 | S78: =MIN(Tabla3[[#This Row],[VALOR TOTAL ]],Tabla3[[#This Row],[VALOR TOTAL]]) -> 235500 | T78: =AVERAGE(Tabla3[[#This Row],[VALOR TOTAL ]:[VALOR TOTAL]]) -> 213353.33
A79: A. 5,24 | B79: Suministro e instalacion de tubería SCH 40 1 1/2" | C79: ML | D79: 15 | E79: 37500 | F79: =Tabla3[[#This Row],[VALOR UNITARIO ]]*Tabla3[[#This Row],[CANTIDAD ]] -> 562500 | G79: 37362 | H79: =Tabla3[[#This Row],[VALOR UNITARIO]]*Tabla3[[#This Row],[CANTIDAD ]] -> 560430 | R79: =MAX(Tabla3[[#This Row],[VALOR TOTAL]],Tabla3[[#This Row],[VALOR TOTAL ]]) -> 562500 | S79: =MIN(Tabla3[[#This Row],[VALOR TOTAL ]],Tabla3[[#This Row],[VALOR TOTAL]]) -> 560430 | T79: =AVERAGE(Tabla3[[#This Row],[VALOR TOTAL ]:[VALOR TOTAL]]) -> 386764
A80: A. 5,25 | B80: Suministro e instalación de vidrio templado incoloro de 8mm con perforaciones para dilatadores, (ver imagen1) | C80: UND | D80: 4 | E80: 1900000 | F80: =Tabla3[[#This Row],[VALOR UNITARIO ]]*Tabla3[[#This Row],[CANTIDAD ]] -> 7600000 | G80: 138660 | H80: =Tabla3[[#This Row],[VALOR UNITARIO]]*Tabla3[[#This Row],[CANTIDAD ]] -> 554640 | R80: =MAX(Tabla3[[#This Row],[VALOR TOTAL]],Tabla3[[#This Row],[VALOR TOTAL ]]) -> 7600000 | S80: =MIN(Tabla3[[#This Row],[VALOR TOTAL ]],Tabla3[[#This Row],[VALOR TOTAL]]) -> 554640 | T80: =AVERAGE(Tabla3[[#This Row],[VALOR TOTAL ]:[VALOR TOTAL]]) -> 2764433.3
A81: A. 5,26 | B81: Suministro e instalación mesón o cubierta en aglomerado RH de 30mm, ancho de 50cm, incluye soportes de fijación (color miel hacer aprobar) | C81: ML | D81: 10 | E81: 290000 | F81: =Tabla3[[#This Row],[VALOR UNITARIO ]]*Tabla3[[#This Row],[CANTIDAD ]] -> 2900000 | G81: 700000 | H81: =Tabla3[[#This Row],[VALOR UNITARIO]]*Tabla3[[#This Row],[CANTIDAD ]] -> 7000000 | R81: =MAX(Tabla3[[#This Row],[VALOR TOTAL]],Tabla3[[#This Row],[VALOR TOTAL ]]) -> 7000000 | S81: =MIN(Tabla3[[#This Row],[VALOR TOTAL ]],Tabla3[[#This Row],[VALOR TOTAL]]) -> 2900000 | T81: =AVERAGE(Tabla3[[#This Row],[VALOR TOTAL ]:[VALOR TOTAL]]) -> 3533333.3
A82: A. 6 | B82: Muro de Contención antiderrame
A83: A. 6,1 | B83: Demolición muro existente | C83: M3 | D83: 3 | E83: 180000 | F83: =Tabla3[[#This Row],[VALOR UNITARIO ]]*Tabla3[[#This Row],[CANTIDAD ]] -> 540000 | G83: 274603.33 | H83: =Tabla3[[#This Row],[VALOR UNITARIO]]*Tabla3[[#This Row],[CANTIDAD ]] -> 823810 | R83: =MAX(Tabla3[[#This Row],[VALOR TOTAL]],Tabla3[[#This Row],[VALOR TOTAL ]]) -> 823810 | S83: =MIN(Tabla3[[#This Row],[VALOR TOTAL ]],Tabla3[[#This Row],[VALOR TOTAL]]) -> 540000 | T83: =AVERAGE(Tabla3[[#This Row],[VALOR TOTAL ]:[VALOR TOTAL]]) -> 546137.78
A84: A. 6,2 | B84: Fabricación muro en ladrillo estructural - altura 70 cm incluye viga, dovelas, grouting, ladrillo estrcutural 14x19x39 cm, mortero | C84: M2 | D84: 17 | E84: 320000 | F84: =Tabla3[[#This Row],[VALOR UNITARIO ]]*Tabla3[[#This Row],[CANTIDAD ]] -> 5440000 | G84: =63360*1.3 -> 82368 | H84: =Tabla3[[#This Row],[VALOR UNITARIO]]*Tabla3[[#This Row],[CANTIDAD ]] -> 1400256 | R84: =MAX(Tabla3[[#This Row],[VALOR TOTAL]],Tabla3[[#This Row],[VALOR TOTAL ]]) -> 5440000 | S84: =MIN(Tabla3[[#This Row],[VALOR TOTAL ]],Tabla3[[#This Row],[VALOR TOTAL]]) -> 1400256 | T84: =AVERAGE(Tabla3[[#This Row],[VALOR TOTAL ]:[VALOR TOTAL]]) -> 2307541.3
A85: A. 6,3 | B85: Suministro y fabricación guardaescoba en concreto en media caña 10 cm | C85: ML | D85: 33 | E85: 45000 | F85: =Tabla3[[#This Row],[VALOR UNITARIO ]]*Tabla3[[#This Row],[CANTIDAD ]] -> 1485000 | G85: 29133 | H85: =Tabla3[[#This Row],[VALOR UNITARIO]]*Tabla3[[#This Row],[CANTIDAD ]] -> 961389 | R85: =MAX(Tabla3[[#This Row],[VALOR TOTAL]],Tabla3[[#This Row],[VALOR TOTAL ]]) -> 1485000 | S85: =MIN(Tabla3[[#This Row],[VALOR TOTAL ]],Tabla3[[#This Row],[VALOR TOTAL]]) -> 961389 | T85: =AVERAGE(Tabla3[[#This Row],[VALOR TOTAL ]:[VALOR TOTAL]]) -> 825174
A86: A. 6,4 | B86: Suministro y aplicación de mortero 1:3 esmaltado | C86: M2 | D86: 24 | E86: 42000 | F86: =Tabla3[[#This Row],[VALOR UNITARIO ]]*Tabla3[[#This Row],[CANTIDAD ]] -> 1008000 | G86: 32500 | H86: =Tabla3[[#This Row],[VALOR UNITARIO]]*Tabla3[[#This Row],[CANTIDAD ]] -> 780000 | R86: =MAX(Tabla3[[#This Row],[VALOR TOTAL]],Tabla3[[#This Row],[VALOR TOTAL ]]) -> 1008000 | S86: =MIN(Tabla3[[#This Row],[VALOR TOTAL ]],Tabla3[[#This Row],[VALOR TOTAL]]) -> 780000 | T86: =AVERAGE(Tabla3[[#This Row],[VALOR TOTAL ]:[VALOR TOTAL]]) -> 606833.33
A87: A. 6,5 | B87: Corte de concreto con pulidora y/o cortadora | C87: ML | D87: 3 | E87: 30000 | F87: =Tabla3[[#This Row],[VALOR UNITARIO ]]*Tabla3[[#This Row],[CANTIDAD ]] -> 90000 | G87: 16117.178 | H87: =Tabla3[[#This Row],[VALOR UNITARIO]]*Tabla3[[#This Row],[CANTIDAD ]] -> 48351.534 | R87: =MAX(Tabla3[[#This Row],[VALOR TOTAL]],Tabla3[[#This Row],[VALOR TOTAL ]]) -> 90000 | S87: =MIN(Tabla3[[#This Row],[VALOR TOTAL ]],Tabla3[[#This Row],[VALOR TOTAL]]) -> 48351.534 | T87: =AVERAGE(Tabla3[[#This Row],[VALOR TOTAL ]:[VALOR TOTAL]]) -> 51489.571
A88: A. 6,6 | B88: excavación tierra a mano 30 cm | C88: M3 | D88: 1 | E88: 120000 | F88: =Tabla3[[#This Row],[VALOR UNITARIO ]]*Tabla3[[#This Row],[CANTIDAD ]] -> 120000 | G88: 50000 | H88: =Tabla3[[#This Row],[VALOR UNITARIO]]*Tabla3[[#This Row],[CANTIDAD ]] -> 50000 | R88: =MAX(Tabla3[[#This Row],[VALOR TOTAL]],Tabla3[[#This Row],[VALOR TOTAL ]]) -> 120000 | S88: =MIN(Tabla3[[#This Row],[VALOR TOTAL ]],Tabla3[[#This Row],[VALOR TOTAL]]) -> 50000 | T88: =AVERAGE(Tabla3[[#This Row],[VALOR TOTAL ]:[VALOR TOTAL]]) -> 73333.333
A89: A. 6,7 | B89: Suministro e instalación tuberia sanitaria PVC 4" con sus respectivos accesorios | C89: ML | D89: 3 | E89: 45000 | F89: =Tabla3[[#This Row],[VALOR UNITARIO ]]*Tabla3[[#This Row],[CANTIDAD ]] -> 135000 | G89: 75897.668 | H89: =Tabla3[[#This Row],[VALOR UNITARIO]]*Tabla3[[#This Row],[CANTIDAD ]] -> 227693 | R89: =MAX(Tabla3[[#This Row],[VALOR TOTAL]],Tabla3[[#This Row],[VALOR TOTAL ]]) -> 227693 | S89: =MIN(Tabla3[[#This Row],[VALOR TOTAL ]],Tabla3[[#This Row],[VALOR TOTAL]]) -> 135000 | T89: =AVERAGE(Tabla3[[#This Row],[VALOR TOTAL ]:[VALOR TOTAL]]) -> 146196.89
A90: A. 6,8 | B90: Suministro e instalación muro en perfilería de 90mm en placa de RF espesor 12,7 mm , una cara, incluye estructura | C90: M2 | D90: 20 | E90: 130000 | F90: =Tabla3[[#This Row],[VALOR UNITARIO ]]*Tabla3[[#This Row],[CANTIDAD ]] -> 2600000 | G90: 180000 | H90: =Tabla3[[#This Row],[VALOR UNITARIO]]*Tabla3[[#This Row],[CANTIDAD ]] -> 3600000 | R90: =MAX(Tabla3[[#This Row],[VALOR TOTAL]],Tabla3[[#This Row],[VALOR TOTAL ]]) -> 3600000 | S90: =MIN(Tabla3[[#This Row],[VALOR TOTAL ]],Tabla3[[#This Row],[VALOR TOTAL]]) -> 2600000 | T90: =AVERAGE(Tabla3[[#This Row],[VALOR TOTAL ]:[VALOR TOTAL]]) -> 2126666.7
A91: A. 6,9 | B91: Retiro escombros en Volqueta, a centro de acopio certificado | C91: M3 | D91: 2 | E91: 100000 | F91: =Tabla3[[#This Row],[VALOR UNITARIO ]]*Tabla3[[#This Row],[CANTIDAD ]] -> 200000 | G91: 81356 | H91: =Tabla3[[#This Row],[VALOR UNITARIO]]*Tabla3[[#This Row],[CANTIDAD ]] -> 162712 | R91: =MAX(Tabla3[[#This Row],[VALOR TOTAL]],Tabla3[[#This Row],[VALOR TOTAL ]]) -> 200000 | S91: =MIN(Tabla3[[#This Row],[VALOR TOTAL ]],Tabla3[[#This Row],[VALOR TOTAL]]) -> 162712 | T91: =AVERAGE(Tabla3[[#This Row],[VALOR TOTAL ]:[VALOR TOTAL]]) -> 148022.67
A92: A. 7 | B92: Sellamiento de fisuras piso y muros | H92: =Tabla3[[#This Row],[VALOR UNITARIO]]*Tabla3[[#This Row],[CANTIDAD ]] -> 0
A93: A. 7,1 | B93: Corte de concreto con pulidora y/o cortadora | C93: ML | D93: 220 | E93: 15000 | F93: =Tabla3[[#This Row],[VALOR UNITARIO ]]*Tabla3[[#This Row],[CANTIDAD ]] -> 3300000 | G93: 16117.178 | H93: =Tabla3[[#This Row],[VALOR UNITARIO]]*Tabla3[[#This Row],[CANTIDAD ]] -> 3545779.2 | R93: =MAX(Tabla3[[#This Row],[VALOR TOTAL]],Tabla3[[#This Row],[VALOR TOTAL ]]) -> 3545779.2 | S93: =MIN(Tabla3[[#This Row],[VALOR TOTAL ]],Tabla3[[#This Row],[VALOR TOTAL]]) -> 3300000 | T93: =AVERAGE(Tabla3[[#This Row],[VALOR TOTAL ]:[VALOR TOTAL]]) -> 2287298.8
A94: A. 7,2 | B94: suministro y aplicación de adhesivo y sellador de juntas elastico para interior y exterior | C94: ML | D94: 120 | E94: 40000 | F94: =Tabla3[[#This Row],[VALOR UNITARIO ]]*Tabla3[[#This Row],[CANTIDAD ]] -> 4800000 | G94: =1.3*24010 -> 31213 | H94: =Tabla3[[#This Row],[VALOR UNITARIO]]*Tabla3[[#This Row],[CANTIDAD ]] -> 3745560 | R94: =MAX(Tabla3[[#This Row],[VALOR TOTAL]],Tabla3[[#This Row],[VALOR TOTAL ]]) -> 4800000 | S94: =MIN(Tabla3[[#This Row],[VALOR TOTAL ]],Tabla3[[#This Row],[VALOR TOTAL]]) -> 3745560 | T94: =AVERAGE(Tabla3[[#This Row],[VALOR TOTAL ]:[VALOR TOTAL]]) -> 2858924.3
A95: A. 7,3 | B95: Suministro e instalación de perlfil o dilatación aluminio para piso | C95: ML | D95: 100 | E95: 25000 | F95: =Tabla3[[#This Row],[VALOR UNITARIO ]]*Tabla3[[#This Row],[CANTIDAD ]] -> 2500000 | G95: 0 | H95: =Tabla3[[#This Row],[VALOR UNITARIO]]*Tabla3[[#This Row],[CANTIDAD ]] -> 0 | R95: =MAX(Tabla3[[#This Row],[VALOR TOTAL]],Tabla3[[#This Row],[VALOR TOTAL ]]) -> 2500000 | S95: =MIN(Tabla3[[#This Row],[VALOR TOTAL ]],Tabla3[[#This Row],[VALOR TOTAL]]) -> 0 | T95: =AVERAGE(Tabla3[[#This Row],[VALOR TOTAL ]:[VALOR TOTAL]]) -> 833333.33
A96: A. 7,4 | B96: Suministro e instalación de dilatacion Z plastica (junta de expansión drywall) | C96: ML | D96: 100 | E96: 9000 | F96: =Tabla3[[#This Row],[VALOR UNITARIO ]]*Tabla3[[#This Row],[CANTIDAD ]] -> 900000 | G96: =1.3*6130 -> 7969 | H96: =Tabla3[[#This Row],[VALOR UNITARIO]]*Tabla3[[#This Row],[CANTIDAD ]] -> 796900 | R96: =MAX(Tabla3[[#This Row],[VALOR TOTAL]],Tabla3[[#This Row],[VALOR TOTAL ]]) -> 900000 | S96: =MIN(Tabla3[[#This Row],[VALOR TOTAL ]],Tabla3[[#This Row],[VALOR TOTAL]]) -> 796900 | T96: =AVERAGE(Tabla3[[#This Row],[VALOR TOTAL ]:[VALOR TOTAL]]) -> 568289.67
A97: A. 8 | B97: Reparación de fachada flotante calle 10
A98: A. 8,1 | B98: Desmonte de láminas metálicas en mal estado | C98: ML | D98: 170 | E98: 45000 | F98: =Tabla3[[#This Row],[VALOR UNITARIO ]]*Tabla3[[#This Row],[CANTIDAD ]] -> 7650000 | G98: =1.3*0.5*8480 -> 5512 | H98: =Tabla3[[#This Row],[VALOR UNITARIO]]*Tabla3[[#This Row],[CANTIDAD ]] -> 937040 | R98: =MAX(Tabla3[[#This Row],[VALOR TOTAL]],Tabla3[[#This Row],[VALOR TOTAL ]]) -> 7650000 | S98: =MIN(Tabla3[[#This Row],[VALOR TOTAL ]],Tabla3[[#This Row],[VALOR TOTAL]]) -> 937040 | T98: =AVERAGE(Tabla3[[#This Row],[VALOR TOTAL ]:[VALOR TOTAL]]) -> 2864184
A99: A. 8,2 | B99: Desmonte de estructura metálica en mal estado | C99: ML | D99: 97 | E99: 20000 | F99: =Tabla3[[#This Row],[VALOR UNITARIO ]]*Tabla3[[#This Row],[CANTIDAD ]] -> 1940000 | G99: 5500 | H99: =Tabla3[[#This Row],[VALOR UNITARIO]]*Tabla3[[#This Row],[CANTIDAD ]] -> 533500 | R99: =MAX(Tabla3[[#This Row],[VALOR TOTAL]],Tabla3[[#This Row],[VALOR TOTAL ]]) -> 1940000 | S99: =MIN(Tabla3[[#This Row],[VALOR TOTAL ]],Tabla3[[#This Row],[VALOR TOTAL]]) -> 533500 | T99: =AVERAGE(Tabla3[[#This Row],[VALOR TOTAL ]:[VALOR TOTAL]]) -> 826333.33
A100: A. 8,3 | B100: Suministro e instalación de lámina metálica perforada redonda 5mm calibre 3mm | C100: M2 | D100: 50 | E100: 280000 | F100: =Tabla3[[#This Row],[VALOR UNITARIO ]]*Tabla3[[#This Row],[CANTIDAD ]] -> 14000000 | G100: 700000 | H100: =Tabla3[[#This Row],[VALOR UNITARIO]]*Tabla3[[#This Row],[CANTIDAD ]] -> 35000000 | R100: =MAX(Tabla3[[#This Row],[VALOR TOTAL]],Tabla3[[#This Row],[VALOR TOTAL ]]) -> 35000000 | S100: =MIN(Tabla3[[#This Row],[VALOR TOTAL ]],Tabla3[[#This Row],[VALOR TOTAL]]) -> 14000000 | T100: =AVERAGE(Tabla3[[#This Row],[VALOR TOTAL ]:[VALOR TOTAL]]) -> 16566667
A101: A. 8,4 | B101: Suministro e instalación de estructura o perfíles metálicos 50mm x 50mm x 3mm | C101: ML | D101: 112 | E101: 112000 | F101: =Tabla3[[#This Row],[VALOR UNITARIO ]]*Tabla3[[#This Row],[CANTIDAD ]] -> 12544000 | G101: 50000 | H101: =Tabla3[[#This Row],[VALOR UNITARIO]]*Tabla3[[#This Row],[CANTIDAD ]] -> 5600000 | R101: =MAX(Tabla3[[#This Row],[VALOR TOTAL]],Tabla3[[#This Row],[VALOR TOTAL ]]) -> 12544000 | S101: =MIN(Tabla3[[#This Row],[VALOR TOTAL ]],Tabla3[[#This Row],[VALOR TOTAL]]) -> 5600000 | T101: =AVERAGE(Tabla3[[#This Row],[VALOR TOTAL ]:[VALOR TOTAL]]) -> 6064666.7
A102: A. 9 | B102: Impermeabilización piso de cuarto de residuos sólidos | H102: =Tabla3[[#This Row],[VALOR UNITARIO]]*Tabla3[[#This Row],[CANTIDAD ]] -> 0
A103: A. 9,1 | B103: Retiro de pintura epoxica existente con cloruro de metileno | C103: M2 | D103: 41 | E103: 25000 | F103: =Tabla3[[#This Row],[VALOR UNITARIO ]]*Tabla3[[#This Row],[CANTIDAD ]] -> 1025000 | G103: 0 | H103: =Tabla3[[#This Row],[VALOR UNITARIO]]*Tabla3[[#This Row],[CANTIDAD ]] -> 0 | R103: =MAX(Tabla3[[#This Row],[VALOR TOTAL]],Tabla3[[#This Row],[VALOR TOTAL ]]) -> 1025000 | S103: =MIN(Tabla3[[#This Row],[VALOR TOTAL ]],Tabla3[[#This Row],[VALOR TOTAL]]) -> 0 | T103: =AVERAGE(Tabla3[[#This Row],[VALOR TOTAL ]:[VALOR TOTAL]]) -> 341666.67
A104: A. 9,2 | B104: lavada y destronque a máquina (para retirar material existente y preparación de superficie) | C104: M2 | D104: 41 | E104: 35000 | F104: =Tabla3[[#This Row],[VALOR UNITARIO ]]*Tabla3[[#This Row],[CANTIDAD ]] -> 1435000 | G104: 3731 | H104: =Tabla3[[#This Row],[VALOR UNITARIO]]*Tabla3[[#This Row],[CANTIDAD ]] -> 152971 | R104: =MAX(Tabla3[[#This Row],[VALOR TOTAL]],Tabla3[[#This Row],[VALOR TOTAL ]]) -> 1435000 | S104: =MIN(Tabla3[[#This Row],[VALOR TOTAL ]],Tabla3[[#This Row],[VALOR TOTAL]]) -> 152971 | T104: =AVERAGE(Tabla3[[#This Row],[VALOR TOTAL ]:[VALOR TOTAL]]) -> 530567.33
A105: A. 9,3 | B105: Suministro y aplicación de pintura epoxica para piso con acabado en barniz (2 capas de pintura epoxica) | C105: M2 | D105: 41 | E105: 65000 | F105: =Tabla3[[#This Row],[VALOR UNITARIO ]]*Tabla3[[#This Row],[CANTIDAD ]] -> 2665000 | G105: 20000 | H105: =Tabla3[[#This Row],[VALOR UNITARIO]]*Tabla3[[#This Row],[CANTIDAD ]] -> 820000 | R105: =MAX(Tabla3[[#This Row],[VALOR TOTAL]],Tabla3[[#This Row],[VALOR TOTAL ]]) -> 2665000 | S105: =MIN(Tabla3[[#This Row],[VALOR TOTAL ]],Tabla3[[#This Row],[VALOR TOTAL]]) -> 820000 | T105: =AVERAGE(Tabla3[[#This Row],[VALOR TOTAL ]:[VALOR TOTAL]]) -> 1168333.3
...

Sheet estudio inicial precios
B1: ESTUDIO INICIAL DE PRECIOS
B3: RESUMEN
B4: EDIFICIO/CONSTRUCCÓN | C4: SI | D4: CON AIU
A5: A | B5: =+POE!B5 -> Palacio de Justicia de Cali "PEDRO ELIAS SERRANO ABADIA | C5: X | D5: =+Q137 -> 616542413
A6: B | B6: =+POE!B6 -> Juzgado Promiscuo Municipal de el Dovio - | C6: X | D6: =+Q156 -> 4769876
A7: C | B7: =+POE!B7 -> Palacio de Justicia "SIMON DAVID CARREJO BEJARANO" Palmira | C7: X | D7: =+Q231 -> 478239464
A8: D | B8: =+POE!B8 -> Sede de Familia de Palmira | C8: X | D8: =Q311 -> 77440566
A9: E | B9: =+POE!B9 -> Palacio Nacional de Buenaventura | C9: X | D9: =+Q390 -> 378276488
A10: F | B10: =+POE!B10 -> Edificio de Transferencia de Buenaventura | C10: X | D10: =+Q431 -> 123813964
A11: G | B11: =+POE!B11 -> Juzgado Promiscuo Municipal de Obando | C11: X | D11: =+Q468 -> 22815097
A12: H | B12: =+POE!B12 -> Juzgado Promiscuo Municipal de San José del Palmar | C12: X | D12: =+Q508 -> 65105347
A13: I | B13: =+B510 -> Palacio de Justicia "Oscar Lerma Trujillo" Roldanillo | C13: X | D13: =+Q558 -> 129542057
A14: J | B14: =+POE!B13 -> Palacio de Justicia de Tuluá | C14: X | D14: =+Q571 -> 24408113
B15: COSTO DIRECTO TOTAL | D15: =SUM(D5:D14) -> 1920953385
B16: =+'Análisis del AIU'!A21 -> ADMINISTRACION | C16: =+'Análisis del AIU'!F5 -> 0.185
B17: =+'Análisis del AIU'!A22 -> IMPREVISTOS | C17: =+'Análisis del AIU'!F6 -> 0.02
B18: =+'Análisis del AIU'!A23 -> UTILIDAD | C18: =+'Análisis del AIU'!F7 -> 0.045
B19: =+'Análisis del AIU'!A24 -> IVA SOBRE UTILIDAD | C19: =+'Análisis del AIU'!F8 -> 0.19
B20: TOTAL
M21: PRESUPUESTO | O21: 1300000000
M22: DIFERENCIA | O22: =+O21-D20 -> 1300000000
B27: Consejo Superior de la Judicatura Dirección Ejecutiva Seccional de Administración Judicial de Cali – Valle del Cauca
A28: FORMATO CONTROL DE EJECUCIÓN DE OBRA - BALANCE Y CORTE DE OBRA
A29: OBJETO DEL CONTRATO: Realizar mantenimiento, adecuaciones y reparaciones a los inmuebles Palacio de Justicia de Cali "PEDRO ELIAS SERRANO ABADIA",Juzgado Promiscuo Municipal de el Dovio, Palacio de Justicia "SIMON DAVID CARREJO BEJARANO", Sede Familia de Palmira, Palacio Nacional de Buenaventura, Edificio Transferencias, Juzgado Promiscuo Municipal de Obando, Juzgado Promiscuo Municipal de San José del Palmar, Palacio de Justicia "Oscar Lerma Trujillo" Roldanillo
A31: Condiciones contractuales
A32: A. | B32: Palacio de Justicia de Cali "PEDRO ELIAS SERRANO ABADIA | E32: COTIZACIÓN 1 - | G32: COTIZACIÓN 2 - | I32: OTROS CONTRATOS REALIZADOS POR LA ENTIDAD | L32: A. | M32: =+B32 -> Palacio de Justicia de Cali "PEDRO ELIAS SERRANO ABADIA
A33: ITEM | B33: DESCRIPCION | C33: UND | D33: CANTIDAD | E33: VALOR UNITARIO | F33: VALOR TOTAL | G33: VALOR UNITARIO | H33: VALOR TOTAL | I33: VALOR UNITARIO INDEXADO | J33: VALOR TOTAL | L33: =+A33 -> ITEM | M33: =+B33 -> DESCRIPCION | N33: =+C33 -> UND | O33: =+D33 -> CANTIDAD | P33: VALOR UNITARIO PROMEDIO | Q33: VALOR TOTAL
A34: A. 1 | B34: Reparación (filtraciones) rampa y anden ingreso calle 12 | L34: =+A34 -> A. 1 | M34: =+B34 -> Reparación (filtraciones) rampa y anden ingreso calle 12
A35: A. 1,1 | B35: Cerramiento en tela verde o polisombra (incluye postes de madera para soporte) altura: 2.10 mts. | C35: ML | D35: 36 | E35: 40000 | F35: =+E35*D35 -> 1440000 | G35: 27131 | H35: =+G35*D35 -> 976716 | I35: =IFERROR(VLOOKUP(A35,'valores unit indexados'!$A$14:$O$197,15,FALSE),0) -> 0 | J35: =+I35*D35 -> 0 | L35: =+A35 -> A. 1,1 | M35: =+B35 -> Cerramiento en tela verde o polisombra (incluye postes de madera para soporte) altura: 2.10 mts. | N35: =+C35 -> ML | O35: =+D35 -> 36 | P35: =VLOOKUP(L35,'selección precios unitario'!$A$5:$I$418,9,FALSE) -> 27131 | Q35: =+P35*O35 -> 976716
A36: A. 1,2 | B36: Desmonte y reinstalación de pasamanos metálico cuyas medidas son 130 cm de largo x 90 cm de alto | C36: UND | D36: 4 | E36: 120000 | F36: =+E36*D36 -> 480000 | G36: 165000 | H36: =+G36*D36 -> 660000 | I36: =IFERROR(VLOOKUP(A36,'valores unit indexados'!$A$14:$O$197,15,FALSE),0) -> 0 | J36: =+I36*D36 -> 0 | L36: =+A36 -> A. 1,2 | M36: =+B36 -> Desmonte y reinstalación de pasamanos metálico cuyas medidas son 130 cm de largo x 90 cm de alto | N36: =+C36 -> UND | O36: =+D36 -> 4 | P36: =VLOOKUP(L36,'selección precios unitario'!$A$5:$I$418,9,FALSE) -> 142500 | Q36: =+P36*O36 -> 570000
A37: A. 1,3 | B37: Demolición de piso existente (enchape tráfico alto), incluye retiro de escombros | C37: M2 | D37: 288 | E37: 30000 | F37: =+E37*D37 -> 8640000 | G37: 8450 | H37: =+G37*D37 -> 2433600 | I37: =IFERROR(VLOOKUP(A37,'valores unit indexados'!$A$14:$O$197,15,FALSE),0) -> 0 | J37: =+I37*D37 -> 0 | L37: =+A37 -> A. 1,3 | M37: =+B37 -> Demolición de piso existente (enchape tráfico alto), incluye retiro de escombros | N37: =+C37 -> M2 | O37: =+D37 -> 288 | P37: =VLOOKUP(L37,'selección precios unitario'!$A$5:$I$418,9,FALSE) -> 19225 | Q37: =+P37*O37 -> 5536800
A38: A. 1,4 | B38: Retiro de manto existente, incluye retiro de escombros | C38: M2 | D38: 288 | E38: 20000 | F38: =+E38*D38 -> 5760000 | G38: 19500 | H38: =+G38*D38 -> 5616000 | I38: =IFERROR(VLOOKUP(A38,'valores unit indexados'!$A$14:$O$197,15,FALSE),0) -> 14660 | J38: =+I38*D38 -> 4222080 | L38: =+A38 -> A. 1,4 | M38: =+B38 -> Retiro de manto existente, incluye retiro de escombros | N38: =+C38 -> M2 | O38: =+D38 -> 288 | P38: =VLOOKUP(L38,'selección precios unitario'!$A$5:$I$418,9,FALSE) -> 18053 | Q38: =+P38*O38 -> 5199264
A39: A. 1,5 | B39: Lavada y destronque a máquina (para retirar material existente y preparación de superficie) | C39: M2 | D39: 288 | E39: 35000 | F39: =+E39*D39 -> 10080000 | G39: 3731 | H39: =+G39*D39 -> 1074528 | I39: =IFERROR(VLOOKUP(A39,'valores unit indexados'!$A$14:$O$197,15,FALSE),0) -> 29150 | J39: =+I39*D39 -> 8395200 | L39: =+A39 -> A. 1,5 | M39: =+B39 -> Lavada y destronque a máquina (para retirar material existente y preparación de superficie) | N39: =+C39 -> M2 | O39: =+D39 -> 288 | P39: =VLOOKUP(L39,'selección precios unitario'!$A$5:$I$418,9,FALSE) -> 32075 | Q39: =+P39*O39 -> 9237600
A40: A. 1,6 | B40: Demolición mortero existente (incluye retiro de escombros) | C40: M2 | D40: 288 | E40: 27000 | F40: =+E40*D40 -> 7776000 | G40: 4400 | H40: =+G40*D40 -> 1267200 | I40: =IFERROR(VLOOKUP(A40,'valores unit indexados'!$A$14:$O$197,15,FALSE),0) -> 10612 | J40: =+I40*D40 -> 3056256 | L40: =+A40 -> A. 1,6 | M40: =+B40 -> Demolición mortero existente (incluye retiro de escombros) | N40: =+C40 -> M2 | O40: =+D40 -> 288 | P40: =VLOOKUP(L40,'selección precios unitario'!$A$5:$I$418,9,FALSE) -> 10612 | Q40: =+P40*O40 -> 3056256
A41: A. 1,7 | B41: Suministro y aplicación de pintura sellante elongable autonivelante. | C41: M2 | D41: 288 | E41: 75000 | F41: =+E41*D41 -> 21600000 | G41: 9230 | H41: =+G41*D41 -> 2658240 | I41: =IFERROR(VLOOKUP(A41,'valores unit indexados'!$A$14:$O$197,15,FALSE),0) -> 0 | J41: =+I41*D41 -> 0 | L41: =+A41 -> A. 1,7 | M41: =+B41 -> Suministro y aplicación de pintura sellante elongable autonivelante. | N41: =+C41 -> M2 | O41: =+D41 -> 288 | P41: =VLOOKUP(L41,'selección precios unitario'!$A$5:$I$418,9,FALSE) -> 42115 | Q41: =+P41*O41 -> 12129120
A42: A. 1,8 | B42: Suministro y aplicación de mortero 1:3 con aditivo impermeabilizante espesor 4cm incluye media caña en mortero perimetral (superficie con pendiente) | C42: M2 | D42: 288 | E42: 38000 | F42: =+E42*D42 -> 10944000 | G42: 32500 | H42: =+G42*D42 -> 9360000 | I42: =IFERROR(VLOOKUP(A42,'valores unit indexados'!$A$14:$O$197,15,FALSE),0) -> 0 | J42: =+I42*D42 -> 0 | L42: =+A42 -> A. 1,8 | M42: =+B42 -> Suministro y aplicación de mortero 1:3 con aditivo impermeabilizante espesor 4cm incluye media caña en mortero perimetral (superficie con pendiente) | N42: =+C42 -> M2 | O42: =+D42 -> 288 | P42: =VLOOKUP(L42,'selección precios unitario'!$A$5:$I$418,9,FALSE) -> 35250 | Q42: =+P42*O42 -> 10152000
A43: A. 1,9 | B43: Suministro e instalación de membrana liquida en poliuretano, con refuerzo en poliéster, acabado transitable para impermeabilización de losa de terraza, con remates perimetrales en media caña, Incluye cárcamos de desagüe. | C43: M2 | D43: 288 | E43: 320000 | F43: =+E43*D43 -> 92160000 | G43: 128700 | H43: =+G43*D43 -> 37065600 | I43: =IFERROR(VLOOKUP(A43,'valores unit indexados'!$A$14:$O$197,15,FALSE),0) -> 0 | J43: =+I43*D43 -> 0 | L43: =+A43 -> A. 1,9 | M43: =+B43 -> Suministro e instalación de membrana liquida en poliuretano, con refuerzo en poliéster, acabado transitable para impermeabilización de losa de terraza, con remates perimetrales en media caña, Incluye cárcamos de desagüe. | N43: =+C43 -> M2 | O43: =+D43 -> 288 | P43: =VLOOKUP(L43,'selección precios unitario'!$A$5:$I$418,9,FALSE) -> 224350 | Q43: =+P43*O43 -> 64612800
A44: A. 1,10 | B44: Fabricación de borde de escalera en granito lavado (Borde de escalera ancho 10 cm a lo largo de la huella y la contrahuella de 13 cm) incluye dilatación en bronce 5 mm | C44: ML | D44: 410 | E44: 50000 | F44: =+E44*D44 -> 20500000 | G44: 52117 | H44: =+G44*D44 -> 21367970 | I44: =IFERROR(VLOOKUP(A44,'valores unit indexados'!$A$14:$O$197,15,FALSE),0) -> 0 | J44: =+I44*D44 -> 0 | L44: =+A44 -> A. 1,10 | M44: =+B44 -> Fabricación de borde de escalera en granito lavado (Borde de escalera ancho 10 cm a lo largo de la huella y la contrahuella de 13 cm) incluye dilatación en bronce 5 mm | N44: =+C44 -> ML | O44: =+D44 -> 410 | P44: =VLOOKUP(L44,'selección precios unitario'!$A$5:$I$418,9,FALSE) -> 51059 | Q44: =+P44*O44 -> 20934190
A45: A. 1,11 | B45: Suministro e instalación de enchape para piso exterior (tráfico alto, incluye junta de dilatación en aluminio) | C45: M2 | D45: 288 | E45: 140000 | F45: =+E45*D45 -> 40320000 | G45: 116903.6 | H45: =+G45*D45 -> 33668237 | I45: =IFERROR(VLOOKUP(A45,'valores unit indexados'!$A$14:$O$197,15,FALSE),0) -> 0 | J45: =+I45*D45 -> 0 | L45: =+A45 -> A. 1,11 | M45: =+B45 -> Suministro e instalación de enchape para piso exterior (tráfico alto, incluye junta de dilatación en aluminio) | N45: =+C45 -> M2 | O45: =+D45 -> 288 | P45: =VLOOKUP(L45,'selección precios unitario'!$A$5:$I$418,9,FALSE) -> 128452 | Q45: =+P45*O45 -> 36994176
A46: A. 1,12 | B46: Suministro y fabricación guardaescoba en granito en media caña 10 cm | C46: ML | D46: 91 | E46: 35000 | F46: =+E46*D46 -> 3185000 | G46: 18746 | H46: =+G46*D46 -> 1705886 | I46: =IFERROR(VLOOKUP(A46,'valores unit indexados'!$A$14:$O$197,15,FALSE),0) -> 21193 | J46: =+I46*D46 -> 1928563 | L46: =+A46 -> A. 1,12 | M46: =+B46 -> Suministro y fabricación guardaescoba en granito en media caña 10 cm | N46: =+C46 -> ML | O46: =+D46 -> 91 | P46: =VLOOKUP(L46,'selección precios unitario'!$A$5:$I$418,9,FALSE) -> 21193 | Q46: =+P46*O46 -> 1928563
A47: A. 1,13 | B47: Suministro y fabricación de cenefa piso en granito lavado ancho 20 cm | C47: ML | D47: 60 | E47: 40000 | F47: =+E47*D47 -> 2400000 | G47: 17173 | H47: =+G47*D47 -> 1030380 | I47: =IFERROR(VLOOKUP(A47,'valores unit indexados'!$A$14:$O$197,15,FALSE),0) -> 0 | J47: =+I47*D47 -> 0 | L47: =+A47 -> A. 1,13 | M47: =+B47 -> Suministro y fabricación de cenefa piso en granito lavado ancho 20 cm | N47: =+C47 -> ML | O47: =+D47 -> 60 | P47: =VLOOKUP(L47,'selección precios unitario'!$A$5:$I$418,9,FALSE) -> 28587 | Q47: =+P47*O47 -> 1715220
A48: A. 2 | B48: Actividades para cubierta de la terraza torre A - Fase C | F48: =+E48*D48 -> 0 | H48: =+G48*D48 -> 0 | L48: =+A48 -> A. 2 | M48: =+B48 -> Actividades para cubierta de la terraza torre A - Fase C
A49: A. 2,1 | B49: Suministro e instalación de bases en concreto de 20 cm x 20 cm fundidos sobre losa de terraza | C49: UND | D49: 52 | E49: 66000 | F49: =+E49*D49 -> 3432000 | G49: 32500 | H49: =+G49*D49 -> 1690000 | I49: =IFERROR(VLOOKUP(A49,'valores unit indexados'!$A$14:$O$197,15,FALSE),0) -> 64568 | J49: =+I49*D49 -> 3357536 | L49: =+A49 -> A. 2,1 | M49: =+B49 -> Suministro e instalación de bases en concreto de 20 cm x 20 cm fundidos sobre losa de terraza | N49: =+C49 -> UND | O49: =+D49 -> 52 | P49: =VLOOKUP(L49,'selección precios unitario'!$A$5:$I$418,9,FALSE) -> 65284 | Q49: =+P49*O49 -> 3394768
A50: A. 2,2 | B50: Suministro e instalación de platina 3/8 cuyas medidas oscilan así: 10 cm x 15 cm y 15 cm x 15 cm, incluye materiales complementarios de conexión, acero, corte, soldadura, anclajes, cartelas, tornillos, varilla de 1/2 soldada para anclaje sobre bases de concreto. | C50: UND | D50: 52 | E50: 66000 | F50: =+E50*D50 -> 3432000 | G50: 35581 | H50: =+G50*D50 -> 1850212 | I50: =IFERROR(VLOOKUP(A50,'valores unit indexados'!$A$14:$O$197,15,FALSE),0) -> 64421 | J50: =+I50*D50 -> 3349892 | L50: =+A50 -> A. 2,2 | M50: =+B50 -> Suministro e instalación de platina 3/8 cuyas medidas oscilan así: 10 cm x 15 cm y 15 cm x 15 cm, incluye materiales complementarios de conexión, acero, corte, soldadura, anclajes, cartelas, tornillos, varilla de 1/2 soldada para anclaje sobre bases de concreto. | N50: =+C50 -> UND | O50: =+D50 -> 52 | P50: =VLOOKUP(L50,'selección precios unitario'!$A$5:$I$418,9,FALSE) -> 65211 | Q50: =+P50*O50 -> 3390972
A51: A. 2,3 | B51: Suministro e instalación de estructura metálica para cubierta en tubería 100 cm x 100 cm calibre 2 mm, incluye pintura 3 en 2 | C51: ML | D51: 97 | E51: 118000 | F51: =+E51*D51 -> 11446000 | G51: 132301 | H51: =+G51*D51 -> 12833197 | I51: =IFERROR(VLOOKUP(A51,'valores unit indexados'!$A$14:$O$197,15,FALSE),0) -> 115095 | J51: =+I51*D51 -> 11164215 | L51: =+A51 -> A. 2,3 | M51: =+B51 -> Suministro e instalación de estructura metálica para cubierta en tubería 100 cm x 100 cm calibre 2 mm, incluye pintura 3 en 2 | N51: =+C51 -> ML | O51: =+D51 -> 97 | P51: =VLOOKUP(L51,'selección precios unitario'!$A$5:$I$418,9,FALSE) -> 108965 | Q51: =+P51*O51 -> 10569605
A52: A. 2,4 | B52: Suministro e instalación de estructura metálica para cubierta en tubería 100 cm x 50 cm calibre 2 mm, incluye pintura 3 en 1 | C52: ML | D52: 212 | E52: 110000 | F52: =+E52*D52 -> 23320000 | G52: 110500 | H52: =+G52*D52 -> 23426000 | I52: =IFERROR(VLOOKUP(A52,'valores unit indexados'!$A$14:$O$197,15,FALSE),0) -> 106395 | J52: =+I52*D52 -> 22555740 | L52: =+A52 -> A. 2,4 | M52: =+B52 -> Suministro e instalación de estructura metálica para cubierta en tubería 100 cm x 50 cm calibre 2 mm, incluye pintura 3 en 1 | N52: =+C52 -> ML | O52: =+D52 -> 212 | P52: =VLOOKUP(L52,'selección precios unitario'!$A$5:$I$418,9,FALSE) -> 108965 | Q52: =+P52*O52 -> 23100580
A53: A. 2,5 | B53: Suministro e instalación de estructura metálica para cubierta en tubería 80 cm x 40 cm calibre 2 mm, incluye pintura 3 en 1 | C53: ML | D53: 255 | E53: 100000 | F53: =+E53*D53 -> 25500000 | G53: 104000 | H53: =+G53*D53 -> 26520000 | I53: =IFERROR(VLOOKUP(A53,'valores unit indexados'!$A$14:$O$197,15,FALSE),0) -> 97346 | J53: =+I53*D53 -> 24823230 | L53: =+A53 -> A. 2,5 | M53: =+B53 -> Suministro e instalación de estructura metálica para cubierta en tubería 80 cm x 40 cm calibre 2 mm, incluye pintura 3 en 1 | N53: =+C53 -> ML | O53: =+D53 -> 255 | P53: =VLOOKUP(L53,'selección precios unitario'!$A$5:$I$418,9,FALSE) -> 100449 | Q53: =+P53*O53 -> 25614495
A54: A. 2,6 | B54: Suministro e instalación de teja upvc 2.5 mm, incluye tornillería para su correcta instalación sobre estructura metálica | C54: M2 | D54: 330 | E54: 80000 | F54: =+E54*D54 -> 26400000 | G54: 65949 | H54: =+G54*D54 -> 21763170 | I54: =IFERROR(VLOOKUP(A54,'valores unit indexados'!$A$14:$O$197,15,FALSE),0) -> 77917 | J54: =+I54*D54 -> 25712610 | L54: =+A54 -> A. 2,6 | M54: =+B54 -> Suministro e instalación de teja upvc 2.5 mm, incluye tornillería para su correcta instalación sobre estructura metálica | N54: =+C54 -> M2 | O54: =+D54 -> 330 | P54: =VLOOKUP(L54,'selección precios unitario'!$A$5:$I$418,9,FALSE) -> 74622 | Q54: =+P54*O54 -> 24625260
A55: A. 2,7 | B55: Suministro e instalación de caballete para teja upvc 2.5 mm, incluye accesorios para su correcta instalación | C55: ML | D55: 28 | E55: 92000 | F55: =+E55*D55 -> 2576000 | G55: 72813 | H55: =+G55*D55 -> 2038764 | I55: =IFERROR(VLOOKUP(A55,'valores unit indexados'!$A$14:$O$197,15,FALSE),0) -> 89336 | J55: =+I55*D55 -> 2501408 | L55: =+A55 -> A. 2,7 | M55: =+B55 -> Suministro e instalación de caballete para teja upvc 2.5 mm, incluye accesorios para su correcta instalación | N55: =+C55 -> ML | O55: =+D55 -> 28 | P55: =VLOOKUP(L55,'selección precios unitario'!$A$5:$I$418,9,FALSE) -> 84716 | Q55: =+P55*O55 -> 2372048
A56: A. 2,8 | B56: Suministro e instalación de Canal en lamina galvanizada cal 22, incluye platina para soporte canal | C56: ML | D56: 40 | E56: 94000 | F56: =+E56*D56 -> 3760000 | G56: 113048 | H56: =+G56*D56 -> 4521920 | I56: =IFERROR(VLOOKUP(A56,'valores unit indexados'!$A$14:$O$197,15,FALSE),0) -> 91145 | J56: =+I56*D56 -> 3645800 | L56: =+A56 -> A. 2,8 | M56: =+B56 -> Suministro e instalación de Canal en lamina galvanizada cal 22, incluye platina para soporte canal | N56: =+C56 -> ML | O56: =+D56 -> 40 | P56: =VLOOKUP(L56,'selección precios unitario'!$A$5:$I$418,9,FALSE) -> 92573 | Q56: =+P56*O56 -> 3702920
A57: A. 2,9 | B57: Corte de muro con pulidora | C57: ML | D57: 40 | E57: 16000 | F57: =+E57*D57 -> 640000 | G57: 16848 | H57: =+G57*D57 -> 673920 | I57: =IFERROR(VLOOKUP(A57,'valores unit indexados'!$A$14:$O$197,15,FALSE),0) -> 13382 | J57: =+I57*D57 -> 535280 | L57: =+A57 -> A. 2,9 | M57: =+B57 -> Corte de muro con pulidora | N57: =+C57 -> ML | O57: =+D57 -> 40 | P57: =VLOOKUP(L57,'selección precios unitario'!$A$5:$I$418,9,FALSE) -> 15410 | Q57: =+P57*O57 -> 616400
A58: A. 2,10 | B58: Suministro e instalación de Solapa en lamina galvanizada Cal 24, incluye sellador sobre muro | C58: ML | D58: 70 | E58: 46000 | F58: =+E58*D58 -> 3220000 | G58: 57837 | H58: =+G58*D58 -> 4048590 | I58: =IFERROR(VLOOKUP(A58,'valores unit indexados'!$A$14:$O$197,15,FALSE),0) -> 0 | J58: =+I58*D58 -> 0 | L58: =+A58 -> A. 2,10 | M58: =+B58 -> Suministro e instalación de Solapa en lamina galvanizada Cal 24, incluye sellador sobre muro | N58: =+C58 -> ML | O58: =+D58 -> 70 | P58: =VLOOKUP(L58,'selección precios unitario'!$A$5:$I$418,9,FALSE) -> 51919 | Q58: =+P58*O58 -> 3634330
A59: A. 2,11 | B59: Suministro e instalación de soscos para canal en 3" | C59: UND | D59: 10 | E59: 27000 | F59: =+E59*D59 -> 270000 | G59: 6667.1 | H59: =+G59*D59 -> 66671 | I59: =IFERROR(VLOOKUP(A59,'valores unit indexados'!$A$14:$O$197,15,FALSE),0) -> 26036 | J59: =+I59*D59 -> 260360 | L59: =+A59 -> A. 2,11 | M59: =+B59 -> Suministro e instalación de soscos para canal en 3" | N59: =+C59 -> UND | O59: =+D59 -> 10 | P59: =VLOOKUP(L59,'selección precios unitario'!$A$5:$I$418,9,FALSE) -> 26518 | Q59: =+P59*O59 -> 265180
A60: A. 2,12 | B60: Suministro e instalación tubería sanitaria de 4 " incluye accesorios. | C60: ML | D60: 80 | E60: 48000 | F60: =+E60*D60 -> 3840000 | G60: 36283 | H60: =+G60*D60 -> 2902640 | I60: =IFERROR(VLOOKUP(A60,'valores unit indexados'!$A$14:$O$197,15,FALSE),0) -> 75401 | J60: =+I60*D60 -> 6032080 | L60: =+A60 -> A. 2,12 | M60: =+B60 -> Suministro e instalación tubería sanitaria de 4 " incluye accesorios. | N60: =+C60 -> ML | O60: =+D60 -> 80 | P60: =VLOOKUP(L60,'selección precios unitario'!$A$5:$I$418,9,FALSE) -> 42142 | Q60: =+P60*O60 -> 3371360
... A62: A. 2,14 | B62: Suministro e instalación pasarela o plataforma metálica en rejilla de acero con 2 pasos en cada extremo cuyas medidas son 80 cm ancho, 160cm de largo y 40 cm de latura, incluye pasamanos | C62: UND | D62: 1 | E62: 1200000 | F62: =+E62*D62 -> 1200000 | G62: 550000 | H62: =+G62*D62 -> 550000 | I62: =IFERROR(VLOOKUP(A62,'valores unit indexados'!$A$14:$O$197,15,FALSE),0) -> 0 | J62: =+I62*D62 -> 0 | L62: =+A62 -> A. 2,14 | M62: =+B62 -> Suministro e instalación pasarela o plataforma metálica en rejilla de acero con 2 pasos en cada extremo cuyas medidas son 80 cm ancho, 160cm de largo y 40 cm de latura, incluye pasamanos | N62: =+C62 -> UND | O62: =+D62 -> 1 | P62: =VLOOKUP(L62,'selección precios unitario'!$A$5:$I$418,9,FALSE) -> 875000 | Q62: =+P62*O62 -> 875000
A63: A. 3 | B63: Impermeabilización cubierta de cuartos técnicos terraza torre A | F63: =+E63*D63 -> 0 | H63: =+G63*D63 -> 0 | L63: =+A63 -> A. 3 | M63: =+B63 -> Impermeabilización cubierta de cuartos técnicos terraza torre A
A64: A. 3,1 | B64: Retiro de manto existente, incluye retiro de escombros | C64: M2 | D64: 191 | E64: 20000 | F64: =+E64*D64 -> 3820000 | G64: 19500 | H64: =+G64*D64 -> 3724500 | I64: =IFERROR(VLOOKUP(A64,'valores unit indexados'!$A$14:$O$197,15,FALSE),0) -> 14660 | J64: =+I64*D64 -> 2800060 | L64: =+A64 -> A. 3,1 | M64: =+B64 -> Retiro de manto existente, incluye retiro de escombros | N64: =+C64 -> M2 | O64: =+D64 -> 191 | P64: =VLOOKUP(L64,'selección precios unitario'!$A$5:$I$418,9,FALSE) -> 18053 | Q64: =+P64*O64 -> 3448123
A65: A. 3,2 | B65: Lavada y destronque de terraza a máquina (para retirar material bituminoso, incluye retiro) | C65: M2 | D65: 191 | E65: 35000 | F65: =+E65*D65 -> 6685000 | G65: 3731 | H65: =+G65*D65 -> 712621 | I65: =IFERROR(VLOOKUP(A65,'valores unit indexados'!$A$14:$O$197,15,FALSE),0) -> 29150 | J65: =+I65*D65 -> 5567650 | L65: =+A65 -> A. 3,2 | M65: =+B65 -> Lavada y destronque de terraza a máquina (para retirar material bituminoso, incluye retiro) | N65: =+C65 -> M2 | O65: =+D65 -> 191 | P65: =VLOOKUP(L65,'selección precios unitario'!$A$5:$I$418,9,FALSE) -> 32075 | Q65: =+P65*O65 -> 6126325
A66: A. 3,3 | B66: Suministro e instalación de membrana pvc (incluye perlines de fijación) | C66: M2 | D66: 51 | E66: 280000 | F66: =+E66*D66 -> 14280000 | G66: 128700 | H66: =+G66*D66 -> 6563700 | I66: =IFERROR(VLOOKUP(A66,'valores unit indexados'!$A$14:$O$197,15,FALSE),0) -> 227816 | J66: =+I66*D66 -> 11618616 | L66: =+A66 -> A. 3,3 | M66: =+B66 -> Suministro e instalación de membrana pvc (incluye perlines de fijación) | N66: =+C66 -> M2 | O66: =+D66 -> 51 | P66: =VLOOKUP(L66,'selección precios unitario'!$A$5:$I$418,9,FALSE) -> 212172 | Q66: =+P66*O66 -> 10820772
A67: A. 3,4 | B67: Suministro e instalación de enchape antideslizante | C67: M2 | D67: 140 | E67: 120000 | F67: =+E67*D67 -> 16800000 | G67: 45981 | H67: =+G67*D67 -> 6437340 | I67: =IFERROR(VLOOKUP(A67,'valores unit indexados'!$A$14:$O$197,15,FALSE),0) -> 0 | J67: =+I67*D67 -> 0 | L67: =+A67 -> A. 3,4 | M67: =+B67 -> Suministro e instalación de enchape antideslizante | N67: =+C67 -> M2 | O67: =+D67 -> 140 | P67: =VLOOKUP(L67,'selección precios unitario'!$A$5:$I$418,9,FALSE) -> 82991 | Q67: =+P67*O67 -> 11618740
A68: A. 3,5 | B68: Suministro y aplicación de mortero 1:3 con aditivo impermeabilizante espesor 5 cm con pendiente y terminación en cero. | C68: M2 | D68: 140 | E68: 45000 | F68: =+E68*D68 -> 6300000 | G68: 32500 | H68: =+G68*D68 -> 4550000 | I68: =IFERROR(VLOOKUP(A68,'valores unit indexados'!$A$14:$O$197,15,FALSE),0) -> 0 | J68: =+I68*D68 -> 0 | L68: =+A68 -> A. 3,5 | M68: =+B68 -> Suministro y aplicación de mortero 1:3 con aditivo impermeabilizante espesor 5 cm con pendiente y terminación en cero. | N68: =+C68 -> M2 | O68: =+D68 -> 140 | P68: =VLOOKUP(L68,'selección precios unitario'!$A$5:$I$418,9,FALSE) -> 38750 | Q68: =+P68*O68 -> 5425000
A69: A. 4 | B69: Tratamiento de humedades en muros y cielos, incluye resane, estuco y pintura (gimnasio, despachos, cuartos técnicos terraza Torre A) | F69: =+E69*D69 -> 0 | H69: =+G69*D69 -> 0 | L69: =+A69 -> A. 4 | M69: =+B69 -> Tratamiento de humedades en muros y cielos, incluye resane, estuco y pintura (gimnasio, despachos, cuartos técnicos terraza Torre A)
A70: A. 4,1 | B70: Rasqueteada de pintura y retiro de mortero en mal estado | C70: M2 | D70: 247 | E70: 9000 | F70: =+E70*D70 -> 2223000 | G70: 5200 | H70: =+G70*D70 -> 1284400 | I70: =IFERROR(VLOOKUP(A70,'valores unit indexados'!$A$14:$O$197,15,FALSE),0) -> 6890 | J70: =+I70*D70 -> 1701830 | L70: =+A70 -> A. 4,1 | M70: =+B70 -> Rasqueteada de pintura y retiro de mortero en mal estado | N70: =+C70 -> M2 | O70: =+D70 -> 247 | P70: =VLOOKUP(L70,'selección precios unitario'!$A$5:$I$418,9,FALSE) -> 6630 | Q70: =+P70*O70 -> 1637610
A71: A. 4,2 | B71: Suministro e instalación de recubrimiento cementoso (Recubrimiento a base de cemento, arena y aditivos especiales), impermeable para muros color blanco | C71: M2 | D71: 247 | E71: 48000 | F71: =+E71*D71 -> 11856000 | G71: 45500 | H71: =+G71*D71 -> 11238500 | I71: =IFERROR(VLOOKUP(A71,'valores unit indexados'!$A$14:$O$197,15,FALSE),0) -> 41660 | J71: =+I71*D71 -> 10290020 | L71: =+A71 -> A. 4,2 | M71: =+B71 -> Suministro e instalación de recubrimiento cementoso (Recubrimiento a base de cemento, arena y aditivos especiales), impermeable para muros color blanco | N71: =+C71 -> M2 | O71: =+D71 -> 247 | P71: =VLOOKUP(L71,'selección precios unitario'!$A$5:$I$418,9,FALSE) -> 45053 | Q71: =+P71*O71 -> 11128091
A72: A. 4,3 | B72: Suministro y aplicación de estuco plástico | C72: M2 | D72: 247 | E72: 28000 | F72: =+E72*D72 -> 6916000 | G72: 11700 | H72: =+G72*D72 -> 2889900 | I72: =IFERROR(VLOOKUP(A72,'valores unit indexados'!$A$14:$O$197,15,FALSE),0) -> 24610 | J72: =+I72*D72 -> 6078670 | L72: =+A72 -> A. 4,3 | M72: =+B72 -> Suministro y aplicación de estuco plástico | N72: =+C72 -> M2 | O72: =+D72 -> 247 | P72: =VLOOKUP(L72,'selección precios unitario'!$A$5:$I$418,9,FALSE) -> 26305 | Q72: =+P72*O72 -> 6497335
A73: A. 4,4 | B73: Suministro y aplicación de vinilo tipo 1 (3 manos) | C73: M2 | D73: 353 | E73: 19000 | F73: =+E73*D73 -> 6707000 | G73: 8710 | H73: =+G73*D73 -> 3074630 | I73: =IFERROR(VLOOKUP(A73,'valores unit indexados'!$A$14:$O$197,15,FALSE),0) -> 0 | J73: =+I73*D73 -> 0 | L73: =+A73 -> A. 4,4 | M73: =+B73 -> Suministro y aplicación de vinilo tipo 1 (3 manos) | N73: =+C73 -> M2 | O73: =+D73 -> 353 | P73: =VLOOKUP(L73,'selección precios unitario'!$A$5:$I$418,9,FALSE) -> 19000 | Q73: =+P73*O73 -> 6707000
A74: A. 4,5 | B74: Suministro y aplicación de pintura en esmalte | C74: M2 | D74: 67.162 | E74: 18000 | F74: =+E74*D74 -> 1208916 | G74: 8710 | H74: =+G74*D74 -> 584981.02 | I74: =IFERROR(VLOOKUP(A74,'valores unit indexados'!$A$14:$O$197,15,FALSE),0) -> 17005 | J74: =+I74*D74 -> 1142089.8 | L74: =+A74 -> A. 4,5 | M74: =+B74 -> Suministro y aplicación de pintura en esmalte | N74: =+C74 -> M2 | O74: =+D74 -> 67.162 | P74: =VLOOKUP(L74,'selección precios unitario'!$A$5:$I$418,9,FALSE) -> 17503 | Q74: =ROUND(P74*O74,0) -> 1175536
A75: A. 4,6 | B75: Suministro y aplicación de pintura cielo vinilo tipo 1 | C75: M2 | D75: 66 | E75: 17000 | F75: =+E75*D75 -> 1122000 | G75: 8710 | H75: =+G75*D75 -> 574860 | I75: =IFERROR(VLOOKUP(A75,'valores unit indexados'!$A$14:$O$197,15,FALSE),0) -> 0 | J75: =+I75*D75 -> 0 | L75: =+A75 -> A. 4,6 | M75: =+B75 -> Suministro y aplicación de pintura cielo vinilo tipo 1 | N75: =+C75 -> M2 | O75: =+D75 -> 66 | P75: =VLOOKUP(L75,'selección precios unitario'!$A$5:$I$418,9,FALSE) -> 17000 | Q75: =+P75*O75 -> 1122000
A76: A. 4,7 | B76: Rasqueteada de pintura y retiro de mortero en mal estado | C76: ML | D76: 73 | E76: 7500 | F76: =+E76*D76 -> 547500 | G76: 5200 | H76: =+G76*D76 -> 379600 | I76: =IFERROR(VLOOKUP(A76,'valores unit indexados'!$A$14:$O$197,15,FALSE),0) -> 0 | J76: =+I76*D76 -> 0 | L76: =+A76 -> A. 4,7 | M76: =+B76 -> Rasqueteada de pintura y retiro de mortero en mal estado | N76: =+C76 -> ML | O76: =+D76 -> 73 | P76: =VLOOKUP(L76,'selección precios unitario'!$A$5:$I$418,9,FALSE) -> 4700 | Q76: =+P76*O76 -> 343100
A77: A. 4,8 | B77: Suministro y aplicación de estuco plástico | C77: ML | D77: 121 | E77: 16800 | F77: =+E77*D77 -> 2032800 | G77: 11700 | H77: =+G77*D77 -> 1415700 | I77: =IFERROR(VLOOKUP(A77,'valores unit indexados'!$A$14:$O$197,15,FALSE),0) -> 24610 | J77: =+I77*D77 -> 2977810 | L77: =+A77 -> A. 4,8 | M77: =+B77 -> Suministro y aplicación de estuco plástico | N77: =+C77 -> ML | O77: =+D77 -> 121 | P77: =VLOOKUP(L77,'selección precios unitario'!$A$5:$I$418,9,FALSE) -> 20705 | Q77: =+P77*O77 -> 2505305
A78: A. 4,9 | B78: Suministro y aplicación de vinilo tipo 2 (3 manos) | C78: ML | D78: 121 | E78: 10200 | F78: =+E78*D78 -> 1234200 | G78: 5200 | H78: =+G78*D78 -> 629200 | I78: =IFERROR(VLOOKUP(A78,'valores unit indexados'!$A$14:$O$197,15,FALSE),0) -> 0 | J78: =+I78*D78 -> 0 | L78: =+A78 -> A. 4,9 | M78: =+B78 -> Suministro y aplicación de vinilo tipo 2 (3 manos) | N78: =+C78 -> ML | O78: =+D78 -> 121 | P78: =VLOOKUP(L78,'selección precios unitario'!$A$5:$I$418,9,FALSE) -> 6120 | Q78: =+P78*O78 -> 740520
A79: A. 4,10 | B79: Suministro y aplicación de pintura en esmalte | C79: ML | D79: 73 | E79: 10800 | F79: =+E79*D79 -> 788400 | G79: 5200 | H79: =+G79*D79 -> 379600 | I79: =IFERROR(VLOOKUP(A79,'valores unit indexados'!$A$14:$O$197,15,FALSE),0) -> 0 | J79: =+I79*D79 -> 0 | L79: =+A79 -> A. 4,10 | M79: =+B79 -> Suministro y aplicación de pintura en esmalte | N79: =+C79 -> ML | O79: =+D79 -> 73 | P79: =VLOOKUP(L79,'selección precios unitario'!$A$5:$I$418,9,FALSE) -> 8000 | Q79: =+P79*O79 -> 584000
A80: A. 5 | B80: Divisiones en panel yeso - Instalaciones Eléctricas de voz y datos | F80: =+E80*D80 -> 0 | H80: =+G80*D80 -> 0 | L80: =+A80 -> A. 5 | M80: =+B80 -> Divisiones en panel yeso - Instalaciones Eléctricas de voz y datos
A81: A. 5,1 | B81: Suministro e instalación muro en perfilería de 90mm en panel yeso de 1/2 , doble cara insonorizado. Altura piso techo | C81: M2 | D81: 158 | E81: 130000 | F81: =+E81*D81 -> 20540000 | G81: 122971.77 | H81: =+G81*D81 -> 19429540 | I81: =IFERROR(VLOOKUP(A81,'valores unit indexados'!$A$14:$O$197,15,FALSE),0) -> 113422 | J81: =+I81*D81 -> 17920676 | L81: =+A81 -> A. 5,1 | M81: =+B81 -> Suministro e instalación muro en perfilería de 90mm en panel yeso de 1/2 , doble cara insonorizado. Altura piso techo | N81: =+C81 -> M2 | O81: =+D81 -> 158 | P81: =VLOOKUP(L81,'selección precios unitario'!$A$5:$I$418,9,FALSE) -> 122131 | Q81: =+P81*O81 -> 19296698
A82: A. 5,2 | B82: Suministro e instalación de alma en madera de 88mm | C82: ML | D82: 40 | E82: 50000 | F82: =+E82*D82 -> 2000000 | G82: 111069.57 | H82: =+G82*D82 -> 4442783 | I82: =IFERROR(VLOOKUP(A82,'valores unit indexados'!$A$14:$O$197,15,FALSE),0) -> 41152 | J82: =+I82*D82 -> 1646080 | L82: =+A82 -> A. 5,2 | M82: =+B82 -> Suministro e instalación de alma en madera de 88mm | N82: =+C82 -> ML | O82: =+D82 -> 40 | P82: =VLOOKUP(L82,'selección precios unitario'!$A$5:$I$418,9,FALSE) -> 45576 | Q82: =+P82*O82 -> 1823040
A83: A. 5,3 | B83: Suministro e instalación de cartera en panel yeso de 12 cm incluye filos, con estructura galvanizada base 9 cal.24 encintada, masillada y rematada, con acabado en pintura de vinilo | C83: ML | D83: 40 | E83: 78000 | F83: =+E83*D83 -> 3120000 | G83: 76011.936 | H83: =+G83*D83 -> 3040477.4 | I83: =IFERROR(VLOOKUP(A83,'valores unit indexados'!$A$14:$O$197,15,FALSE),0) -> 46346 | J83: =+I83*D83 -> 1853840 | L83: =+A83 -> A. 5,3 | M83: =+B83 -> Suministro e instalación de cartera en panel yeso de 12 cm incluye filos, con estructura galvanizada base 9 cal.24 encintada, masillada y rematada, con acabado en pintura de vinilo | N83: =+C83 -> ML | O83: =+D83 -> 40 | P83: =VLOOKUP(L83,'selección precios unitario'!$A$5:$I$418,9,FALSE) -> 46346 | Q83: =+P83*O83 -> 1853840
A84: A. 5,4 | B84: Suministro e instalación de guarda escoba en pvc | C84: ML | D84: 60 | E84: 50000 | F84: =+E84*D84 -> 3000000 | G84: 17277 | H84: =+G84*D84 -> 1036620 | I84: =IFERROR(VLOOKUP(A84,'valores unit indexados'!$A$14:$O$197,15,FALSE),0) -> 37101 | J84: =+I84*D84 -> 2226060 | L84: =+A84 -> A. 5,4 | M84: =+B84 -> Suministro e instalación de guarda escoba en pvc | N84: =+C84 -> ML | O84: =+D84 -> 60 | P84: =VLOOKUP(L84,'selección precios unitario'!$A$5:$I$418,9,FALSE) -> 37101 | Q84: =+P84*O84 -> 2226060
A85: A. 5,5 | B85: Suministro e instalación puerta entamborada (diseño similar a las existentes) cuyas medidas son de 80 cms de ancho x 200 cm alto, incluye marco y chapa, inmunización y pintura en Barniz | C85: UND | D85: 8 | E85: 650000 | F85: =+E85*D85 -> 5200000 | G85: 802118.24 | H85: =+G85*D85 -> 6416945.9 | I85: =IFERROR(VLOOKUP(A85,'valores unit indexados'!$A$14:$O$197,15,FALSE),0) -> 579485 | J85: =+I85*D85 -> 4635880 | L85: =+A85 -> A. 5,5 | M85: =+B85 -> Suministro e instalación puerta entamborada (diseño similar a las existentes) cuyas medidas son de 80 cms de ancho x 200 cm alto, incluye marco y chapa, inmunización y pintura en Barniz | N85: =+C85 -> UND | O85: =+D85 -> 8 | P85: =VLOOKUP(L85,'selección precios unitario'!$A$5:$I$418,9,FALSE) -> 614743 | Q85: =+P85*O85 -> 4917944
A86: A. 5,6 | B86: Suministro e instalación de guarda escoba en cerámica | C86: ML | D86: 1 | E86: 55000 | F86: =+E86*D86 -> 55000 | G86: 17979 | H86: =+G86*D86 -> 17979 | I86: =IFERROR(VLOOKUP(A86,'valores unit indexados'!$A$14:$O$197,15,FALSE),0) -> 16829 | J86: =+I86*D86 -> 16829 | L86: =+A86 -> A. 5,6 | M86: =+B86 -> Suministro e instalación de guarda escoba en cerámica | N86: =+C86 -> ML | O86: =+D86 -> 1 | P86: =VLOOKUP(L86,'selección precios unitario'!$A$5:$I$418,9,FALSE) -> 17404 | Q86: =+P86*O86 -> 17404
A87: A. 5,7 | B87: Suministro e instalación de panel yeso de 1/2 , una cara, encintada, masillada y rematada, con acabado en pintura de vinilo | C87: M2 | D87: 16 | E87: 80000 | F87: =+E87*D87 -> 1280000 | G87: 47528 | H87: =+G87*D87 -> 760448 | I87: =IFERROR(VLOOKUP(A87,'valores unit indexados'!$A$14:$O$197,15,FALSE),0) -> 0 | J87: =+I87*D87 -> 0 | L87: =+A87 -> A. 5,7 | M87: =+B87 -> Suministro e instalación de panel yeso de 1/2 , una cara, encintada, masillada y rematada, con acabado en pintura de vinilo | N87: =+C87 -> M2 | O87: =+D87 -> 16 | P87: =VLOOKUP(L87,'selección precios unitario'!$A$5:$I$418,9,FALSE) -> 63764 | Q87: =+P87*O87 -> 1020224
A88: A. 5,8 | B88: Suministro e instalación Canaleta 100 mm x 45 mm Plástica con división. Blanco PVC auto extinguible y Resistente a impactos hasta de 1 kg, Humedad, Aceites y Químicos., con sus respectivos elementos de Certificado_RETIE_ | C88: ML | D88: 139 | E88: 75000 | F88: =+E88*D88 -> 10425000 | G88: 31265 | H88: =+G88*D88 -> 4345835 | I88: =IFERROR(VLOOKUP(A88,'valores unit indexados'!$A$14:$O$197,15,FALSE),0) -> 70329 | J88: =+I88*D88 -> 9775731 | L88: =+A88 -> A. 5,8 | M88: =+B88 -> Suministro e instalación Canaleta 100 mm x 45 mm Plástica con división. Blanco PVC auto extinguible y Resistente a impactos hasta de 1 kg, Humedad, Aceites y Químicos., con sus respectivos elementos de Certificado_RETIE_ | N88: =+C88 -> ML | O88: =+D88 -> 139 | P88: =VLOOKUP(L88,'selección precios unitario'!$A$5:$I$418,9,FALSE) -> 72665 | Q88: =+P88*O88 -> 10100435
A89: A. 5,9 | B89: Suministro e instalación troquel para toma regulada, toma normal y toma de datos, incluye accesorios para su correcta instalación | C89: UND | D89: 105 | E89: 38000 | F89: =+E89*D89 -> 3990000 | G89: 16263 | H89: =+G89*D89 -> 1707615 | I89: =IFERROR(VLOOKUP(A89,'valores unit indexados'!$A$14:$O$197,15,FALSE),0) -> 31702 | J89: =+I89*D89 -> 3328710 | L89: =+A89 -> A. 5,9 | M89: =+B89 -> Suministro e instalación troquel para toma regulada, toma normal y toma de datos, incluye accesorios para su correcta instalación | N89: =+C89 -> UND | O89: =+D89 -> 105 | P89: =VLOOKUP(L89,'selección precios unitario'!$A$5:$I$418,9,FALSE) -> 34851 | Q89: =+P89*O89 -> 3659355
A90: A. 5,10 | B90: Suministro e instalación de cable UTP Categoría 6A libre de halógeno LSZH | C90: ML | D90: 990 | E90: 10550 | F90: =+E90*D90 -> 10444500 | G90: 4732 | H90: =+G90*D90 -> 4684680 | I90: =IFERROR(VLOOKUP(A90,'valores unit indexados'!$A$14:$O$197,15,FALSE),0) -> 10285 | J90: =+I90*D90 -> 10182150 | L90: =+A90 -> A. 5,10 | M90: =+B90 -> Suministro e instalación de cable UTP Categoría 6A libre de halógeno LSZH | N90: =+C90 -> ML | O90: =+D90 -> 990 | P90: =VLOOKUP(L90,'selección precios unitario'!$A$5:$I$418,9,FALSE) -> 10418 | Q90: =+P90*O90 -> 10313820
A91: A. 5,11 | B91: Suministro e instalación de toma hembra tipo jack rj 45 cat 6ª, utp, para puesto de trabajo o herraje. (incluye jacks rj45 cat. 6a amp, ponchada, maquillado y accesorios necesarios para su instalación) | C91: UND | D91: 35 | E91: 72000 | F91: =+E91*D91 -> 2520000 | G91: 112086 | H91: =+G91*D91 -> 3923010 | I91: =IFERROR(VLOOKUP(A91,'valores unit indexados'!$A$14:$O$197,15,FALSE),0) -> 70740 | J91: =+I91*D91 -> 2475900 | L91: =+A91 -> A. 5,11 | M91: =+B91 -> Suministro e instalación de toma hembra tipo jack rj 45 cat 6ª, utp, para puesto de trabajo o herraje. (incluye jacks rj45 cat. 6a amp, ponchada, maquillado y accesorios necesarios para su instalación) | N91: =+C91 -> UND | O91: =+D91 -> 35 | P91: =VLOOKUP(L91,'selección precios unitario'!$A$5:$I$418,9,FALSE) -> 71370 | Q91: =+P91*O91 -> 2497950
A92: A. 5,12 | B92: Suministro e instalación de faceplate de 1 salida (SOLO DATOS) | C92: UND | D92: 35 | E92: 20000 | F92: =+E92*D92 -> 700000 | G92: 33267 | H92: =+G92*D92 -> 1164345 | I92: =IFERROR(VLOOKUP(A92,'valores unit indexados'!$A$14:$O$197,15,FALSE),0) -> 20219 | J92: =+I92*D92 -> 707665 | L92: =+A92 -> A. 5,12 | M92: =+B92 -> Suministro e instalación de faceplate de 1 salida (SOLO DATOS) | N92: =+C92 -> UND | O92: =+D92 -> 35 | P92: =VLOOKUP(L92,'selección precios unitario'!$A$5:$I$418,9,FALSE) -> 20110 | Q92: =+P92*O92 -> 703850
... A105: A. 5,25 | B105: Suministro e instalación de vidrio templado incoloro de 8mm con perforaciones para dilatadores, (ver imagen1) | C105: UND | D105: 4 | E105: 1900000 | F105: =+E105*D105 -> 7600000 | G105: 138660 | H105: =+G105*D105 -> 554640 | I105: =IFERROR(VLOOKUP(A105,'valores unit indexados'!$A$14:$O$197,15,FALSE),0) -> 0 | J105: =+I105*D105 -> 0 | L105: =+A105 -> A. 5,25 | M105: =+B105 -> Suministro e instalación de vidrio templado incoloro de 8mm con perforaciones para dilatadores, (ver imagen1) | N105: =+C105 -> UND | O105: =+D105 -> 4 | P105: =VLOOKUP(L105,'selección precios unitario'!$A$5:$I$418,9,FALSE) -> 138660 | Q105: =+P105*O105 -> 554640
A106: A. 5,26 | B106: Suministro e instalación mesón o cubierta en aglomerado RH de 30mm, ancho de 50cm, incluye soportes de fijación (color miel hacer aprobar) | C106: ML | D106: 10 | E106: 290000 | F106: =+E106*D106 -> 2900000 | G106: 700000 | H106: =+G106*D106 -> 7000000 | I106: =+'valores unit indexados'!O201 -> 226541 | J106: =+I106*D106 -> 2265410 | L106: =+A106 -> A. 5,26 | M106: =+B106 -> Suministro e instalación mesón o cubierta en aglomerado RH de 30mm, ancho de 50cm, incluye soportes de fijación (color miel hacer aprobar) | N106: =+C106 -> ML | O106: =+D106 -> 10 | P106: =VLOOKUP(L106,'selección precios unitario'!$A$5:$I$418,9,FALSE) -> 243271 | Q106: =+P106*O106 -> 2432710
A107: A. 6 | B107: Muro de Contención antiderrame | F107: =+E107*D107 -> 0 | H107: =+G107*D107 -> 0 | L107: =+A107 -> A. 6 | M107: =+B107 -> Muro de Contención antiderrame
A108: A. 6,1 | B108: Demolición muro existente incluye retiro | C108: M3 | D108: 3 | E108: 180000 | F108: =+E108*D108 -> 540000 | G108: 274603.33 | H108: =+G108*D108 -> 823810 | I108: =IFERROR(VLOOKUP(A108,'valores unit indexados'!$A$14:$O$197,15,FALSE),0) -> 0 | J108: =+I108*D108 -> 0 | L108: =+A108 -> A. 6,1 | M108: =+B108 -> Demolición muro existente incluye retiro | N108: =+C108 -> M3 | O108: =+D108 -> 3 | P108: =VLOOKUP(L108,'selección precios unitario'!$A$5:$I$418,9,FALSE) -> 180000 | Q108: =+P108*O108 -> 540000
A109: A. 6,2 | B109: Fabricación muro en ladrillo estructural - altura 70 cm incluye viga, dovelas, grouting, ladrillo estructural 14x19x39 cm, mortero | C109: M2 | D109: 17 | E109: 320000 | F109: =+E109*D109 -> 5440000 | G109: 82368 | H109: =+G109*D109 -> 1400256 | I109: =IFERROR(VLOOKUP(A109,'valores unit indexados'!$A$14:$O$197,15,FALSE),0) -> 0 | J109: =+I109*D109 -> 0 | L109: =+A109 -> A. 6,2 | M109: =+B109 -> Fabricación muro en ladrillo estructural - altura 70 cm incluye viga, dovelas, grouting, ladrillo estructural 14x19x39 cm, mortero | N109: =+C109 -> M2 | O109: =+D109 -> 17 | P109: =VLOOKUP(L109,'selección precios unitario'!$A$5:$I$418,9,FALSE) -> 320000 | Q109: =+P109*O109 -> 5440000
A110: A. 6,3 | B110: Suministro y fabricación guardaescoba en concreto en media caña 10 cm | C110: ML | D110: 33 | E110: 45000 | F110: =+E110*D110 -> 1485000 | G110: 29133 | H110: =+G110*D110 -> 961389 | I110: =IFERROR(VLOOKUP(A110,'valores unit indexados'!$A$14:$O$197,15,FALSE),0) -> 0 | J110: =+I110*D110 -> 0 | L110: =+A110 -> A. 6,3 | M110: =+B110 -> Suministro y fabricación guardaescoba en concreto en media caña 10 cm | N110: =+C110 -> ML | O110: =+D110 -> 33 | P110: =VLOOKUP(L110,'selección precios unitario'!$A$5:$I$418,9,FALSE) -> 37067 | Q110: =+P110*O110 -> 1223211
A111: A. 6,4 | B111: Suministro y aplicación de mortero 1:3 esmaltado | C111: M2 | D111: 24 | E111: 42000 | F111: =+E111*D111 -> 1008000 | G111: 32500 | H111: =+G111*D111 -> 780000 | I111: =IFERROR(VLOOKUP(A111,'valores unit indexados'!$A$14:$O$197,15,FALSE),0) -> 0 | J111: =+I111*D111 -> 0 | L111: =+A111 -> A. 6,4 | M111: =+B111 -> Suministro y aplicación de mortero 1:3 esmaltado | N111: =+C111 -> M2 | O111: =+D111 -> 24 | P111: =VLOOKUP(L111,'selección precios unitario'!$A$5:$I$418,9,FALSE) -> 37250 | Q111: =+P111*O111 -> 894000
A112: A. 6,5 | B112: Corte de concreto con pulidora y/o cortadora | C112: ML | D112: 3 | E112: 30000 | F112: =+E112*D112 -> 90000 | G112: 16117.178 | H112: =+G112*D112 -> 48351.534 | I112: =IFERROR(VLOOKUP(A112,'valores unit indexados'!$A$14:$O$197,15,FALSE),0) -> 13382 | J112: =+I112*D112 -> 40146 | L112: =+A112 -> A. 6,5 | M112: =+B112 -> Corte de concreto con pulidora y/o cortadora | N112: =+C112 -> ML | O112: =+D112 -> 3 | P112: =VLOOKUP(L112,'selección precios unitario'!$A$5:$I$418,9,FALSE) -> 14833 | Q112: =+P112*O112 -> 44499
A113: A. 6,6 | B113: excavación tierra a mano 30 cm | C113: M3 | D113: 1 | E113: 120000 | F113: =+E113*D113 -> 120000 | G113: 50000 | H113: =+G113*D113 -> 50000 | I113: =+'valores unit indexados'!O200 -> 33513 | J113: =+I113*D113 -> 33513 | L113: =+A113 -> A. 6,6 | M113: =+B113 -> excavación tierra a mano 30 cm | N113: =+C113 -> M3 | O113: =+D113 -> 1 | P113: =VLOOKUP(L113,'selección precios unitario'!$A$5:$I$418,9,FALSE) -> 41757 | Q113: =+P113*O113 -> 41757
A114: A. 6,7 | B114: Suministro e instalación tubería sanitaria PVC 4" con sus respectivos accesorios | C114: ML | D114: 3 | E114: 45000 | F114: =+E114*D114 -> 135000 | G114: 75897.668 | H114: =+G114*D114 -> 227693 | I114: =IFERROR(VLOOKUP(A114,'valores unit indexados'!$A$14:$O$197,15,FALSE),0) -> 75401 | J114: =+I114*D114 -> 226203 | L114: =+A114 -> A. 6,7 | M114: =+B114 -> Suministro e instalación tubería sanitaria PVC 4" con sus respectivos accesorios | N114: =+C114 -> ML | O114: =+D114 -> 3 | P114: =VLOOKUP(L114,'selección precios unitario'!$A$5:$I$418,9,FALSE) -> 48692 | Q114: =+P114*O114 -> 146076
A115: A. 6,8 | B115: Suministro e instalación muro en perfilería de 90mm en placa de RF espesor 12,7 mm , una cara, incluye estructura | C115: M2 | D115: 20 | E115: 130000 | F115: =+E115*D115 -> 2600000 | G115: 180000 | H115: =+G115*D115 -> 3600000 | I115: =IFERROR(VLOOKUP(A115,'valores unit indexados'!$A$14:$O$197,15,FALSE),0) -> 0 | J115: =+I115*D115 -> 0 | L115: =+A115 -> A. 6,8 | M115: =+B115 -> Suministro e instalación muro en perfilería de 90mm en placa de RF espesor 12,7 mm , una cara, incluye estructura | N115: =+C115 -> M2 | O115: =+D115 -> 20 | P115: =VLOOKUP(L115,'selección precios unitario'!$A$5:$I$418,9,FALSE) -> 155000 | Q115: =+P115*O115 -> 3100000
A116: A. 6,9 | B116: Retiro escombros en Volqueta, a centro de acopio certificado | C116: M3 | D116: 2 | E116: 100000 | F116: =+E116*D116 -> 200000 | G116: 81356 | H116: =+G116*D116 -> 162712 | I116: =IFERROR(VLOOKUP(A116,'valores unit indexados'!$A$14:$O$197,15,FALSE),0) -> 77455 | J116: =+I116*D116 -> 154910 | L116: =+A116 -> A. 6,9 | M116: =+B116 -> Retiro escombros en Volqueta, a centro de acopio certificado | N116: =+C116 -> M3 | O116: =+D116 -> 2 | P116: =VLOOKUP(L116,'selección precios unitario'!$A$5:$I$418,9,FALSE) -> 79406 | Q116: =+P116*O116 -> 158812
A117: A. 7 | B117: Sellamiento de fisuras piso y muros | F117: =+E117*D117 -> 0 | H117: =+G117*D117 -> 0 | L117: =+A117 -> A. 7 | M117: =+B117 -> Sellamiento de fisuras piso y muros
A118: A. 7,1 | B118: Corte de concreto con pulidora y/o cortadora | C118: ML | D118: 220 | E118: 15000 | F118: =+E118*D118 -> 3300000 | G118: 16117.178 | H118: =+G118*D118 -> 3545779.2 | I118: =IFERROR(VLOOKUP(A118,'valores unit indexados'!$A$14:$O$197,15,FALSE),0) -> 13382 | J118: =+I118*D118 -> 2944040 | L118: =+A118 -> A. 7,1 | M118: =+B118 -> Corte de concreto con pulidora y/o cortadora | N118: =+C118 -> ML | O118: =+D118 -> 220 | P118: =VLOOKUP(L118,'selección precios unitario'!$A$5:$I$418,9,FALSE) -> 14833 | Q118: =+P118*O118 -> 3263260
A119: A. 7,2 | B119: suministro y aplicación de adhesivo y sellador de juntas elástico para interior y exterior | C119: ML | D119: 120 | E119: 40000 | F119: =+E119*D119 -> 4800000 | G119: 31213 | H119: =+G119*D119 -> 3745560 | I119: =IFERROR(VLOOKUP(A119,'valores unit indexados'!$A$14:$O$197,15,FALSE),0) -> 39615 | J119: =+I119*D119 -> 4753800 | L119: =+A119 -> A. 7,2 | M119: =+B119 -> suministro y aplicación de adhesivo y sellador de juntas elástico para interior y exterior | N119: =+C119 -> ML | O119: =+D119 -> 120 | P119: =VLOOKUP(L119,'selección precios unitario'!$A$5:$I$418,9,FALSE) -> 36943 | Q119: =+P119*O119 -> 4433160
...

Sheet POE
B1: POE
B3: RESUMEN | H3: grupos | I3: No meses | J3: %
B4: EDIFICIO/CONSTRUCCÓN | C4: SI | D4: SIN AIU | G4: Cali | H4: =+O5 -> 458587652 | I4: =+ejecución!C2 -> 3 | J4: =+H4/$H$8 -> 0.35433612 | O4: CON AIU
A5: A | B5: =+B31 -> Palacio de Justicia de Cali "PEDRO ELIAS SERRANO ABADIA | C5: X | D5: =+Q117 -> 364377777 | G5: El Dovio, Obando, San Jose | H5: =+O6+O11+O12 -> 92690320 | I5: =+ejecución!C3 -> 1 | J5: =+H5/$H$8 -> 0.071618868 | O5: =+Q122 -> 458587652
A6: B | B6: =+B124 -> Juzgado Promiscuo Municipal de el Dovio - | C6: X | D6: =+Q136 -> 3789977 | G6: Buenaventura | H6: =+O10+O9 -> 335792733 | I6: =+ejecución!C4 -> 2 | J6: =+H6/$H$8 -> 0.25945639 | O6: =+Q141 -> 4769876
A7: C | B7: =+B143 -> Palacio de Justicia "SIMON DAVID CARREJO BEJARANO" Palmira | C7: X | D7: =+Q204 -> 246446287 | G7: Palmira / Tulua | H7: =+O13+O8+O7 -> 407145783 | I7: =+ejecución!C5 -> 3 | J7: =+H7/$H$8 -> 0.31458862 | O7: =+Q209 -> 310164975
A8: D | B8: =+B211 -> Sede de Familia de Palmira | C8: X | D8: =+Q276 -> 57663736 | G8: total | H8: =SUM(H4:H7) -> 1294216488 | I8: =SUM(I4:I7) -> 9 | J8: =+H8/$H$8 -> 1 | O8: =+Q281 -> 72572695
A9: E | B9: =+B283 -> Palacio Nacional de Buenaventura | C9: X | D9: =+Q341 -> 183863257 | O9: =+Q346 -> 231401103
A10: F | B10: =+B348 -> Edificio de Transferencia de Buenaventura | C10: X | D10: =+Q380 -> 82945954 | O10: =+Q385 -> 104391630
A11: G | B11: =+B387 -> Juzgado Promiscuo Municipal de Obando | C11: X | D11: =+Q417 -> 18128081 | O11: =+Q422 -> 22815097
A12: H | B12: =+B424 -> Juzgado Promiscuo Municipal de San José del Palmar | C12: X | D12: =+Q457 -> 51730441 | O12: =+Q462 -> 65105347
A13: J | B13: =+B464 -> Palacio de Justicia de Tuluá | C13: X | D13: =+Q470 -> 19393836 | O13: =+Q475 -> 24408113
B14: COSTO DIRECTO TOTAL | D14: =SUM(D5:D13) -> 1028339346 | O14: =SUM(O5:O13) -> 1294216488 | V14: =+D14*(1+$V$19) -> 1294216484
B15: =+N478 -> ADMINISTRACION | C15: =+P478 -> 0.185 | D15: =ROUND($D$14*C15,0) -> 190242779 | V15: =IF(D19=V14,"OK","REVISAR") -> OK
B16: =+N479 -> IMPREVISTOS | C16: =+P479 -> 0.02 | D16: =ROUND($D$14*C16,0) -> 20566787
B17: =+N480 -> UTILIDAD | C17: =+P480 -> 0.045 | D17: =ROUND($D$14*C17,0) -> 46275271
B18: =+N481 -> IVA SOBRE UTILIDAD | C18: =+P481 -> 0.19 | D18: =ROUND($D$17*C18,0) -> 8792301
B19: =+N482 -> VALOR TOTAL INCLUIDO AIU E IVA | D19: =SUM(D14:D18) -> 1294216484 | V19: =(D19/D14)-1 -> 0.25855
M20: PRESUPUESTO | O20: 1297000000
M21: DIFERENCIA | O21: =+O20-D19 -> 2783516
B26: Consejo Superior de la Judicatura Dirección Ejecutiva Seccional de Administración Judicial de Cali – Valle del Cauca
A27: FORMATO CONTROL DE EJECUCIÓN DE OBRA - BALANCE Y CORTE DE OBRA
A28: OBJETO DEL CONTRATO: Realizar mantenimiento, adecuaciones y reparaciones a los inmuebles Palacio de Justicia de Cali "PEDRO ELIAS SERRANO ABADIA",Juzgado Promiscuo Municipal de el Dovio, Palacio de Justicia "SIMON DAVID CARREJO BEJARANO", Sede Familia de Palmira, Palacio Nacional de Buenaventura, Edificio Transferencias, Juzgado Promiscuo Municipal de Obando, Juzgado Promiscuo Municipal de San José del Palmar,
A30: Condiciones contractuales
A31: A. | B31: Palacio de Justicia de Cali "PEDRO ELIAS SERRANO ABADIA | E31: =+'estudio inicial precios'!E32:F32 -> COTIZACIÓN 1 - | G31: COTIZACIÓN 2 | I31: OTROS CONTRATOS REALIZADOS POR LA ENTIDAD | L31: A.
A32: ITEM | B32: DESCRIPCION | C32: UND | D32: CANTIDAD | E32: VALOR UNITARIO | F32: VALOR TOTAL | G32: VALOR UNITARIO | H32: VALOR TOTAL | I32: VALOR UNITARIO INDEXADO | J32: VALOR TOTAL | L32: =+A32 -> ITEM | M32: =+B32 -> DESCRIPCION | N32: =+C32 -> UND | O32: =+D32 -> CANTIDAD | P32: VALOR UNITARIO PROMEDIO | Q32: VALOR TOTAL
A33: A. 2 | B33: Actividades para cubierta de la terraza torre A - Fase C | F33: =+E33*D33 -> 0 | H33: =+G33*D33 -> 0 | L33: =+A33 -> A. 2
A34: A. 2,1 | B34: Suministro e instalación de bases en concreto de 20 cm x 20 cm fundidos sobre losa de terraza | C34: UND | D34: 52 | E34: 66000 | F34: =+E34*D34 -> 3432000 | G34: 32500 | H34: =+G34*D34 -> 1690000 | I34: =IFERROR(VLOOKUP(A34,'valores unit indexados'!$A$14:$O$197,15,FALSE),0) -> 64568 | J34: =+I34*D34 -> 3357536 | L34: =+A34 -> A. 2,1 | M34: =+B34 -> Suministro e instalación de bases en concreto de 20 cm x 20 cm fundidos sobre losa de terraza | N34: =+C34 -> UND | O34: =+D34 -> 52 | P34: =+'estudio inicial precios'!P49 -> 65284 | Q34: =+P34*O34 -> 3394768
A35: A. 2,2 | B35: Suministro e instalación de platina 3/8 cuyas medidas oscilan así: 10 cm x 15 cm y 15 cm x 15 cm, incluye materiales complementarios de conexión, acero, corte, soldadura, anclajes, cartelas, tornillos, varilla de 1/2 soldada para anclaje sobre bases de concreto. | C35: UND | D35: 52 | E35: 66000 | F35: =+E35*D35 -> 3432000 | G35: 35581 | H35: =+G35*D35 -> 1850212 | I35: =IFERROR(VLOOKUP(A35,'valores unit indexados'!$A$14:$O$197,15,FALSE),0) -> 64421 | J35: =+I35*D35 -> 3349892 | L35: =+A35 -> A. 2,2 | M35: =+B35 -> Suministro e instalación de platina 3/8 cuyas medidas oscilan así: 10 cm x 15 cm y 15 cm x 15 cm, incluye materiales complementarios de conexión, acero, corte, soldadura, anclajes, cartelas, tornillos, varilla de 1/2 soldada para anclaje sobre bases de concreto. | N35: =+C35 -> UND | O35: =+D35 -> 52 | P35: =+'estudio inicial precios'!P50 -> 65211 | Q35: =+P35*O35 -> 3390972
A36: A. 2,3 | B36: Suministro e instalación de estructura metálica para cubierta en tubería 100 cm x 100 cm calibre 2 mm, incluye pintura 3 en 2 | C36: ML | D36: 97 | E36: 118000 | F36: =+E36*D36 -> 11446000 | G36: 132301 | H36: =+G36*D36 -> 12833197 | I36: =IFERROR(VLOOKUP(A36,'valores unit indexados'!$A$14:$O$197,15,FALSE),0) -> 115095 | J36: =+I36*D36 -> 11164215 | L36: =+A36 -> A. 2,3 | M36: =+B36 -> Suministro e instalación de estructura metálica para cubierta en tubería 100 cm x 100 cm calibre 2 mm, incluye pintura 3 en 2 | N36: =+C36 -> ML | O36: =+D36 -> 97 | P36: =+'estudio inicial precios'!P51 -> 108965 | Q36: =+P36*O36 -> 10569605
A37: A. 2,4 | B37: Suministro e instalación de estructura metálica para cubierta en tubería 100 cm x 50 cm calibre 2 mm, incluye pintura 3 en 1 | C37: ML | D37: 212 | E37: 110000 | F37: =+E37*D37 -> 23320000 | G37: 110500 | H37: =+G37*D37 -> 23426000 | I37: =IFERROR(VLOOKUP(A37,'valores unit indexados'!$A$14:$O$197,15,FALSE),0) -> 106395 | J37: =+I37*D37 -> 22555740 | L37: =+A37 -> A. 2,4 | M37: =+B37 -> Suministro e instalación de estructura metálica para cubierta en tubería 100 cm x 50 cm calibre 2 mm, incluye pintura 3 en 1 | N37: =+C37 -> ML | O37: =+D37 -> 212 | P37: =+'estudio inicial precios'!P52 -> 108965 | Q37: =+P37*O37 -> 23100580
A38: A. 2,5 | B38: Suministro e instalación de estructura metálica para cubierta en tubería 80 cm x 40 cm calibre 2 mm, incluye pintura 3 en 1 | C38: ML | D38: 255 | E38: 100000 | F38: =+E38*D38 -> 25500000 | G38: 104000 | H38: =+G38*D38 -> 26520000 | I38: =IFERROR(VLOOKUP(A38,'valores unit indexados'!$A$14:$O$197,15,FALSE),0) -> 97346 | J38: =+I38*D38 -> 24823230 | L38: =+A38 -> A. 2,5 | M38: =+B38 -> Suministro e instalación de estructura metálica para cubierta en tubería 80 cm x 40 cm calibre 2 mm, incluye pintura 3 en 1 | N38: =+C38 -> ML | O38: =+D38 -> 255 | P38: =+'estudio inicial precios'!P53 -> 100449 | Q38: =+P38*O38 -> 25614495
A39: A. 2,6 | B39: Suministro e instalación de teja upvc 2.5 mm, incluye tornillería para su correcta instalación sobre estructura metálica | C39: M2 | D39: 330 | E39: 80000 | F39: =+E39*D39 -> 26400000 | G39: 65949 | H39: =+G39*D39 -> 21763170 | I39: =IFERROR(VLOOKUP(A39,'valores unit indexados'!$A$14:$O$197,15,FALSE),0) -> 77917 | J39: =+I39*D39 -> 25712610 | L39: =+A39 -> A. 2,6 | M39: =+B39 -> Suministro e instalación de teja upvc 2.5 mm, incluye tornillería para su correcta instalación sobre estructura metálica | N39: =+C39 -> M2 | O39: =+D39 -> 330 | P39: =+'estudio inicial precios'!P54 -> 74622 | Q39: =+P39*O39 -> 24625260
A40: A. 2,7 | B40: Suministro e instalación de caballete para teja upvc 2.5 mm, incluye accesorios para su correcta instalación | C40: ML | D40: 28 | E40: 92000 | F40: =+E40*D40 -> 2576000 | G40: 72813 | H40: =+G40*D40 -> 2038764 | I40: =IFERROR(VLOOKUP(A40,'valores unit indexados'!$A$14:$O$197,15,FALSE),0) -> 89336 | J40: =+I40*D40 -> 2501408 | L40: =+A40 -> A. 2,7 | M40: =+B40 -> Suministro e instalación de caballete para teja upvc 2.5 mm, incluye accesorios para su correcta instalación | N40: =+C40 -> ML | O40: =+D40 -> 28 | P40: =+'estudio inicial precios'!P55 -> 84716 | Q40: =+P40*O40 -> 2372048
A41: A. 2,8 | B41: Suministro e instalación de Canal en lamina galvanizada cal 22, incluye platina para soporte canal | C41: ML | D41: 40 | E41: 94000 | F41: =+E41*D41 -> 3760000 | G41: 113048 | H41: =+G41*D41 -> 4521920 | I41: =IFERROR(VLOOKUP(A41,'valores unit indexados'!$A$14:$O$197,15,FALSE),0) -> 91145 | J41: =+I41*D41 -> 3645800 | L41: =+A41 -> A. 2,8 | M41: =+B41 -> Suministro e instalación de Canal en lamina galvanizada cal 22, incluye platina para soporte canal | N41: =+C41 -> ML | O41: =+D41 -> 40 | P41: =+'estudio inicial precios'!P56 -> 92573 | Q41: =+P41*O41 -> 3702920
A42: A. 2,9 | B42: Corte de muro con pulidora | C42: ML | D42: 40 | E42: 16000 | F42: =+E42*D42 -> 640000 | G42: 16848 | H42: =+G42*D42 -> 673920 | I42: =IFERROR(VLOOKUP(A42,'valores unit indexados'!$A$14:$O$197,15,FALSE),0) -> 13382 | J42: =+I42*D42 -> 535280 | L42: =+A42 -> A. 2,9 | M42: =+B42 -> Corte de muro con pulidora | N42: =+C42 -> ML | O42: =+D42 -> 40 | P42: =+'estudio inicial precios'!P57 -> 15410 | Q42: =+P42*O42 -> 616400
A43: A. 2,10 | B43: Suministro e instalación de Solapa en lamina galvanizada Cal 24, incluye sellador sobre muro | C43: ML | D43: 70 | E43: 46000 | F43: =+E43*D43 -> 3220000 | G43: 57837 | H43: =+G43*D43 -> 4048590 | I43: =IFERROR(VLOOKUP(A43,'valores unit indexados'!$A$14:$O$197,15,FALSE),0) -> 0 | J43: =+I43*D43 -> 0 | L43: =+A43 -> A. 2,10 | M43: =+B43 -> Suministro e instalación de Solapa en lamina galvanizada Cal 24, incluye sellador sobre muro | N43: =+C43 -> ML | O43: =+D43 -> 70 | P43: =+'estudio inicial precios'!P58 -> 51919 | Q43: =+P43*O43 -> 3634330
A44: A. 2,11 | B44: Suministro e instalación de soscos para canal en 3" | C44: UND | D44: 10 | E44: 27000 | F44: =+E44*D44 -> 270000 | G44: 6667.1 | H44: =+G44*D44 -> 66671 | I44: =IFERROR(VLOOKUP(A44,'valores unit indexados'!$A$14:$O$197,15,FALSE),0) -> 26036 | J44: =+I44*D44 -> 260360 | L44: =+A44 -> A. 2,11 | M44: =+B44 -> Suministro e instalación de soscos para canal en 3" | N44: =+C44 -> UND | O44: =+D44 -> 10 | P44: =+'estudio inicial precios'!P59 -> 26518 | Q44: =+P44*O44 -> 265180
A45: A. 2,12 | B45: Suministro e instalación tubería sanitaria de 4 " incluye accesorios. | C45: ML | D45: 80 | E45: 48000 | F45: =+E45*D45 -> 3840000 | G45: 36283 | H45: =+G45*D45 -> 2902640 | I45: =IFERROR(VLOOKUP(A45,'valores unit indexados'!$A$14:$O$197,15,FALSE),0) -> 75401 | J45: =+I45*D45 -> 6032080 | L45: =+A45 -> A. 2,12 | M45: =+B45 -> Suministro e instalación tubería sanitaria de 4 " incluye accesorios. | N45: =+C45 -> ML | O45: =+D45 -> 80 | P45: =+'estudio inicial precios'!P60 -> 42142 | Q45: =+P45*O45 -> 3371360
... A47: A. 2,14 | B47: Suministro e instalación pasarela o plataforma metálica en rejilla de acero con 2 pasos en cada extremo cuyas medidas son 80 cm ancho, 160cm de largo y 40 cm de latura, incluye pasamanos | C47: UND | D47: 1 | E47: 1200000 | F47: =+E47*D47 -> 1200000 | G47: 550000 | H47: =+G47*D47 -> 550000 | I47: =IFERROR(VLOOKUP(A47,'valores unit indexados'!$A$14:$O$197,15,FALSE),0) -> 0 | J47: =+I47*D47 -> 0 | L47: =+A47 -> A. 2,14 | M47: =+B47 -> Suministro e instalación pasarela o plataforma metálica en rejilla de acero con 2 pasos en cada extremo cuyas medidas son 80 cm ancho, 160cm de largo y 40 cm de latura, incluye pasamanos | N47: =+C47 -> UND | O47: =+D47 -> 1 | P47: =+'estudio inicial precios'!P62 -> 875000 | Q47: =+P47*O47 -> 875000
A48: A. 3 | B48: Impermeabilización cubierta de cuartos técnicos terraza torre A | F48: =+E48*D48 -> 0 | H48: =+G48*D48 -> 0 | L48: =+A48 -> A. 3
A49: A. 3,1 | B49: Retiro de manto existente, incluye retiro de escombros | C49: M2 | D49: 191 | E49: 20000 | F49: =+E49*D49 -> 3820000 | G49: 19500 | H49: =+G49*D49 -> 3724500 | I49: =IFERROR(VLOOKUP(A49,'valores unit indexados'!$A$14:$O$197,15,FALSE),0) -> 14660 | J49: =+I49*D49 -> 2800060 | L49: =+A49 -> A. 3,1 | M49: =+B49 -> Retiro de manto existente, incluye retiro de escombros | N49: =+C49 -> M2 | O49: =+D49 -> 191 | P49: =+'estudio inicial precios'!P64 -> 18053 | Q49: =+P49*O49 -> 3448123
A50: A. 3,2 | B50: Lavada y destronque de terraza a máquina (para retirar material bituminoso, incluye retiro) | C50: M2 | D50: 191 | E50: 35000 | F50: =+E50*D50 -> 6685000 | G50: 3731 | H50: =+G50*D50 -> 712621 | I50: =IFERROR(VLOOKUP(A50,'valores unit indexados'!$A$14:$O$197,15,FALSE),0) -> 29150 | J50: =+I50*D50 -> 5567650 | L50: =+A50 -> A. 3,2 | M50: =+B50 -> Lavada y destronque de terraza a máquina (para retirar material bituminoso, incluye retiro) | N50: =+C50 -> M2 | O50: =+D50 -> 191 | P50: =+'estudio inicial precios'!P65 -> 32075 | Q50: =+P50*O50 -> 6126325
A51: A. 3,3 | B51: Suministro e instalación de membrana pvc (incluye perlines de fijación) | C51: M2 | D51: 51 | E51: 280000 | F51: =+E51*D51 -> 14280000 | G51: 128700 | H51: =+G51*D51 -> 6563700 | I51: =IFERROR(VLOOKUP(A51,'valores unit indexados'!$A$14:$O$197,15,FALSE),0) -> 227816 | J51: =+I51*D51 -> 11618616 | L51: =+A51 -> A. 3,3 | M51: =+B51 -> Suministro e instalación de membrana pvc (incluye perlines de fijación) | N51: =+C51 -> M2 | O51: =+D51 -> 51 | P51: =+'estudio inicial precios'!P66 -> 212172 | Q51: =+P51*O51 -> 10820772
A52: A. 3,4 | B52: Suministro e instalación de enchape antideslizante | C52: M2 | D52: 140 | E52: 120000 | F52: =+E52*D52 -> 16800000 | G52: 45981 | H52: =+G52*D52 -> 6437340 | I52: =IFERROR(VLOOKUP(A52,'valores unit indexados'!$A$14:$O$197,15,FALSE),0) -> 0 | J52: =+I52*D52 -> 0 | L52: =+A52 -> A. 3,4 | M52: =+B52 -> Suministro e instalación de enchape antideslizante | N52: =+C52 -> M2 | O52: =+D52 -> 140 | P52: =+'estudio inicial precios'!P67 -> 82991 | Q52: =+P52*O52 -> 11618740
A53: A. 3,5 | B53: Suministro y aplicación de mortero 1:3 con aditivo impermeabilizante espesor 5 cm con pendiente y terminación en cero. | C53: M2 | D53: 140 | E53: 45000 | F53: =+E53*D53 -> 6300000 | G53: 32500 | H53: =+G53*D53 -> 4550000 | I53: =IFERROR(VLOOKUP(A53,'valores unit indexados'!$A$14:$O$197,15,FALSE),0) -> 0 | J53: =+I53*D53 -> 0 | L53: =+A53 -> A. 3,5 | M53: =+B53 -> Suministro y aplicación de mortero 1:3 con aditivo impermeabilizante espesor 5 cm con pendiente y terminación en cero. | N53: =+C53 -> M2 | O53: =+D53 -> 140 | P53: =+'estudio inicial precios'!P68 -> 38750 | Q53: =+P53*O53 -> 5425000
A54: A. 4 | B54: Tratamiento de humedades en muros y cielos, incluye resane, estuco y pintura (gimnasio, despachos, cuartos técnicos terraza Torre A) | F54: =+E54*D54 -> 0 | H54: =+G54*D54 -> 0 | L54: =+A54 -> A. 4
A55: A. 4,1 | B55: Rasqueteada de pintura y retiro de mortero en mal estado | C55: M2 | D55: 247 | E55: 9000 | F55: =+E55*D55 -> 2223000 | G55: 5200 | H55: =+G55*D55 -> 1284400 | I55: =IFERROR(VLOOKUP(A55,'valores unit indexados'!$A$14:$O$197,15,FALSE),0) -> 6890 | J55: =+I55*D55 -> 1701830 | L55: =+A55 -> A. 4,1 | M55: =+B55 -> Rasqueteada de pintura y retiro de mortero en mal estado | N55: =+C55 -> M2 | O55: =+D55 -> 247 | P55: =+'estudio inicial precios'!P70 -> 6630 | Q55: =+P55*O55 -> 1637610
A56: A. 4,2 | B56: Suministro e instalación de recubrimiento cementoso (Recubrimiento a base de cemento, arena y aditivos especiales), impermeable para muros color blanco | C56: M2 | D56: 247 | E56: 48000 | F56: =+E56*D56 -> 11856000 | G56: 45500 | H56: =+G56*D56 -> 11238500 | I56: =IFERROR(VLOOKUP(A56,'valores unit indexados'!$A$14:$O$197,15,FALSE),0) -> 41660 | J56: =+I56*D56 -> 10290020 | L56: =+A56 -> A. 4,2 | M56: =+B56 -> Suministro e instalación de recubrimiento cementoso (Recubrimiento a base de cemento, arena y aditivos especiales), impermeable para muros color blanco | N56: =+C56 -> M2 | O56: =+D56 -> 247 | P56: =+'estudio inicial precios'!P71 -> 45053 | Q56: =+P56*O56 -> 11128091
A57: A. 4,3 | B57: Suministro y aplicación de estuco plástico | C57: M2 | D57: 247 | E57: 28000 | F57: =+E57*D57 -> 6916000 | G57: 11700 | H57: =+G57*D57 -> 2889900 | I57: =IFERROR(VLOOKUP(A57,'valores unit indexados'!$A$14:$O$197,15,FALSE),0) -> 24610 | J57: =+I57*D57 -> 6078670 | L57: =+A57 -> A. 4,3 | M57: =+B57 -> Suministro y aplicación de estuco plástico | N57: =+C57 -> M2 | O57: =+D57 -> 247 | P57: =+'estudio inicial precios'!P72 -> 26305 | Q57: =+P57*O57 -> 6497335
A58: A. 4,4 | B58: Suministro y aplicación de vinilo tipo 1 (3 manos) | C58: M2 | D58: 353 | E58: 19000 | F58: =+E58*D58 -> 6707000 | G58: 8710 | H58: =+G58*D58 -> 3074630 | I58: =IFERROR(VLOOKUP(A58,'valores unit indexados'!$A$14:$O$197,15,FALSE),0) -> 0 | J58: =+I58*D58 -> 0 | L58: =+A58 -> A. 4,4 | M58: =+B58 -> Suministro y aplicación de vinilo tipo 1 (3 manos) | N58: =+C58 -> M2 | O58: =+D58 -> 353 | P58: =+'estudio inicial precios'!P73 -> 19000 | Q58: =+P58*O58 -> 6707000
A59: A. 4,5 | B59: Suministro y aplicación de pintura en esmalte | C59: M2 | D59: 67.162 | E59: 18000 | F59: =+E59*D59 -> 1208916 | G59: 8710 | H59: =+G59*D59 -> 584981.02 | I59: =IFERROR(VLOOKUP(A59,'valores unit indexados'!$A$14:$O$197,15,FALSE),0) -> 17005 | J59: =+I59*D59 -> 1142089.8 | L59: =+A59 -> A. 4,5 | M59: =+B59 -> Suministro y aplicación de pintura en esmalte | N59: =+C59 -> M2 | O59: =+D59 -> 67.162 | P59: =+'estudio inicial precios'!P74 -> 17503 | Q59: =ROUND(P59*O59,0) -> 1175536
A60: A. 4,6 | B60: Suministro y aplicación de pintura cielo vinilo tipo 1 | C60: M2 | D60: 66 | E60: 17000 | F60: =+E60*D60 -> 1122000 | G60: 8710 | H60: =+G60*D60 -> 574860 | I60: =IFERROR(VLOOKUP(A60,'valores unit indexados'!$A$14:$O$197,15,FALSE),0) -> 0 | J60: =+I60*D60 -> 0 | L60: =+A60 -> A. 4,6 | M60: =+B60 -> Suministro y aplicación de pintura cielo vinilo tipo 1 | N60: =+C60 -> M2 | O60: =+D60 -> 66 | P60: =+'estudio inicial precios'!P75 -> 17000 | Q60: =+P60*O60 -> 1122000
A61: A. 4,7 | B61: Rasqueteada de pintura y retiro de mortero en mal estado | C61: ML | D61: 73 | E61: 7500 | F61: =+E61*D61 -> 547500 | G61: 5200 | H61: =+G61*D61 -> 379600 | I61: =IFERROR(VLOOKUP(A61,'valores unit indexados'!$A$14:$O$197,15,FALSE),0) -> 0 | J61: =+I61*D61 -> 0 | L61: =+A61 -> A. 4,7 | M61: =+B61 -> Rasqueteada de pintura y retiro de mortero en mal estado | N61: =+C61 -> ML | O61: =+D61 -> 73 | P61: =+'estudio inicial precios'!P76 -> 4700 | Q61: =+P61*O61 -> 343100
A62: A. 4,8 | B62: Suministro y aplicación de estuco plástico | C62: ML | D62: 121 | E62: 16800 | F62: =+E62*D62 -> 2032800 | G62: 11700 | H62: =+G62*D62 -> 1415700 | I62: =IFERROR(VLOOKUP(A62,'valores unit indexados'!$A$14:$O$197,15,FALSE),0) -> 24610 | J62: =+I62*D62 -> 2977810 | L62: =+A62 -> A. 4,8 | M62: =+B62 -> Suministro y aplicación de estuco plástico | N62: =+C62 -> ML | O62: =+D62 -> 121 | P62: =+'estudio inicial precios'!P77 -> 20705 | Q62: =+P62*O62 -> 2505305
A63: A. 4,9 | B63: Suministro y aplicación de vinilo tipo 2 (3 manos) | C63: ML | D63: 121 | E63: 10200 | F63: =+E63*D63 -> 1234200 | G63: 5200 | H63: =+G63*D63 -> 629200 | I63: =IFERROR(VLOOKUP(A63,'valores unit indexados'!$A$14:$O$197,15,FALSE),0) -> 0 | J63: =+I63*D63 -> 0 | L63: =+A63 -> A. 4,9 | M63: =+B63 -> Suministro y aplicación de vinilo tipo 2 (3 manos) | N63: =+C63 -> ML | O63: =+D63 -> 121 | P63: =+'estudio inicial precios'!P78 -> 6120 | Q63: =+P63*O63 -> 740520
A64: A. 4,10 | B64: Suministro y aplicación de pintura en esmalte | C64: ML | D64: 73 | E64: 10800 | F64: =+E64*D64 -> 788400 | G64: 5200 | H64: =+G64*D64 -> 379600 | I64: =IFERROR(VLOOKUP(A64,'valores unit indexados'!$A$14:$O$197,15,FALSE),0) -> 0 | J64: =+I64*D64 -> 0 | L64: =+A64 -> A. 4,10 | M64: =+B64 -> Suministro y aplicación de pintura en esmalte | N64: =+C64 -> ML | O64: =+D64 -> 73 | P64: =+'estudio inicial precios'!P79 -> 8000 | Q64: =+P64*O64 -> 584000
A65: A. 5 | B65: Divisiones en panel yeso - Instalaciones Eléctricas de voz y datos | F65: =+E65*D65 -> 0 | H65: =+G65*D65 -> 0 | L65: =+A65 -> A. 5
A66: A. 5,1 | B66: Suministro e instalación muro en perfilería de 90mm en panel yeso de 1/2 , doble cara insonorizado. Altura piso techo | C66: M2 | D66: 158 | E66: 130000 | F66: =+E66*D66 -> 20540000 | G66: 122971.77 | H66: =+G66*D66 -> 19429540 | I66: =IFERROR(VLOOKUP(A66,'valores unit indexados'!$A$14:$O$197,15,FALSE),0) -> 113422 | J66: =+I66*D66 -> 17920676 | L66: =+A66 -> A. 5,1 | M66: =+B66 -> Suministro e instalación muro en perfilería de 90mm en panel yeso de 1/2 , doble cara insonorizado. Altura piso techo | N66: =+C66 -> M2 | O66: =+D66+98 -> 256 | P66: =+'estudio inicial precios'!P81 -> 122131 | Q66: =+P66*O66 -> 31265536
A67: A. 5,2 | B67: Suministro e instalación de alma en madera de 88mm | C67: ML | D67: 40 | E67: 50000 | F67: =+E67*D67 -> 2000000 | G67: 111069.57 | H67: =+G67*D67 -> 4442783 | I67: =IFERROR(VLOOKUP(A67,'valores unit indexados'!$A$14:$O$197,15,FALSE),0) -> 41152 | J67: =+I67*D67 -> 1646080 | L67: =+A67 -> A. 5,2 | M67: =+B67 -> Suministro e instalación de alma en madera de 88mm | N67: =+C67 -> ML | O67: =+D67+20 -> 60 | P67: =+'estudio inicial precios'!P82 -> 45576 | Q67: =+P67*O67 -> 2734560
A68: A. 5,3 | B68: Suministro e instalación de cartera en panel yeso de 12 cm incluye filos, con estructura galvanizada base 9 cal.24 encintada, masillada y rematada, con acabado en pintura de vinilo | C68: ML | D68: 40 | E68: 78000 | F68: =+E68*D68 -> 3120000 | G68: 76011.936 | H68: =+G68*D68 -> 3040477.4 | I68: =IFERROR(VLOOKUP(A68,'valores unit indexados'!$A$14:$O$197,15,FALSE),0) -> 46346 | J68: =+I68*D68 -> 1853840 | L68: =+A68 -> A. 5,3 | M68: =+B68 -> Suministro e instalación de cartera en panel yeso de 12 cm incluye filos, con estructura galvanizada base 9 cal.24 encintada, masillada y rematada, con acabado en pintura de vinilo | N68: =+C68 -> ML | O68: =+D68+20 -> 60 | P68: =+'estudio inicial precios'!P83 -> 46346 | Q68: =+P68*O68 -> 2780760
A69: A. 5,4 | B69: Suministro e instalación de guarda escoba en pvc | C69: ML | D69: 60 | E69: 50000 | F69: =+E69*D69 -> 3000000 | G69: 17277 | H69: =+G69*D69 -> 1036620 | I69: =IFERROR(VLOOKUP(A69,'valores unit indexados'!$A$14:$O$197,15,FALSE),0) -> 37101 | J69: =+I69*D69 -> 2226060 | L69: =+A69 -> A. 5,4 | M69: =+B69 -> Suministro e instalación de guarda escoba en pvc | N69: =+C69 -> ML | O69: =+D69+12 -> 72 | P69: =+'estudio inicial precios'!P84 -> 37101 | Q69: =+P69*O69 -> 2671272
A70: A. 5,5 | B70: Suministro e instalación puerta entamborada (diseño similar a las existentes) cuyas medidas son de 80 cms de ancho x 200 cm alto, incluye marco y chapa, inmunización y pintura en Barniz | C70: UND | D70: 8 | E70: 650000 | F70: =+E70*D70 -> 5200000 | G70: 802118.24 | H70: =+G70*D70 -> 6416945.9 | I70: =IFERROR(VLOOKUP(A70,'valores unit indexados'!$A$14:$O$197,15,FALSE),0) -> 579485 | J70: =+I70*D70 -> 4635880 | L70: =+A70 -> A. 5,5 | M70: =+B70 -> Suministro e instalación puerta entamborada (diseño similar a las existentes) cuyas medidas son de 80 cms de ancho x 200 cm alto, incluye marco y chapa, inmunización y pintura en Barniz | N70: =+C70 -> UND | O70: =+D70+4 -> 12 | P70: =+'estudio inicial precios'!P85 -> 614743 | Q70: =+P70*O70 -> 7376916
A71: A. 5,6 | B71: Suministro e instalación de guarda escoba en cerámica | C71: ML | D71: 1 | E71: 55000 | F71: =+E71*D71 -> 55000 | G71: 17979 | H71: =+G71*D71 -> 17979 | I71: =IFERROR(VLOOKUP(A71,'valores unit indexados'!$A$14:$O$197,15,FALSE),0) -> 16829 | J71: =+I71*D71 -> 16829 | L71: =+A71 -> A. 5,6 | M71: =+B71 -> Suministro e instalación de guarda escoba en cerámica | N71: =+C71 -> ML | O71: =+D71 -> 1 | P71: =+'estudio inicial precios'!P86 -> 17404 | Q71: =+P71*O71 -> 17404
A72: A. 5,7 | B72: Suministro e instalación de panel yeso de 1/2 , una cara, encintada, masillada y rematada, con acabado en pintura de vinilo | C72: M2 | D72: 16 | E72: 80000 | F72: =+E72*D72 -> 1280000 | G72: 47528 | H72: =+G72*D72 -> 760448 | I72: =IFERROR(VLOOKUP(A72,'valores unit indexados'!$A$14:$O$197,15,FALSE),0) -> 0 | J72: =+I72*D72 -> 0 | L72: =+A72 -> A. 5,7 | M72: =+B72 -> Suministro e instalación de panel yeso de 1/2 , una cara, encintada, masillada y rematada, con acabado en pintura de vinilo | N72: =+C72 -> M2 | O72: =+D72 -> 16 | P72: =+'estudio inicial precios'!P87 -> 63764 | Q72: =+P72*O72 -> 1020224
A73: A. 5,8 | B73: Suministro e instalación Canaleta 100 mm x 45 mm Plástica con división. Blanco PVC auto extinguible y Resistente a impactos hasta de 1 kg, Humedad, Aceites y Químicos., con sus respectivos elementos de Certificado_RETIE_ | C73: ML | D73: 139 | E73: 75000 | F73: =+E73*D73 -> 10425000 | G73: 31265 | H73: =+G73*D73 -> 4345835 | I73: =IFERROR(VLOOKUP(A73,'valores unit indexados'!$A$14:$O$197,15,FALSE),0) -> 70329 | J73: =+I73*D73 -> 9775731 | L73: =+A73 -> A. 5,8 | M73: =+B73 -> Suministro e instalación Canaleta 100 mm x 45 mm Plástica con división. Blanco PVC auto extinguible y Resistente a impactos hasta de 1 kg, Humedad, Aceites y Químicos., con sus respectivos elementos de Certificado_RETIE_ | N73: =+C73 -> ML | O73: =+D73+102 -> 241 | P73: =+'estudio inicial precios'!P88 -> 72665 | Q73: =+P73*O73 -> 17512265
A74: A. 5,9 | B74: Suministro e instalación troquel para toma regulada, toma normal y toma de datos, incluye accesorios para su correcta instalación | C74: UND | D74: 105 | E74: 38000 | F74: =+E74*D74 -> 3990000 | G74: 16263 | H74: =+G74*D74 -> 1707615 | I74: =IFERROR(VLOOKUP(A74,'valores unit indexados'!$A$14:$O$197,15,FALSE),0) -> 31702 | J74: =+I74*D74 -> 3328710 | L74: =+A74 -> A. 5,9 | M74: =+B74 -> Suministro e instalación troquel para toma regulada, toma normal y toma de datos, incluye accesorios para su correcta instalación | N74: =+C74 -> UND | O74: =+D74+84 -> 189 | P74: =+'estudio inicial precios'!P89 -> 34851 | Q74: =+P74*O74 -> 6586839
A75: A. 5,10 | B75: Suministro e instalación de cable UTP Categoría 6A libre de halógeno LSZH | C75: ML | D75: 990 | E75: 10550 | F75: =+E75*D75 -> 10444500 | G75: 4732 | H75: =+G75*D75 -> 4684680 | I75: =IFERROR(VLOOKUP(A75,'valores unit indexados'!$A$14:$O$197,15,FALSE),0) -> 10285 | J75: =+I75*D75 -> 10182150 | L75: =+A75 -> A. 5,10 | M75: =+B75 -> Suministro e instalación de cable UTP Categoría 6A libre de halógeno LSZH | N75: =+C75 -> ML | O75: =+D75+980 -> 1970 | P75: =+'estudio inicial precios'!P90 -> 10418 | Q75: =+P75*O75 -> 20523460
A76: A. 5,11 | B76: Suministro e instalación de toma hembra tipo jack rj 45 cat 6ª, utp, para puesto de trabajo o herraje. (incluye jacks rj45 cat. 6a amp, ponchada, maquillado y accesorios necesarios para su instalación) | C76: UND | D76: 35 | E76: 72000 | F76: =+E76*D76 -> 2520000 | G76: 112086 | H76: =+G76*D76 -> 3923010 | I76: =IFERROR(VLOOKUP(A76,'valores unit indexados'!$A$14:$O$197,15,FALSE),0) -> 70740 | J76: =+I76*D76 -> 2475900 | L76: =+A76 -> A. 5,11 | M76: =+B76 -> Suministro e instalación de toma hembra tipo jack rj 45 cat 6ª, utp, para puesto de trabajo o herraje. (incluye jacks rj45 cat. 6a amp, ponchada, maquillado y accesorios necesarios para su instalación) | N76: =+C76 -> UND | O76: =+D76+40 -> 75 | P76: =+'estudio inicial precios'!P91 -> 71370 | Q76: =+P76*O76 -> 5352750
A77: A. 5,12 | B77: Suministro e instalación de faceplate de 1 salida (SOLO DATOS) | C77: UND | D77: 35 | E77: 20000 | F77: =+E77*D77 -> 700000 | G77: 33267 | H77: =+G77*D77 -> 1164345 | I77: =IFERROR(VLOOKUP(A77,'valores unit indexados'!$A$14:$O$197,15,FALSE),0) -> 20219 | J77: =+I77*D77 -> 707665 | L77: =+A77 -> A. 5,12 | M77: =+B77 -> Suministro e instalación de faceplate de 1 salida (SOLO DATOS) | N77: =+C77 -> UND | O77: =+D77+28 -> 63 | P77: =+'estudio inicial precios'!P92 -> 20110 | Q77: =+P77*O77 -> 1266930
A78: A. 5,13 | B78: Suministro e instalación de salida eléctrica red regulada en puesto de trabajo con cable trenzado 3# 12 rojo, verde, blanco con aislamiento libre de halógeno, longitud de 1,5m incluye tomacorriente polo a tierra aislado | C78: UND | D78: 35 | E78: 120000 | F78: =+E78*D78 -> 4200000 | G78: 0 | H78: =+G78*D78 -> 0 | I78: =IFERROR(VLOOKUP(A78,'valores unit indexados'!$A$14:$O$197,15,FALSE),0) -> 120233 | J78: =+I78*D78 -> 4208155 | L78: =+A78 -> A. 5,13 | M78: =+B78 -> Suministro e instalación de salida eléctrica red regulada en puesto de trabajo con cable trenzado 3# 12 rojo, verde, blanco con aislamiento libre de halógeno, longitud de 1,5m incluye tomacorriente polo a tierra aislado | N78: =+C78 -> UND | O78: =+D78 -> 35 | P78: =+'estudio inicial precios'!P93 -> 119473 | Q78: =+P78*O78 -> 4181555
A79: A. 5,14 | B79: Suministro e instalación de salida eléctrica red normal en puesto de trabajo con cable trenzado 3# 12 azul, verde, blanco con aislamiento libre de halógeno, longitud de 1,5m incluye tomacorriente polo a tierra | C79: UND | D79: 35 | E79: 115000 | F79: =+E79*D79 -> 4025000 | G79: 0 | H79: =+G79*D79 -> 0 | I79: =IFERROR(VLOOKUP(A79,'valores unit indexados'!$A$14:$O$197,15,FALSE),0) -> 123946 | J79: =+I79*D79 -> 4338110 | L79: =+A79 -> A. 5,14 | M79: =+B79 -> Suministro e instalación de salida eléctrica red normal en puesto de trabajo con cable trenzado 3# 12 azul, verde, blanco con aislamiento libre de halógeno, longitud de 1,5m incluye tomacorriente polo a tierra | N79: =+C79 -> UND | O79: =+D79+28 -> 63 | P79: =+'estudio inicial precios'!P94 -> 119473 | Q79: =+P79*O79 -> 7526799
A80: A. 5,15 | B80: Suministro e instalación de interruptor sencillo incluye caja de sobreponer y salida de iluminación | C80: UND | D80: 5 | E80: 95000 | F80: =+E80*D80 -> 475000 | G80: 22000 | H80: =+G80*D80 -> 110000 | I80: =IFERROR(VLOOKUP(A80,'valores unit indexados'!$A$14:$O$197,15,FALSE),0) -> 96760 | J80: =+I80*D80 -> 483800 | L80: =+A80 -> A. 5,15 | M80: =+B80 -> Suministro e instalación de interruptor sencillo incluye caja de sobreponer y salida de iluminación | N80: =+C80 -> UND | O80: =+D80+4 -> 9 | P80: =+'estudio inicial precios'!P95 -> 95880 | Q80: =+P80*O80 -> 862920
A81: A. 5,16 | B81: Suministro e instalación de Lámpara panel led de sobreponer 24w 100 -240 - 1680Lm de 6,500 K - horas mínimas de vida útil 25,000 | C81: UND | D81: 20 | E81: 115000 | F81: =+E81*D81 -> 2300000 | G81: 80795 | H81: =+G81*D81 -> 1615900 | I81: =IFERROR(VLOOKUP(A81,'valores unit indexados'!$A$14:$O$197,15,FALSE),0) -> 113729 | J81: =+I81*D81 -> 2274580 | L81: =+A81 -> A. 5,16 | M81: =+B81 -> Suministro e instalación de Lámpara panel led de sobreponer 24w 100 -240 - 1680Lm de 6,500 K - horas mínimas de vida útil 25,000 | N81: =+C81 -> UND | O81: =+D81 -> 20 | P81: =+'estudio inicial precios'!P96 -> 103175 | Q81: =+P81*O81 -> 2063500
A82: A. 5,17 | B82: Suministro e instalación de cable trenzado 3#12 AWG para circuito normal o regulado | C82: ML | D82: 20 | E82: 17000 | F82: =+E82*D82 -> 340000 | G82: 8736 | H82: =+G82*D82 -> 174720 | I82: =IFERROR(VLOOKUP(A82,'valores unit indexados'!$A$14:$O$197,15,FALSE),0) -> 16536 | J82: =+I82*D82 -> 330720 | L82: =+A82 -> A. 5,17 | M82: =+B82 -> Suministro e instalación de cable trenzado 3#12 AWG para circuito normal o regulado | N82: =+C82 -> ML | O82: =+D82 -> 20 | P82: =+'estudio inicial precios'!P97 -> 16768 | Q82: =+P82*O82 -> 335360
A83: A. 5,18 | B83: Suministro e instalación de patch cord 1.5mts CAT 6A | C83: UND | D83: 35 | E83: 38000 | F83: =+E83*D83 -> 1330000 | G83: 12948 | H83: =+G83*D83 -> 453180 | I83: =IFERROR(VLOOKUP(A83,'valores unit indexados'!$A$14:$O$197,15,FALSE),0) -> 34244 | J83: =+I83*D83 -> 1198540 | L83: =+A83 -> A. 5,18 | M83: =+B83 -> Suministro e instalación de patch cord 1.5mts CAT 6A | N83: =+C83 -> UND | O83: =+D83+28 -> 63 | P83: =+'estudio inicial precios'!P98 -> 36122 | Q83: =+P83*O83 -> 2275686
A84: A. 5,19 | B84: Suministro e instalación de patch cord 3mts CAT 6A | C84: UND | D84: 5 | E84: 48000 | F84: =+E84*D84 -> 240000 | G84: 16848 | H84: =+G84*D84 -> 84240 | I84: =IFERROR(VLOOKUP(A84,'valores unit indexados'!$A$14:$O$197,15,FALSE),0) -> 46067 | J84: =+I84*D84 -> 230335 | L84: =+A84 -> A. 5,19 | M84: =+B84 -> Suministro e instalación de patch cord 3mts CAT 6A | N84: =+C84 -> UND | O84: =+D84 -> 5 | P84: =+'estudio inicial precios'!P99 -> 47034 | Q84: =+P84*O84 -> 235170
A85: A. 5,20 | B85: Suministro, instalación y configuración de Switch 24 puertos 10Base-T/100Base-T/1000Base-T | C85: UND | D85: 1 | E85: 3500000 | F85: =+E85*D85 -> 3500000 | G85: 2570000 | H85: =+G85*D85 -> 2570000 | I85: =IFERROR(VLOOKUP(A85,'valores unit indexados'!$A$14:$O$197,15,FALSE),0) -> 3045320 | J85: =+I85*D85 -> 3045320 | L85: =+A85 -> A. 5,20 | M85: =+B85 -> Suministro, instalación y configuración de Switch 24 puertos 10Base-T/100Base-T/1000Base-T | N85: =+C85 -> UND | O85: =+D85 -> 1 | P85: =+'estudio inicial precios'!P100 -> 3035000 | Q85: =+P85*O85 -> 3035000
A86: A. 5,21 | B86: Suministro e instalación de patch panel de 24 puertos cat. 6a (incluye elementos de fijación) | C86: UND | D86: 1 | E86: 450000 | F86: =+E86*D86 -> 450000 | G86: 225498 | H86: =+G86*D86 -> 225498 | I86: =IFERROR(VLOOKUP(A86,'valores unit indexados'!$A$14:$O$197,15,FALSE),0) -> 0 | J86: =+I86*D86 -> 0 | L86: =+A86 -> A. 5,21 | M86: =+B86 -> Suministro e instalación de patch panel de 24 puertos cat. 6a (incluye elementos de fijación) | N86: =+C86 -> UND | O86: =+D86 -> 1 | P86: =+'estudio inicial precios'!P101 -> 337749 | Q86: =+P86*O86 -> 337749
A87: A. 5,22 | B87: Apertura de vano en muro de panel yeso, incluye retiro de material | C87: M2 | D87: 5 | E87: 55000 | F87: =+E87*D87 -> 275000 | G87: 9000 | H87: =+G87*D87 -> 45000 | I87: =IFERROR(VLOOKUP(A87,'valores unit indexados'!$A$14:$O$197,15,FALSE),0) -> 18551 | J87: =+I87*D87 -> 92755 | L87: =+A87 -> A. 5,22 | M87: =+B87 -> Apertura de vano en muro de panel yeso, incluye retiro de material | N87: =+C87 -> M2 | O87: =+D87 -> 5 | P87: =+'estudio inicial precios'!P102 -> 18551 | Q87: =+P87*O87 -> 92755
A88: A. 5,23 | B88: Suministro e instalación de tubería SCH 40 1" | C88: ML | D88: 15 | E88: 15700 | F88: =+E88*D88 -> 235500 | G88: 25285 | H88: =+G88*D88 -> 379275 | I88: =IFERROR(VLOOKUP(A88,'valores unit indexados'!$A$14:$O$197,15,FALSE),0) -> 0 | J88: =+I88*D88 -> 0 | L88: =+A88 -> A. 5,23 | M88: =+B88 -> Suministro e instalación de tubería SCH 40 1" | N88: =+C88 -> ML | O88: =+D88 -> 15 | P88: =+'estudio inicial precios'!P103 -> 20493 | Q88: =+P88*O88 -> 307395
A89: A. 5,24 | B89: Suministro e instalación de tubería SCH 40 1 1/2" | C89: ML | D89: 15 | E89: 37500 | F89: =+E89*D89 -> 562500 | G89: 37362 | H89: =+G89*D89 -> 560430 | I89: =IFERROR(VLOOKUP(A89,'valores unit indexados'!$A$14:$O$197,15,FALSE),0) -> 0 | J89: =+I89*D89 -> 0 | L89: =+A89 -> A. 5,24 | M89: =+B89 -> Suministro e instalación de tubería SCH 40 1 1/2" | N89: =+C89 -> ML | O89: =+D89 -> 15 | P89: =+'estudio inicial precios'!P104 -> 37431 | Q89: =+P89*O89 -> 561465
A90: A. 5,25 | B90: Suministro e instalación de vidrio templado incoloro de 8mm con perforaciones para dilatadores, (ver imagen1) | C90: UND | D90: 4 | E90: 1900000 | F90: =+E90*D90 -> 7600000 | G90: 138660 | H90: =+G90*D90 -> 554640 | I90: =IFERROR(VLOOKUP(A90,'valores unit indexados'!$A$14:$O$197,15,FALSE),0) -> 0 | J90: =+I90*D90 -> 0 | L90: =+A90 -> A. 5,25 | M90: =+B90 -> Suministro e instalación de vidrio templado incoloro de 8mm con perforaciones para dilatadores, (ver imagen1) | N90: =+C90 -> UND | O90: =+D90+3 -> 7 | P90: =+'estudio inicial precios'!P105 -> 138660 | Q90: =+P90*O90 -> 970620
A91: A. 5,26 | B91: Suministro e instalación mesón o cubierta en aglomerado RH de 30mm, ancho de 50cm, incluye soportes de fijación (color miel hacer aprobar) | C91: ML | D91: 10 | E91: 290000 | F91: =+E91*D91 -> 2900000 | G91: 700000 | H91: =+G91*D91 -> 7000000 | I91: =+'valores unit indexados'!O201 -> 226541 | J91: =+I91*D91 -> 2265410 | L91: =+A91 -> A. 5,26 | M91: =+B91 -> Suministro e instalación mesón o cubierta en aglomerado RH de 30mm, ancho de 50cm, incluye soportes de fijación (color miel hacer aprobar) | N91: =+C91 -> ML | O91: =+D91+7 -> 17 | P91: =+'estudio inicial precios'!P106 -> 243271 | Q91: =+P91*O91 -> 4135607
A92: A. 6 | B92: Muro de Contención antiderrame | F92: =+E92*D92 -> 0 | H92: =+G92*D92 -> 0 | L92: =+A92 -> A. 6
A93: A. 6,1 | B93: Demolición muro existente incluye retiro | C93: M3 | D93: 3 | E93: 180000 | F93: =+E93*D93 -> 540000 | G93: 274603.33 | H93: =+G93*D93 -> 823810 | I93: =IFERROR(VLOOKUP(A93,'valores unit indexados'!$A$14:$O$197,15,FALSE),0) -> 0 | J93: =+I93*D93 -> 0 | L93: =+A93 -> A. 6,1 | M93: =+B93 -> Demolición muro existente incluye retiro | N93: =+C93 -> M3 | O93: =+D93 -> 3 | P93: =+'estudio inicial precios'!P108 -> 180000 | Q93: =+P93*O93 -> 540000
A94: A. 6,2 | B94: Fabricación muro en ladrillo estructural - altura 70 cm incluye viga, dovelas, grouting, ladrillo estructural 14x19x39 cm, mortero | C94: M2 | D94: 17 | E94: 320000 | F94: =+E94*D94 -> 5440000 | G94: 82368 | H94: =+G94*D94 -> 1400256 | I94: =IFERROR(VLOOKUP(A94,'valores unit indexados'!$A$14:$O$197,15,FALSE),0) -> 0 | J94: =+I94*D94 -> 0 | L94: =+A94 -> A. 6,2 | M94: =+B94 -> Fabricación muro en ladrillo estructural - altura 70 cm incluye viga, dovelas, grouting, ladrillo estructural 14x19x39 cm, mortero | N94: =+C94 -> M2 | O94: =+D94 -> 17 | P94: =+'estudio inicial precios'!P109 -> 320000 | Q94: =+P94*O94 -> 5440000
A95: A. 6,3 | B95: Suministro y fabricación guardaescoba en concreto en media caña 10 cm | C95: ML | D95: 33 | E95: 45000 | F95: =+E95*D95 -> 1485000 | G95: 29133 | H95: =+G95*D95 -> 961389 | I95: =IFERROR(VLOOKUP(A95,'valores unit indexados'!$A$14:$O$197,15,FALSE),0) -> 0 | J95: =+I95*D95 -> 0 | L95: =+A95 -> A. 6,3 | M95: =+B95 -> Suministro y fabricación guardaescoba en concreto en media caña 10 cm | N95: =+C95 -> ML | O95: =+D95 -> 33 | P95: =+'estudio inicial precios'!P110 -> 37067 | Q95: =+P95*O95 -> 1223211
A96: A. 6,4 | B96: Suministro y aplicación de mortero 1:3 esmaltado | C96: M2 | D96: 24 | E96: 42000 | F96: =+E96*D96 -> 1008000 | G96: 32500 | H96: =+G96*D96 -> 780000 | I96: =IFERROR(VLOOKUP(A96,'valores unit indexados'!$A$14:$O$197,15,FALSE),0) -> 0 | J96: =+I96*D96 -> 0 | L96: =+A96 -> A. 6,4 | M96: =+B96 -> Suministro y aplicación de mortero 1:3 esmaltado | N96: =+C96 -> M2 | O96: =+D96 -> 24 | P96: =+'estudio inicial precios'!P111 -> 37250 | Q96: =+P96*O96 -> 894000
A97: A. 6,5 | B97: Corte de concreto con pulidora y/o cortadora | C97: ML | D97: 3 | E97: 30000 | F97: =+E97*D97 -> 90000 | G97: 16117.178 | H97: =+G97*D97 -> 48351.534 | I97: =IFERROR(VLOOKUP(A97,'valores unit indexados'!$A$14:$O$197,15,FALSE),0) -> 13382 | J97: =+I97*D97 -> 40146 | L97: =+A97 -> A. 6,5 | M97: =+B97 -> Corte de concreto con pulidora y/o cortadora | N97: =+C97 -> ML | O97: =+D97 -> 3 | P97: =+'estudio inicial precios'!P112 -> 14833 | Q97: =+P97*O97 -> 44499
A98: A. 6,6 | B98: excavación tierra a mano 30 cm | C98: M3 | D98: 1 | E98: 120000 | F98: =+E98*D98 -> 120000 | G98: 50000 | H98: =+G98*D98 -> 50000 | I98: =+'valores unit indexados'!O200 -> 33513 | J98: =+I98*D98 -> 33513 | L98: =+A98 -> A. 6,6 | M98: =+B98 -> excavación tierra a mano 30 cm | N98: =+C98 -> M3 | O98: =+D98 -> 1 | P98: =+'estudio inicial precios'!P113 -> 41757 | Q98: =+P98*O98 -> 41757
A99: A. 6,7 | B99: Suministro e instalación tubería sanitaria PVC 4" con sus respectivos accesorios | C99: ML | D99: 3 | E99: 45000 | F99: =+E99*D99 -> 135000 | G99: 75897.668 | H99: =+G99*D99 -> 227693 | I99: =IFERROR(VLOOKUP(A99,'valores unit indexados'!$A$14:$O$197,15,FALSE),0) -> 75401 | J99: =+I99*D99 -> 226203 | L99: =+A99 -> A. 6,7 | M99: =+B99 -> Suministro e instalación tubería sanitaria PVC 4" con sus respectivos accesorios | N99: =+C99 -> ML | O99: =+D99 -> 3 | P99: =+'estudio inicial precios'!P114 -> 48692 | Q99: =+P99*O99 -> 146076
A100: A. 6,8 | B100: Suministro e instalación muro en perfilería de 90mm en placa de RF espesor 12,7 mm , una cara, incluye estructura | C100: M2 | D100: 20 | E100: 130000 | F100: =+E100*D100 -> 2600000 | G100: 180000 | H100: =+G100*D100 -> 3600000 | I100: =IFERROR(VLOOKUP(A100,'valores unit indexados'!$A$14:$O$197,15,FALSE),0) -> 0 | J100: =+I100*D100 -> 0 | L100: =+A100 -> A. 6,8 | M100: =+B100 -> Suministro e instalación muro en perfilería de 90mm en placa de RF espesor 12,7 mm , una cara, incluye estructura | N100: =+C100 -> M2 | O100: =+D100 -> 20 | P100: =+'estudio inicial precios'!P115 -> 155000 | Q100: =+P100*O100 -> 3100000
A101: A. 6,9 | B101: Retiro escombros en Volqueta, a centro de acopio certificado | C101: M3 | D101: 2 | E101: 100000 | F101: =+E101*D101 -> 200000 | G101: 81356 | H101: =+G101*D101 -> 162712 | I101: =IFERROR(VLOOKUP(A101,'valores unit indexados'!$A$14:$O$197,15,FALSE),0) -> 77455 | J101: =+I101*D101 -> 154910 | L101: =+A101 -> A. 6,9 | M101: =+B101 -> Retiro escombros en Volqueta, a centro de acopio certificado | N101: =+C101 -> M3 | O101: =+D101 -> 2 | P101: =+'estudio inicial precios'!P116 -> 79406 | Q101: =+P101*O101 -> 158812
A102: A. 7 | B102: Sellamiento de fisuras piso y muros | F102: =+E102*D102 -> 0 | H102: =+G102*D102 -> 0 | L102: =+A102 -> A. 7
A103: A. 7,1 | B103: Corte de concreto con pulidora y/o cortadora | C103: ML | D103: 220 | E103: 15000 | F103: =+E103*D103 -> 3300000 | G103: 16117.178 | H103: =+G103*D103 -> 3545779.2 | I103: =IFERROR(VLOOKUP(A103,'valores unit indexados'!$A$14:$O$197,15,FALSE),0) -> 13382 | J103: =+I103*D103 -> 2944040 | L103: =+A103 -> A. 7,1 | M103: =+B103 -> Corte de concreto con pulidora y/o cortadora | N103: =+C103 -> ML | O103: =+D103 -> 220 | P103: =+'estudio inicial precios'!P118 -> 14833 | Q103: =+P103*O103 -> 3263260
A104: A. 7,2 | B104: suministro y aplicación de adhesivo y sellador de juntas elástico para interior y exterior | C104: ML | D104: 120 | E104: 40000 | F104: =+E104*D104 -> 4800000 | G104: 31213 | H104: =+G104*D104 -> 3745560 | I104: =IFERROR(VLOOKUP(A104,'valores unit indexados'!$A$14:$O$197,15,FALSE),0) -> 39615 | J104: =+I104*D104 -> 4753800 | L104: =+A104 -> A. 7,2 | M104: =+B104 -> suministro y aplicación de adhesivo y sellador de juntas elástico para interior y exterior | N104: =+C104 -> ML | O104: =+D104 -> 120 | P104: =+'estudio inicial precios'!P119 -> 36943 | Q104: =+P104*O104 -> 4433160
A105: A. 7,3 | B105: Suministro e instalación de perfil o dilatación aluminio para piso | C105: ML | D105: 100 | E105: 25000 | F105: =+E105*D105 -> 2500000 | G105: 0 | H105: =+G105*D105 -> 0 | I105: =IFERROR(VLOOKUP(A105,'valores unit indexados'!$A$14:$O$197,15,FALSE),0) -> 26415 | J105: =+I105*D105 -> 2641500 | L105: =+A105 -> A. 7,3 | M105: =+B105 -> Suministro e instalación de perfil o dilatación aluminio para piso | N105: =+C105 -> ML | O105: =+D105 -> 100 | P105: =+'estudio inicial precios'!P120 -> 25708 | Q105: =+P105*O105 -> 2570800
A106: A. 7,4 | B106: Suministro e instalación de dilatación Z plástica (junta de expansión drywall) | C106: ML | D106: 100 | E106: 9000 | F106: =+E106*D106 -> 900000 | G106: 7969 | H106: =+G106*D106 -> 796900 | I106: =IFERROR(VLOOKUP(A106,'valores unit indexados'!$A$14:$O$197,15,FALSE),0) -> 0 | J106: =+I106*D106 -> 0 | L106: =+A106 -> A. 7,4 | M106: =+B106 -> Suministro e instalación de dilatación Z plástica (junta de expansión drywall) | N106: =+C106 -> ML | O106: =+D106 -> 100 | P106: =+'estudio inicial precios'!P121 -> 8485 | Q106: =+P106*O106 -> 848500
A107: A. 8 | B107: Reparación de fachada flotante calle 10 | F107: =+E107*D107 -> 0 | H107: =+G107*D107 -> 0 | L107: =+A107 -> A. 8
...

Sheet ACTIVIDADES DE OBRA A EJECUTAR
B1: POE
B3: RESUMEN
B4: EDIFICIO/CONSTRUCCÓN | C4: SI
A5: A | B5: =+B31 -> Palacio de Justicia de Cali "PEDRO ELIAS SERRANO ABADIA | C5: X
A6: B | B6: =+B118 -> Juzgado Promiscuo Municipal de el Dovio | C6: X
A7: C | B7: =+B131 -> Palacio de Justicia "SIMON DAVID CARREJO BEJARANO" Palmira | C7: X
A8: D | B8: =+B193 -> Sede de Familia de Palmira | C8: X
A9: E | B9: =+B259 -> Palacio Nacional de Buenaventura | C9: X
A10: F | B10: =+B318 -> Edificio de Transferencia de Buenaventura | C10: X
A11: G | B11: =+B351 -> Juzgado Promiscuo Municipal de Obando | C11: X
A12: H | B12: =+B382 -> Juzgado Promiscuo Municipal de San José del Palmar | C12: X
A13: J | B13: =+B416 -> Palacio de Justicia de Tuluá | C13: X
B14: COSTO DIRECTO TOTAL | G14: =+#REF!*(1+$G$19) -> #REF!
B15: =+#REF! -> #REF! | C15: =+#REF! -> #REF! | G15: =IF(#REF!=G14,"OK","REVISAR") -> #REF!
B16: =+#REF! -> #REF! | C16: =+#REF! -> #REF!
B17: =+#REF! -> #REF! | C17: =+#REF! -> #REF!
B18: =+#REF! -> #REF! | C18: =+#REF! -> #REF!
B19: =+#REF! -> #REF! | G19: =(#REF!/#REF!)-1 -> #REF!
D20: 1297000000
D21: #REF!
B26: Consejo Superior de la Judicatura Dirección Ejecutiva Seccional de Administración Judicial de Cali – Valle del Cauca
A27: FORMATO CONTROL DE EJECUCIÓN DE OBRA - BALANCE Y CORTE DE OBRA
A28: OBJETO DEL CONTRATO: Realizar mantenimiento, adecuaciones y reparaciones a los inmuebles Palacio de Justicia de Cali "PEDRO ELIAS SERRANO ABADIA",Juzgado Promiscuo Municipal de el Dovio, Palacio de Justicia "SIMON DAVID CARREJO BEJARANO", Sede Familia de Palmira, Palacio Nacional de Buenaventura, Edificio Transferencias, Juzgado Promiscuo Municipal de Obando, Juzgado Promiscuo Municipal de San José del Palmar,
A30: Condiciones contractuales
A31: A. | B31: Palacio de Justicia de Cali "PEDRO ELIAS SERRANO ABADIA
A32: ITEM | B32: DESCRIPCION | C32: UND | D32: CANTIDAD
A33: A. 2 | B33: Actividades para cubierta de la terraza torre A - Fase C
A34: A. 2,1 | B34: Suministro e instalación de bases en concreto de 20 cm x 20 cm fundidos sobre losa de terraza | C34: UND | D34: 52
A35: A. 2,2 | B35: Suministro e instalación de platina 3/8 cuyas medidas oscilan así: 10 cm x 15 cm y 15 cm x 15 cm, incluye materiales complementarios de conexión, acero, corte, soldadura, anclajes, cartelas, tornillos, varilla de 1/2 soldada para anclaje sobre bases de concreto. | C35: UND | D35: 52
A36: A. 2,3 | B36: Suministro e instalación de estructura metálica para cubierta en tubería 100 cm x 100 cm calibre 2 mm, incluye pintura 3 en 2 | C36: ML | D36: 97
A37: A. 2,4 | B37: Suministro e instalación de estructura metálica para cubierta en tubería 100 cm x 50 cm calibre 2 mm, incluye pintura 3 en 1 | C37: ML | D37: 212
A38: A. 2,5 | B38: Suministro e instalación de estructura metálica para cubierta en tubería 80 cm x 40 cm calibre 2 mm, incluye pintura 3 en 1 | C38: ML | D38: 255
A39: A. 2,6 | B39: Suministro e instalación de teja upvc 2.5 mm, incluye tornillería para su correcta instalación sobre estructura metálica | C39: M2 | D39: 330
A40: A. 2,7 | B40: Suministro e instalación de caballete para teja upvc 2.5 mm, incluye accesorios para su correcta instalación | C40: ML | D40: 28
A41: A. 2,8 | B41: Suministro e instalación de Canal en lamina galvanizada cal 22, incluye platina para soporte canal | C41: ML | D41: 40
A42: A. 2,9 | B42: Corte de muro con pulidora | C42: ML | D42: 40
A43: A. 2,10 | B43: Suministro e instalación de Solapa en lamina galvanizada Cal 24, incluye sellador sobre muro | C43: ML | D43: 70
A44: A. 2,11 | B44: Suministro e instalación de soscos para canal en 3" | C44: UND | D44: 10
A45: A. 2,12 | B45: Suministro e instalación tubería sanitaria de 4 " incluye accesorios. | C45: ML | D45: 80
... A47: A. 2,14 | B47: Suministro e instalación pasarela o plataforma metálica en rejilla de acero con 2 pasos en cada extremo cuyas medidas son 80 cm ancho, 160cm de largo y 40 cm de latura, incluye pasamanos | C47: UND | D47: 1
A48: A. 3 | B48: Impermeabilización cubierta de cuartos técnicos terraza torre A
A49: A. 3,1 | B49: Retiro de manto existente, incluye retiro de escombros | C49: M2 | D49: 191
A50: A. 3,2 | B50: Lavada y destronque de terraza a máquina (para retirar material bituminoso, incluye retiro) | C50: M2 | D50: 191
A51: A. 3,3 | B51: Suministro e instalación de membrana pvc (incluye perlines de fijación) | C51: M2 | D51: 51
A52: A. 3,4 | B52: Suministro e instalación de enchape antideslizante | C52: M2 | D52: 140
A53: A. 3,5 | B53: Suministro y aplicación de mortero 1:3 con aditivo impermeabilizante espesor 5 cm con pendiente y terminación en cero. | C53: M2 | D53: 140
A54: A. 4 | B54: Tratamiento de humedades en muros y cielos, incluye resane, estuco y pintura (gimnasio, despachos, cuartos técnicos terraza Torre A)
A55: A. 4,1 | B55: Rasqueteada de pintura y retiro de mortero en mal estado | C55: M2 | D55: 247
A56: A. 4,2 | B56: Suministro e instalación de recubrimiento cementoso (Recubrimiento a base de cemento, arena y aditivos especiales), impermeable para muros color blanco | C56: M2 | D56: 247
A57: A. 4,3 | B57: Suministro y aplicación de estuco plástico | C57: M2 | D57: 247
A58: A. 4,4 | B58: Suministro y aplicación de vinilo tipo 1 (3 manos) | C58: M2 | D58: 353
A59: A. 4,5 | B59: Suministro y aplicación de pintura en esmalte | C59: M2 | D59: 67.162
A60: A. 4,6 | B60: Suministro y aplicación de pintura cielo vinilo tipo 1 | C60: M2 | D60: 66
A61: A. 4,7 | B61: Rasqueteada de pintura y retiro de mortero en mal estado | C61: ML | D61: 73
A62: A. 4,8 | B62: Suministro y aplicación de estuco plástico | C62: ML | D62: 121
A63: A. 4,9 | B63: Suministro y aplicación de vinilo tipo 2 (3 manos) | C63: ML | D63: 121
A64: A. 4,10 | B64: Suministro y aplicación de pintura en esmalte | C64: ML | D64: 73
A65: A. 5 | B65: Divisiones en panel yeso - Instalaciones Eléctricas de voz y datos
A66: A. 5,1 | B66: Suministro e instalación muro en perfilería de 90mm en panel yeso de 1/2 , doble cara insonorizado. Altura piso techo | C66: M2 | D66: 256
A67: A. 5,2 | B67: Suministro e instalación de alma en madera de 88mm | C67: ML | D67: 60
A68: A. 5,3 | B68: Suministro e instalación de cartera en panel yeso de 12 cm incluye filos, con estructura galvanizada base 9 cal.24 encintada, masillada y rematada, con acabado en pintura de vinilo | C68: ML | D68: 60
A69: A. 5,4 | B69: Suministro e instalación de guarda escoba en pvc | C69: ML | D69: 72
A70: A. 5,5 | B70: Suministro e instalación puerta entamborada (diseño similar a las existentes) cuyas medidas son de 80 cms de ancho x 200 cm alto, incluye marco y chapa, inmunización y pintura en Barniz | C70: UND | D70: 12
A71: A. 5,6 | B71: Suministro e instalación de guarda escoba en cerámica | C71: ML | D71: 1
A72: A. 5,7 | B72: Suministro e instalación de panel yeso de 1/2 , una cara, encintada, masillada y rematada, con acabado en pintura de vinilo | C72: M2 | D72: 16
A73: A. 5,8 | B73: Suministro e instalación Canaleta 100 mm x 45 mm Plástica con división. Blanco PVC auto extinguible y Resistente a impactos hasta de 1 kg, Humedad, Aceites y Químicos., con sus respectivos elementos de Certificado_RETIE_ | C73: ML | D73: 241
A74: A. 5,9 | B74: Suministro e instalación troquel para toma regulada, toma normal y toma de datos, incluye accesorios para su correcta instalación | C74: UND | D74: 189
A75: A. 5,10 | B75: Suministro e instalación de cable UTP Categoría 6A libre de halógeno LSZH | C75: ML | D75: 1970
A76: A. 5,11 | B76: Suministro e instalación de toma hembra tipo jack rj 45 cat 6ª, utp, para puesto de trabajo o herraje. (incluye jacks rj45 cat. 6a amp, ponchada, maquillado y accesorios necesarios para su instalación) | C76: UND | D76: 75
A77: A. 5,12 | B77: Suministro e instalación de faceplate de 1 salida (SOLO DATOS) | C77: UND | D77: 63
... A91: A. 5,26 | B91: Suministro e instalación mesón o cubierta en aglomerado RH de 30mm, ancho de 50cm, incluye soportes de fijación (color miel hacer aprobar) | C91: ML | D91: 17
A92: A. 6 | B92: Muro de Contención antiderrame
A93: A. 6,1 | B93: Demolición muro existente incluye retiro | C93: M3 | D93: 3
A94: A. 6,2 | B94: Fabricación muro en ladrillo estructural - altura 70 cm incluye viga, dovelas, grouting, ladrillo estructural 14x19x39 cm, mortero | C94: M2 | D94: 17
A95: A. 6,3 | B95: Suministro y fabricación guardaescoba en concreto en media caña 10 cm | C95: ML | D95: 33
A96: A. 6,4 | B96: Suministro y aplicación de mortero 1:3 esmaltado | C96: M2 | D96: 24
A97: A. 6,5 | B97: Corte de concreto con pulidora y/o cortadora | C97: ML | D97: 3
A98: A. 6,6 | B98: excavación tierra a mano 30 cm | C98: M3 | D98: 1
A99: A. 6,7 | B99: Suministro e instalación tubería sanitaria PVC 4" con sus respectivos accesorios | C99: ML | D99: 3
A100: A. 6,8 | B100: Suministro e instalación muro en perfilería de 90mm en placa de RF espesor 12,7 mm , una cara, incluye estructura | C100: M2 | D100: 20
A101: A. 6,9 | B101: Retiro escombros en Volqueta, a centro de acopio certificado | C101: M3 | D101: 2
A102: A. 7 | B102: Sellamiento de fisuras piso y muros
A103: A. 7,1 | B103: Corte de concreto con pulidora y/o cortadora | C103: ML | D103: 220
A104: A. 7,2 | B104: suministro y aplicación de adhesivo y sellador de juntas elástico para interior y exterior | C104: ML | D104: 120
A105: A. 7,3 | B105: Suministro e instalación de perfil o dilatación aluminio para piso | C105: ML | D105: 100
A106: A. 7,4 | B106: Suministro e instalación de dilatación Z plástica (junta de expansión drywall) | C106: ML | D106: 100
A107: A. 8 | B107: Reparación de fachada flotante calle 10
A108: A. 8,1 | B108: Desmonte de láminas metálicas en mal estado | C108: ML | D108: 170
A109: A. 8,2 | B109: Desmonte de estructura metálica en mal estado | C109: ML | D109: 97
A110: A. 8,3 | B110: Suministro e instalación de lámina metálica perforada redonda 5mm calibre 3mm | C110: M2 | D110: 50
A111: A. 8,4 | B111: Suministro e instalación de estructura o perfiles metálicos 50mm x 50mm x 3mm | C111: ML | D111: 112
A112: A. 9 | B112: Impermeabilización piso de cuarto de residuos sólidos
A113: A. 9,1 | B113: Retiro de pintura epoxica existente con cloruro de metileno | C113: M2 | D113: 41
A114: A. 9,2 | B114: lavada y destronque a máquina (para retirar material existente y preparación de superficie) | C114: M2 | D114: 41
A115: A. 9,3 | B115: Suministro y aplicación de pintura epoxica para piso con acabado en barniz (2 capas de pintura epoxica) | C115: M2 | D115: 41
A116: A. 9,4 | B116: Aseo general. | C116: M2 | D116: 41
A118: B | B118: Juzgado Promiscuo Municipal de el Dovio
A119: B. 1,1 | B119: Retiro de manto existente, incluye retiro de escombros | C119: M2 | D119: 6
A120: B. 1,2 | B120: Lavada y destronque a máquina (para retirar material existente) | C120: M2 | D120: 6
A121: B. 1,3 | B121: Suministro y aplicación de mortero 1:3 con aditivo impermeabilizante espesor 4cm (superficie con pendiente) | C121: M2 | D121: 6
...

Sheet selección precios unitario
A1: ANALISIS Y SELECCIÓN DE PRECIOS UNITARIOS
E3: =+'estudio inicial precios'!E32 -> COTIZACIÓN 1 - | F3: =+'estudio inicial precios'!G32 -> COTIZACIÓN 2 - | G3: =+'estudio inicial precios'!I32 -> OTROS CONTRATOS REALIZADOS POR LA ENTIDAD | I3: VALOR UNITARIO PROMEDIO
A4: ITEM | B4: DESCRIPCION | C4: UND | D4: CANTIDAD | E4: VALOR UNITARIO | F4: VALOR UNITARIO | G4: VALOR UNITARIO INDEXADO
A5: A. 5,22 | B5: Apertura de vano en muro de panel yeso, incluye retiro de material | C5: M2 | D5: 5 | E5: 55000 | F5: 9000 | G5: =IFERROR(VLOOKUP(A5,'valores unit indexados'!$A$14:$O$197,15,FALSE),0) -> 18551 | I5: =+G5 -> 18551
A6: D. 3,13 | B6: Apertura de vano en muro de panel yeso, incluye retiro de material | C6: M2 | D6: 4 | E6: 55000 | F6: 8000 | G6: =+G5 -> 18551 | I6: =+I5 -> 18551
A7: A. 9,4 | B7: Aseo general. | C7: M2 | D7: 41 | E7: 7000 | F7: 4200 | G7: =IFERROR(VLOOKUP(A7,'valores unit indexados'!$A$14:$O$197,15,FALSE),0) -> 5300 | I7: =+AVERAGE(E7:G7) -> 5500
A8: B. 1,10 | B8: Aseo general. | C8: M2 | D8: 21 | E8: 10000 | F8: 4200 | G8: =IFERROR(VLOOKUP(A8,'valores unit indexados'!$A$14:$O$197,15,FALSE),0) -> 5300 | I8: =+I7 -> 5500
A9: C. 7,6 | B9: Aseo general. | C9: M2 | D9: 1148 | E9: 7000 | F9: 4200 | G9: =IFERROR(VLOOKUP(A9,'valores unit indexados'!$A$14:$O$197,15,FALSE),0) -> 5300 | I9: =+I8 -> 5500
A10: D. 6,2 | B10: Aseo general. | C10: M2 | D10: 380 | E10: 7000 | F10: 4200 | G10: =IFERROR(VLOOKUP(A10,'valores unit indexados'!$A$14:$O$197,15,FALSE),0) -> 5300 | I10: =+I9 -> 5500
A11: E. 5,2 | B11: Aseo general. | C11: M2 | D11: 816 | E11: 7000 | F11: 4200 | G11: =IFERROR(VLOOKUP(A11,'valores unit indexados'!$A$14:$O$197,15,FALSE),0) -> 5300 | I11: =+I10 -> 5500
A12: F. 4,5 | B12: Aseo general. | C12: M2 | D12: 570 | E12: 7000 | F12: 4200 | G12: =IFERROR(VLOOKUP(A12,'valores unit indexados'!$A$14:$O$197,15,FALSE),0) -> 5300 | I12: =+I11 -> 5500
A13: G. 4,2 | B13: Aseo general. | C13: M2 | D13: 30 | E13: 70000 | F13: 4200 | G13: =IFERROR(VLOOKUP(A13,'valores unit indexados'!$A$14:$O$197,15,FALSE),0) -> 5300 | I13: =+I12 -> 5500
A14: H. 3,9 | B14: Aseo general. | C14: M2 | D14: 165 | E14: 7000 | F14: 4200 | G14: =IFERROR(VLOOKUP(A14,'valores unit indexados'!$A$14:$O$197,15,FALSE),0) -> 5300 | I14: =+I13 -> 5500
A15: I. 4,8 | B15: Aseo general. | C15: M2 | D15: 390 | E15: 7000 | F15: 4200 | G15: =IFERROR(VLOOKUP(A15,'valores unit indexados'!$A$14:$O$197,15,FALSE),0) -> 5300 | I15: =+I14 -> 5500
A16: J. 1,4 | B16: Aseo general. | C16: M2 | D16: 156 | E16: 7000 | F16: 4200 | G16: =IFERROR(VLOOKUP(A16,'valores unit indexados'!$A$14:$O$197,15,FALSE),0) -> 5300 | I16: =+I15 -> 5500
A17: A. 1,1 | B17: Cerramiento en tela verde o polisombra (incluye postes de madera para soporte) altura: 2.10 mts. | C17: ML | D17: 36 | E17: 40000 | F17: 27131 | G17: =IFERROR(VLOOKUP(A17,'valores unit indexados'!$A$14:$O$197,15,FALSE),0) -> 0 | I17: =+F17 -> 27131
A18: =+'ACTIVIDADES DE OBRA A EJECUTAR'!A129 -> B. 1,11 | B18: =+B17 -> Cerramiento en tela verde o polisombra (incluye postes de madera para soporte) altura: 2.10 mts. | C18: =+C17 -> ML | D18: =+'estudio inicial precios'!O150 -> 24 | E18: =+E17 -> 40000 | F18: =+F17 -> 27131 | G18: =+G17 -> 0 | I18: =+I17 -> 27131
A19: A. 6,5 | B19: Corte de concreto con pulidora y/o cortadora | C19: ML | D19: 3 | E19: 30000 | F19: 16117.178 | G19: =IFERROR(VLOOKUP(A19,'valores unit indexados'!$A$14:$O$197,15,FALSE),0) -> 13382 | I19: =+I20 -> 14833
A20: A. 7,1 | B20: Corte de concreto con pulidora y/o cortadora | C20: ML | D20: 220 | E20: 15000 | F20: 16117.178 | G20: =IFERROR(VLOOKUP(A20,'valores unit indexados'!$A$14:$O$197,15,FALSE),0) -> 13382 | I20: =ROUND(AVERAGE(E20:G20),0) -> 14833
A21: E. 4,16 | B21: Corte de losa en concreto con pulidora incluye retiro | C21: ML | D21: 1 | E21: 60000 | F21: 16115 | G21: =IFERROR(VLOOKUP(A21,'valores unit indexados'!$A$14:$O$197,15,FALSE),0) -> 0 | I21: =+F21 -> 16115
A22: A. 2,9 | B22: Corte de muro con pulidora | C22: ML | D22: 40 | E22: 16000 | F22: 16848 | G22: =IFERROR(VLOOKUP(A22,'valores unit indexados'!$A$14:$O$197,15,FALSE),0) -> 13382 | I22: =AVERAGE(E22:G22) -> 15410
A23: D. 4,4 | B23: Corte de muro con pulidora | C23: ML | D23: 10 | E23: 16000 | F23: 16848 | G23: =IFERROR(VLOOKUP(A23,'valores unit indexados'!$A$14:$O$197,15,FALSE),0) -> 13382 | I23: =AVERAGE(E23:G23) -> 15410
A24: G. 3,3 | B24: Corte de muro con pulidora | C24: ML | D24: 23 | E24: 16000 | F24: 16848 | G24: =IFERROR(VLOOKUP(A24,'valores unit indexados'!$A$14:$O$197,15,FALSE),0) -> 13382 | I24: =AVERAGE(E24:G24) -> 15410
A25: E. 4,5 | B25: Corte de muro en concreto con pulidora | C25: ML | D25: 16 | E25: 16000 | F25: 23000 | G25: =IFERROR(VLOOKUP(A25,'valores unit indexados'!$A$14:$O$197,15,FALSE),0) -> 13382 | I25: =ROUND(AVERAGE(E25:G25),0) -> 17461
A26: A. 1,3 | B26: Demolición de piso existente (enchape tráfico alto), incluye retiro de escombros | C26: M2 | D26: 288 | E26: 30000 | F26: 8450 | G26: =IFERROR(VLOOKUP(A26,'valores unit indexados'!$A$14:$O$197,15,FALSE),0) -> 0 | I26: =AVERAGE(E26:F26) -> 19225
A27: D. 2,2 | B27: Demolición mortero existente (incluye retiro de escombros) | C27: M2 | D27: 14 | E27: 27000 | F27: 5200 | G27: =IFERROR(VLOOKUP(A27,'valores unit indexados'!$A$14:$O$197,15,FALSE),0) -> 0 | I27: =+I28 -> 10612
A28: A. 1,6 | B28: Demolición mortero existente (incluye retiro de escombros) | C28: M2 | D28: 288 | E28: 27000 | F28: 4400 | G28: =IFERROR(VLOOKUP(A28,'valores unit indexados'!$A$14:$O$197,15,FALSE),0) -> 10612 | I28: =ROUND(IF(G28>0,G28:G28,AVERAGE(F28,E28)),0) -> 10612
A29: E. 5,10 | B29: Demolición mortero existente (incluye retiro de escombros) | C29: M2 | D29: 97 | E29: 27000 | F29: 5200 | G29: =+G28 -> 10612 | I29: =+I28 -> 10612
A30: A. 6,1 | B30: Demolición muro existente incluye retiro | C30: M3 | D30: 3 | E30: 180000 | F30: 274603.33 | G30: =IFERROR(VLOOKUP(A30,'valores unit indexados'!$A$14:$O$197,15,FALSE),0) -> 0 | I30: =+E30 -> 180000
A31: E. 4,12 | B31: Demolición muro existente incluye retiro | C31: M3 | D31: 2 | E31: 120000 | F31: 274603.33 | G31: =IFERROR(VLOOKUP(A31,'valores unit indexados'!$A$14:$O$197,15,FALSE),0) -> 0 | I31: =+I30 -> 180000
A32: E. 5,5 | B32: Demolición piso en granito existente, incluye retiro | C32: M2 | D32: 110 | E32: 30000 | F32: 15067 | G32: =IFERROR(VLOOKUP(A32,'valores unit indexados'!$A$14:$O$197,15,FALSE),0) -> 0 | I32: =ROUND(AVERAGE(E32:F32),0) -> 22534
A33: I. 3,3 | B33: Demolición y limpieza de revestimiento (Boñiga o repello) en área afectada del Cielo falso, resguardando la integridad de la construcción. | C33: M2 | D33: 3 | E33: 20000 | F33: 18700 | G33: =IFERROR(VLOOKUP(A33,'valores unit indexados'!$A$14:$O$197,15,FALSE),0) -> 17183 | I33: =ROUND(AVERAGE(E33:G33),0) -> 18628
A34: G. 3,1 | B34: Desmonte de cubierta en teja plástica | C34: M2 | D34: 30 | E34: 9000 | F34: 7000 | G34: =IFERROR(VLOOKUP(A34,'valores unit indexados'!$A$14:$O$197,15,FALSE),0) -> 9646 | I34: =ROUND(AVERAGE(E34:G34),0) -> 8549
A35: I. 4,3 | B35: Desmonte de desagüe de orinal existente | D35: 2 | E35: 30000 | F35: 41800 | G35: =IFERROR(VLOOKUP(A35,'valores unit indexados'!$A$14:$O$197,15,FALSE),0) -> 0 | I35: =ROUND(AVERAGE(E35:F35),0) -> 35900
A36: A. 8,2 | B36: Desmonte de estructura metálica en mal estado | C36: ML | D36: 97 | E36: 20000 | F36: 5500 | G36: =IFERROR(VLOOKUP(A36,'valores unit indexados'!$A$14:$O$197,15,FALSE),0) -> 0 | I36: =+F36 -> 5500
A37: A. 8,1 | B37: Desmonte de láminas metálicas en mal estado | C37: ML | D37: 170 | E37: 45000 | F37: 5512 | G37: =IFERROR(VLOOKUP(A37,'valores unit indexados'!$A$14:$O$197,15,FALSE),0) -> 0 | I37: =+F37 -> 5512
A38: E. 5,6 | B38: Desmonte de listones de madera de banca existente medida 145 cm x 9 cm | C38: UND | D38: 36 | E38: 8000 | F38: 13967.2 | G38: =IFERROR(VLOOKUP(A38,'valores unit indexados'!$A$14:$O$197,15,FALSE),0) -> 0 | I38: =ROUND(AVERAGE(E38:F38),0) -> 10984
A39: D. 1,3 | B39: Desmonte de placa en fibrocemento (superboard) | C39: M2 | D39: 7 | E39: 20000 | F39: 6656 | G39: =IFERROR(VLOOKUP(A39,'valores unit indexados'!$A$14:$O$197,15,FALSE),0) -> 0 | I39: =+I40 -> 8250
A40: D. 1,4 | B40: Desmonte de placa en fibrocemento (superboard) | C40: ML | D40: 91 | E40: 12000 | F40: 4500 | G40: =IFERROR(VLOOKUP(A40,'valores unit indexados'!$A$14:$O$197,15,FALSE),0) -> 0 | I40: =ROUND(AVERAGE(E40:F40),0) -> 8250
A41: H. 3,13 | B41: Desmonte de puerta metálica existente 100 cm x 200 cm | C41: UND | D41: 1 | E41: 80000 | F41: 47398 | G41: =IFERROR(VLOOKUP(A41,'valores unit indexados'!$A$14:$O$197,15,FALSE),0) -> 0 | I41: =+I42 -> 62500
A42: E. 2,6 | B42: Desmonte de puertas en madera (se refiere a las que no se reinstalaran) | C42: UND | D42: 5 | E42: 60000 | F42: 65000 | G42: =IFERROR(VLOOKUP(A42,'valores unit indexados'!$A$14:$O$197,15,FALSE),0) -> 0 | I42: =ROUND(AVERAGE(E42:F42),0) -> 62500
A43: F. 2,1 | B43: Desmonte de puertas en madera incluye hoja y marco metálico | C43: UND | D43: 6 | E43: 50000 | F43: 65000 | G43: =IFERROR(VLOOKUP(A43,'valores unit indexados'!$A$14:$O$197,15,FALSE),0) -> 0 | I43: =+I42 -> 62500
A44: I. 1,7 | B44: Desmonte de puertas en madera, incluye marco (se refiere a las que no se reinstalaran) | C44: UND | D44: 1 | E44: 60000 | F44: 65000 | G44: =IFERROR(VLOOKUP(A44,'valores unit indexados'!$A$14:$O$197,15,FALSE),0) -> 0 | I44: =+I43 -> 62500
A45: C. 8,1 | B45: Desmonte de teja en policarbonato , incluye estructura en mal estado | C45: M2 | D45: 175 | E45: 12000 | F45: 7046 | G45: =IFERROR(VLOOKUP(A45,'valores unit indexados'!$A$14:$O$197,15,FALSE),0) -> 0 | I45: =ROUND(AVERAGE(E45:F45),0) -> 9523
A46: I. 4,1 | B46: Desmonte grifo de lavamanos existente | C46: UND | D46: 6 | E46: 20000 | F46: 24362 | G46: =IFERROR(VLOOKUP(A46,'valores unit indexados'!$A$14:$O$197,15,FALSE),0) -> 0 | I46: =ROUND(AVERAGE(E46:F46),0) -> 22181
A47: C. 7,3 | B47: Desmonte orinal existente incluye tubería de desagüe | C47: UND | D47: 6 | E47: 50000 | F47: 41800 | G47: =IFERROR(VLOOKUP(A47,'valores unit indexados'!$A$14:$O$197,15,FALSE),0) -> 0 | I47: =ROUND(AVERAGE(E47:F47),0) -> 45900
A48: C. 3,1 | B48: Desmonte puerta eléctrica existente 320 cm x 270 cm(incluye motor) | C48: UND | D48: 1 | E48: 550000 | F48: 400000 | G48: =IFERROR(VLOOKUP(A48,'valores unit indexados'!$A$14:$O$197,15,FALSE),0) -> 0 | I48: =+F48 -> 400000
A49: H. 3,7 | B49: Desmonte ventana metálica existente | C49: M2 | D49: 17 | E49: 30000 | F49: 25935 | G49: =IFERROR(VLOOKUP(A49,'valores unit indexados'!$A$14:$O$197,15,FALSE),0) -> 0 | I49: =ROUND(AVERAGE(E49:F49),0) -> 27968
A50: A. 1,2 | B50: Desmonte y reinstalación de pasamanos metálico cuyas medidas son 130 cm de largo x 90 cm de alto | C50: UND | D50: 4 | E50: 120000 | F50: 165000 | G50: =IFERROR(VLOOKUP(A50,'valores unit indexados'!$A$14:$O$197,15,FALSE),0) -> 0 | I50: =ROUND(AVERAGE(E50:F50),0) -> 142500
A51: D. 3,12 | B51: Desmonte y retiro de cielo en panel yeso | C51: M2 | D51: 18 | E51: 15000 | F51: 17000 | G51: =IFERROR(VLOOKUP(A51,'valores unit indexados'!$A$14:$O$197,15,FALSE),0) -> 0 | I51: =ROUND(AVERAGE(E51:F51),0) -> 16000
A52: E. 4,3 | B52: Excavación de tierra a mano para tubería de 6" | C52: M3 | D52: 25 | E52: 25000 | F52: 23478 | G52: =IFERROR(VLOOKUP(A52,'valores unit indexados'!$A$14:$O$197,15,FALSE),0) -> 0 | I52: =ROUND(AVERAGE(E52:F52),0) -> 24239
A53: H. 3,2 | B53: excavación tierra a mano (tipo terraceo), incluye retiro | C53: M3 | D53: 9 | E53: 65000 | F53: 17797 | G53: =IFERROR(VLOOKUP(A53,'valores unit indexados'!$A$14:$O$197,15,FALSE),0) -> 0 | I53: =+I54 -> 41757
A54: A. 6,6 | B54: excavación tierra a mano 30 cm | C54: M3 | D54: 1 | E54: 120000 | F54: 50000 | G54: =+'valores unit indexados'!O200 -> 33513 | I54: =ROUND(AVERAGE(F54:G54),0) -> 41757
A55: A. 1,10 | B55: Fabricación de borde de escalera en granito lavado (Borde de escalera ancho 10 cm a lo largo de la huella y la contrahuella de 13 cm) incluye dilatación en bronce 5 mm | C55: ML | D55: 410 | E55: 50000 | F55: 52117 | G55: =IFERROR(VLOOKUP(A55,'valores unit indexados'!$A$14:$O$197,15,FALSE),0) -> 0 | I55: =ROUND(AVERAGE(E55:F55),0) -> 51059
A56: E. 5,14 | B56: Fabricación de borde de escalera en granito lavado (Borde de escalera ancho 10 cm a lo largo de la huella y la contrahuella de 13 cm) incluye dilatación en bronce 5 mm | C56: ML | D56: 131 | E56: 50000 | F56: 52117 | G56: =IFERROR(VLOOKUP(A56,'valores unit indexados'!$A$14:$O$197,15,FALSE),0) -> 0 | I56: =ROUND(AVERAGE(E56:F56),0) -> 51059
A57: G. 2,1 | B57: Fabricación e instalación filtro francés tubería 4" ( incluye retiro de tierra a mano) | C57: ML | D57: 20 | E57: 85000 | F57: 62000 | G57: =IFERROR(VLOOKUP(A57,'valores unit indexados'!$A$14:$O$197,15,FALSE),0) -> 0 | I57: =ROUND(AVERAGE(E57:F57),0) -> 73500
A58: H. 3,10 | B58: Fabricación e instalación filtro francés tubería 4" ( incluye retiro de tierra a mano) | C58: ML | D58: 15 | E58: 85000 | F58: 62000 | G58: =IFERROR(VLOOKUP(A58,'valores unit indexados'!$A$14:$O$197,15,FALSE),0) -> 0 | I58: =ROUND(AVERAGE(E58:F58),0) -> 73500
A59: A. 6,2 | B59: Fabricación muro en ladrillo estructural - altura 70 cm incluye viga, dovelas, grouting, ladrillo estructural 14x19x39 cm, mortero | C59: M2 | D59: 17 | E59: 320000 | F59: 82368 | G59: =IFERROR(VLOOKUP(A59,'valores unit indexados'!$A$14:$O$197,15,FALSE),0) -> 0 | I59: =+E59 -> 320000
A60: E. 5,4 | B60: Instalación de pasamanos en acero (existente) incluye elementos de fijación como varilla 1/4", abrazadera. (12 mt de largo) | C60: UND | D60: 1 | E60: 3000000 | F60: 0 | G60: =IFERROR(VLOOKUP(A60,'valores unit indexados'!$A$14:$O$197,15,FALSE),0) -> 0 | I60: =+E60 -> 3000000
A61: F. 4,1 | B61: Lavada de cubierta con agua a chorro de aspersión con hipoclorito.(incluye retiro de material extraño y debe realizarse con belt manlift) | C61: M2 | D61: 490 | E61: 33000 | F61: 0 | G61: =IFERROR(VLOOKUP(A61,'valores unit indexados'!$A$14:$O$197,15,FALSE),0) -> 0 | I61: =+E61 -> 33000
A62: F. 1,2 | B62: Lavada de fachada con agua a chorro de aspersión con hipoclorito.(incluye retiro de material extraño y piezas rotas) | C62: M2 | D62: 395 | E62: 14000 | F62: 4000 | G62: =IFERROR(VLOOKUP(A62,'valores unit indexados'!$A$14:$O$197,15,FALSE),0) -> 0 | I62: =ROUND(AVERAGE(E62:F62),0) -> 9000
A63: G. 1,2 | B63: Lavada de fachada con agua a chorro de aspersión con hipoclorito.(incluye retiro de material extraño y piezas rotas) | C63: M2 | D63: 33 | E63: 14000 | F63: 3731 | G63: =IFERROR(VLOOKUP(A63,'valores unit indexados'!$A$14:$O$197,15,FALSE),0) -> 0 | I63: =+I62 -> 9000
A64: H. 1,1 | B64: Lavada de fachada con agua a chorro de aspersión con hipoclorito.(incluye ventaneria y retiro de material afectado por humedad) | C64: M2 | D64: 17 | E64: 14000 | F64: 0 | G64: =IFERROR(VLOOKUP(A64,'valores unit indexados'!$A$14:$O$197,15,FALSE),0) -> 0 | I64: =+I63 -> 9000
A65: C. 6,1 | B65: Lavada de rejas existentes, incluye retiro de oxido, residuos, lijada y masillado. | C65: M2 | D65: 225 | E65: 45000 | F65: 4000 | G65: =IFERROR(VLOOKUP(A65,'valores unit indexados'!$A$14:$O$197,15,FALSE),0) -> 0 | I65: =ROUND(IF(G65>0,G65:G65,AVERAGE(F65,E65)),0) -> 24500
A66: E. 1,1 | B66: Lavada de ventanas y rejas existentes, incluye retiro de oxido, residuos, lijada y masillado. | C66: M2 | D66: 197 | E66: 45000 | F66: 0 | G66: =IFERROR(VLOOKUP(A66,'valores unit indexados'!$A$14:$O$197,15,FALSE),0) -> 0 | I66: =+I65 -> 24500
A67: I. 5,1 | B67: Lavada de zócalo con ácido nítrico | C67: M2 | D67: 80 | E67: 17000 | F67: 10000 | G67: =IFERROR(VLOOKUP(A67,'valores unit indexados'!$A$14:$O$197,15,FALSE),0) -> 0 | I67: =ROUND(AVERAGE(E67:F67),0) -> 13500
A68: A. 1,5 | B68: Lavada y destronque a máquina (para retirar material existente y preparación de superficie) | C68: M2 | D68: 288 | E68: 35000 | F68: 3731 | G68: =IFERROR(VLOOKUP(A68,'valores unit indexados'!$A$14:$O$197,15,FALSE),0) -> 29150 | I68: =ROUND(AVERAGE(E68,G68),0) -> 32075
A69: C. 4,2 | B69: Lavada y destronque a máquina (para retirar material existente y preparación de superficie) | C69: M2 | D69: 86 | E69: 35000 | F69: 3731 | G69: =IFERROR(VLOOKUP(A69,'valores unit indexados'!$A$14:$O$197,15,FALSE),0) -> 29150 | I69: =ROUND(AVERAGE(E69,G69),0) -> 32075
A70: E. 5,9 | B70: Lavada y destronque a máquina (para retirar material existente y preparación de superficie) | C70: M2 | D70: 97 | E70: 35000 | F70: 3731 | G70: =IFERROR(VLOOKUP(A70,'valores unit indexados'!$A$14:$O$197,15,FALSE),0) -> 29150 | I70: =ROUND(AVERAGE(E70,G70),0) -> 32075
A71: A. 9,2 | B71: lavada y destronque a máquina (para retirar material existente y preparación de superficie) | C71: M2 | D71: 41 | E71: 35000 | F71: 3731 | G71: =IFERROR(VLOOKUP(A71,'valores unit indexados'!$A$14:$O$197,15,FALSE),0) -> 29150 | I71: =ROUND(AVERAGE(E71,G71),0) -> 32075
A72: B. 1,2 | B72: Lavada y destronque a máquina (para retirar material existente) | C72: M2 | D72: 6 | E72: 90000 | F72: 3731 | G72: =IFERROR(VLOOKUP(A72,'valores unit indexados'!$A$14:$O$197,15,FALSE),0) -> 29150 | I72: =+I71 -> 32075
A73: D. 2,3 | B73: Lavada y destronque a máquina (para retirar material existente) | C73: M2 | D73: 14 | E73: 35000 | F73: 3731 | G73: =IFERROR(VLOOKUP(A73,'valores unit indexados'!$A$14:$O$197,15,FALSE),0) -> 29150 | I73: =+I72 -> 32075
A74: A. 3,2 | B74: Lavada y destronque de terraza a máquina (para retirar material bituminoso, incluye retiro) | C74: M2 | D74: 191 | E74: 35000 | F74: 3731 | G74: =IFERROR(VLOOKUP(A74,'valores unit indexados'!$A$14:$O$197,15,FALSE),0) -> 29150 | I74: =+I73 -> 32075
A75: C. 1,4 | B75: Lavado de la fachada con hidrolavadora, incluye ventaneria y piedra. | C75: M2 | D75: 1234 | E75: 14000 | F75: 3913 | G75: =IFERROR(VLOOKUP(A75,'valores unit indexados'!$A$14:$O$197,15,FALSE),0) -> 0 | I75: =ROUND(AVERAGE(E75:F75),0) -> 8957
A76: C. 1,3 | B76: Lijada con maquina pulidora (piedra esmeril) | C76: M2 | D76: 1037 | E76: 17000 | F76: 2392 | G76: =IFERROR(VLOOKUP(A76,'valores unit indexados'!$A$14:$O$197,15,FALSE),0) -> 0 | I76: =ROUND(AVERAGE(E76:F76),0) -> 9696
A77: C. 1,2 | B77: Malla sombra, elemento de protección perimetral para mitigar el riesgo de caída de herramientas o materiales. | C77: M2 | D77: 47 | E77: 12500 | F77: 5000 | G77: =IFERROR(VLOOKUP(A77,'valores unit indexados'!$A$14:$O$197,15,FALSE),0) -> 16681 | I77: =ROUND(IF(G77>0,G77:G77,AVERAGE(F77,E77)),0) -> 16681
A78: D. 1,2 | B78: Malla sombra, elemento de protección perimetral para mitigar el riesgo de caída de herramientas o materiales. | C78: M2 | D78: 73 | E78: 12500 | F78: 5000 | G78: =IFERROR(VLOOKUP(A78,'valores unit indexados'!$A$14:$O$197,15,FALSE),0) -> 16681 | I78: =ROUND(IF(G78>0,G78:G78,AVERAGE(F78,E78)),0) -> 16681
A79: D. 1,8 | B79: Mantenimiento alfajía metálica existente incluye desmonte y nivelación (pendiente) | C79: ML | D79: 28 | E79: 20000 | F79: 3055 | G79: =IFERROR(VLOOKUP(A79,'valores unit indexados'!$A$14:$O$197,15,FALSE),0) -> 0 | I79: =ROUND(AVERAGE(E79:F79),0) -> 11528
A80: E. 4,1 | B80: Mantenimiento de cajas de inspección existentes, incluye limpieza, reparación de pañetes y tapa de concreto | C80: UND | D80: 4 | E80: 180000 | F80: 12415 | G80: =IFERROR(VLOOKUP(A80,'valores unit indexados'!$A$14:$O$197,15,FALSE),0) -> 0 | I80: =ROUND(AVERAGE(E80:F80),0) -> 96208
A81: E. 1,7 | B81: Mantenimiento de puerta metálica cuyas medidas es 300 cm de ancho x 600 cm alto, incluye limpieza de suciedad y oxido, reparación o reemplazo de partes dañadas, aplicación de anticorrosivo y pintura en esmalte de poliuretano | C81: UND | D81: 1 | E81: 800000 | F81: 0 | G81: =IFERROR(VLOOKUP(A81,'valores unit indexados'!$A$14:$O$197,15,FALSE),0) -> 0 | I81: =+E81 -> 800000
A82: E. 1,5 | B82: Mantenimiento de puerta metálica cuyas medidas son entre 80 -100 cm de ancho x 170 - 240 cm alto, incluye limpieza de suciedad y oxido, reparación o reemplazo de partes dañadas, aplicación de anticorrosivo y pintura en esmalte de poliuretano | C82: UND | D82: 5 | E82: 280000 | F82: 0 | G82: =IFERROR(VLOOKUP(A82,'valores unit indexados'!$A$14:$O$197,15,FALSE),0) -> 0 | I82: =+E82 -> 280000
A83: E. 2,3 | B83: Mantenimiento de puertas de dos naves en madera maciza, cuyas medidas son entre 100 a 140 cm de ancho x 200 -260 cm de alto - incluido marco, largueros, travesaños, hojas o panel y cerrajería | C83: UND | D83: 1 | E83: 650000 | F83: 490000 | G83: =IFERROR(VLOOKUP(A83,'valores unit indexados'!$A$14:$O$197,15,FALSE),0) -> 0 | I83: =ROUND(AVERAGE(E83:F83),0) -> 570000
A84: E. 2,2 | B84: Mantenimiento de puertas de dos naves en madera maciza, diseño con celosía cuyas medidas son entre 70 a 100 cm de ancho x 190 -240 cm de alto - incluido marco, largueros, travesaños, hojas o panel y cerrajería | C84: UND | D84: 2 | E84: 550000 | F84: 450000 | G84: =IFERROR(VLOOKUP(A84,'valores unit indexados'!$A$14:$O$197,15,FALSE),0) -> 0 | I84: =ROUND(AVERAGE(E84:F84),0) -> 500000
A85: F. 2,2 | B85: Mantenimiento de puertas de una nave en madera , cuyas medidas son entre 70 a 90 cm de ancho x 180 -220 cm de alto - incluido marco, largueros, travesaños, hojas o panel y cerrajería | C85: UND | D85: 22 | E85: 550000 | F85: 300000 | G85: =IFERROR(VLOOKUP(A85,'valores unit indexados'!$A$14:$O$197,15,FALSE),0) -> 0 | I85: =ROUND(AVERAGE(E85:F85),0) -> 425000
A86: E. 2,4 | B86: Mantenimiento de puertas de una nave en madera maciza, con diseño que incluye vidrio cuyas medidas son entre 70 a 100 cm de ancho x 190 -280 cm de alto - incluido marco, largueros, travesaños, hojas o panel y cerrajería | C86: UND | D86: 15 | E86: 700000 | F86: 2700000 | G86: =IFERROR(VLOOKUP(A86,'valores unit indexados'!$A$14:$O$197,15,FALSE),0) -> 0 | I86: =+I84 -> 500000
A87: E. 2,1 | B87: Mantenimiento de puertas de una nave en madera maciza, cuyas medidas son entre 70 - 105 cm de ancho x 200 cm 260 cm de alto - incluido marco, largueros, travesaños, hojas o panel y cerrajería | C87: UND | D87: 37 | E87: 550000 | F87: 300000 | G87: =IFERROR(VLOOKUP(A87,'valores unit indexados'!$A$14:$O$197,15,FALSE),0) -> 0 | I87: =ROUND(AVERAGE(E87:F87),0) -> 425000
A88: I. 1,2 | B88: Mantenimiento de puertas en madera maciza con diseño de dos naves cuyas medidas son de 120- 140 cm de ancho x 290 - 310 cm de alto, (Consiste en desmontar naves, cambiar piezas en mal estado, inmunizar, cambiar bisagras, lijar recuperar color natural, inmunizar y aplicar Barniz, suministrar e instalar tapa luz, suministro e instalar burlete en U en caucho incluye mantenimiento del marco ) | C88: UND | D88: 34 | E88: 800000 | F88: 481000 | G88: =IFERROR(VLOOKUP(A88,'valores unit indexados'!$A$14:$O$197,15,FALSE),0) -> 0 | I88: =ROUND(AVERAGE(E88:F88),0) -> 640500
A89: I. 1,1 | B89: Mantenimiento de puertas en madera maciza con diseño de dos naves cuyas medidas son de 150 cm de ancho x 350 cm de alto, (Consiste en desmontar naves, cambiar piezas en mal estado, inmunizar, cambiar bisagras, lijar recuperar color natural, inmunizar y aplicar Barniz, suministrar e instalar tapa luz, suministro e instalar burlete en U en caucho incluye mantenimiento del marco ) | C89: UND | D89: 2 | E89: 850000 | F89: 600000 | G89: =IFERROR(VLOOKUP(A89,'valores unit indexados'!$A$14:$O$197,15,FALSE),0) -> 0 | I89: =ROUND(AVERAGE(E89:F89),0) -> 725000
A90: I. 1,3 | B90: Mantenimiento de puertas en madera maciza con diseño de dos naves y baranda en madera- cuyas medidas son de 130 cm de ancho x 290 cm de alto, (Consiste en desmontar naves, cambiar piezas en mal estado, inmunizar, cambiar bisagras, lijar recuperar color natural, inmunizar y aplicar Barniz, suministrar e instalar tapa luz, suministro e instalar burlete en U en caucho incluye mantenimiento del marco ) | C90: UND | D90: 17 | E90: 800000 | F90: 550000 | G90: =IFERROR(VLOOKUP(A90,'valores unit indexados'!$A$14:$O$197,15,FALSE),0) -> 0 | I90: =+I88 -> 640500
A91: I. 1,4 | B91: Mantenimiento de puertas en madera maciza de una nave cuyas medidas son entre 60 - 100 cm de ancho x 170 -300 cm de alto, (Consiste en desmontar naves, cambiar piezas en mal estado, inmunizar, cambiar bisagras, lijar recuperar color natural, inmunizar y aplicar Barniz, suministrar e instalar tapa luz, suministro e instalar burlete en U en caucho incluye mantenimiento del marco ) | C91: UND | D91: 13 | E91: 700000 | F91: 550000 | G91: =IFERROR(VLOOKUP(A91,'valores unit indexados'!$A$14:$O$197,15,FALSE),0) -> 0 | I91: =ROUND(AVERAGE(E91:F91),0) -> 625000
A92: H. 3,1 | B92: Mantenimiento de reja exterior existente con puerta de 2 naves, consiste en soldar, lijar y pintar colo crema. | C92: M2 | D92: 10 | E92: 50000 | F92: 0 | G92: =IFERROR(VLOOKUP(A92,'valores unit indexados'!$A$14:$O$197,15,FALSE),0) -> 0 | I92: =+E92 -> 50000
A93: E. 1,3 | B93: Mantenimiento de ventanas en aluminio con diseño que incluye celosías cuyas medidas son entre 70 -100 cm de ancho x 120 - 200 cmalto, incluye limpieza de suciedad , rasqueteada de residuos de pintura, salpicadura de oxido (con limpiador industrial apto para aluminio), reparación o reemplazo de elementos deteriorados (perfiles, bisagras, cerraduras, pasadores, etc.) y limpieza de vidrios | C93: UND | D93: 16 | E93: 250000 | F93: 364000 | G93: =IFERROR(VLOOKUP(A93,'valores unit indexados'!$A$14:$O$197,15,FALSE),0) -> 0 | I93: =+I95 -> 286990
A94: E. 1,4 | B94: Mantenimiento de ventanas en aluminio cuyas medidas son entre 200 - 400 cmde ancho x 200 cm 400 cm alto, incluye limpieza de suciedad , rasqueteada de residuos de pintura, salpicadura de oxido (con limpiador industrial apto para aluminio), reparación o reemplazo de elementos deteriorados (perfiles, bisagras, cerraduras, pasadores, etc.) y limpieza de vidrios | C94: UND | D94: 6 | E94: 290000 | F94: 600000 | G94: =IFERROR(VLOOKUP(A94,'valores unit indexados'!$A$14:$O$197,15,FALSE),0) -> 0 | I94: =ROUND(AVERAGE(E94:F94),0) -> 445000
A95: E. 1,2 | B95: Mantenimiento de ventanas en aluminio cuyas medidas son entre 70 - 105 cm de ancho x 120 cm 180cm alto, incluye limpieza de suciedad , rasqueteada de residuos de pintura, salpicadura de oxido (con limpiador industrial apto para aluminio), reparación o reemplazo de elementos deteriorados (perfiles, bisagras, cerraduras, pasadores, etc.) y limpieza de vidrios | C95: UND | D95: 113 | E95: 230000 | F95: 343980 | G95: =IFERROR(VLOOKUP(A95,'valores unit indexados'!$A$14:$O$197,15,FALSE),0) -> 0 | I95: =ROUND(AVERAGE(E95:F95),0) -> 286990
A96: E. 2,5 | B96: Mantenimiento de ventanas en madera con diseño que incluye vidrio, cuyas medidas son entre 70 - 170 cm de ancho x 100 cm 180 cm alto, incluido marco, largueros, travesaños, hojas o panel y cerrajería | C96: UND | D96: 7 | E96: 700000 | F96: 230000 | G96: =IFERROR(VLOOKUP(A96,'valores unit indexados'!$A$14:$O$197,15,FALSE),0) -> 0 | I96: =+F96 -> 230000
A97: J. 1,1 | B97: mantenimiento general de cubierta tipo colonial, incluye cambio de tejas en mal estado, reacomodación y atraques nuevos para el área general de cubierta, incluir el retiro de escombros. | C97: M2 | D97: 156 | E97: 145000 | F97: 64150 | G97: =IFERROR(VLOOKUP(A97,'valores unit indexados'!$A$14:$O$197,15,FALSE),0) -> 0 | I97: =ROUND(AVERAGE(E97:F97),0) -> 104575
A98: I. 3,1 | B98: mantenimiento general de cubierta tipo colonial, incluye cambio de tejas en mal estado, reacomodación y atraques nuevos para el área general de cubierta, manto asfaltico, incluir el retiro de escombros. | C98: M2 | D98: 40 | E98: 145000 | F98: 64150 | G98: =IFERROR(VLOOKUP(A98,'valores unit indexados'!$A$14:$O$197,15,FALSE),0) -> 0 | I98: =ROUND(AVERAGE(E98:F98),0) -> 104575
A99: C. 1,1 | B99: Pasarela cercada que permita la circulación de vehículos, y contenga, (soporte) la caída de materiales de la obra al espacio público (ancho mínimo de 2 metros) | C99: ML | D99: 47 | E99: 135500 | F99: 0 | G99: =IFERROR(VLOOKUP(A99,'valores unit indexados'!$A$14:$O$197,15,FALSE),0) -> 226947 | I99: =ROUND(IF(G99>0,G99:G99,AVERAGE(F99,E99)),0) -> 226947
A100: D. 1,1 | B100: Pasarela cercada que permita la circulación de vehículos, y contenga, (soporte) la caída de materiales de la obra al espacio público (ancho mínimo de 2 metros) | C100: ML | D100: 29 | E100: 135000 | F100: 0 | G100: =IFERROR(VLOOKUP(A100,'valores unit indexados'!$A$14:$O$197,15,FALSE),0) -> 226947 | I100: =ROUND(IF(G100>0,G100:G100,AVERAGE(F100,E100)),0) -> 226947
A101: I. 3,2 | B101: Pega de teja existente incluye retiro de teja, limpieza y alineación | C101: ML | D101: 60 | E101: 35000 | F101: 36340 | G101: =IFERROR(VLOOKUP(A101,'valores unit indexados'!$A$14:$O$197,15,FALSE),0) -> 0 | I101: =ROUND(AVERAGE(E101:F101),0) -> 35670
...

Sheet selección quemada
E1: COTIZACIÓN 1 - KCV | F1: MNTY | G1: OTROS CONTRATOS REALIZADOS POR LA ENTIDAD | I1: VALOR UNITARIO REDONDEADO ASUMIDO
A2: ITEM | B2: DESCRIPCION | C2: UND | D2: CANTIDAD | E2: VALOR UNITARIO | F2: VALOR UNITARIO | G2: VALOR UNITARIO INDEXADO
A3: A. 1,1 | B3: Cerramiento en tela verde o polisombra (incluye postes de madera para soporte) altura: 2.10 mts. | C3: ML | D3: 36 | E3: 40000 | F3: 27131 | G3: 0 | I3: =VLOOKUP(A3,'selección precios unitario'!$A$5:$I$418,9,FALSE) -> 27131
A4: A. 1,10 | B4: Fabricación de borde de escalera en granito lavado (Borde de escalera ancho 10 cm a lo largo de la huella y la contrahuella de 13 cm) incluye dilatación en bronce 5 mm | C4: ML | D4: 410 | E4: 50000 | F4: 52117 | G4: 0 | I4: =VLOOKUP(A4,'selección precios unitario'!$A$5:$I$418,9,FALSE) -> 51059
A5: A. 1,11 | B5: Suministro e instalación de enchape para piso exterior (tráfico alto, incluye junta de dilatación en aluminio) | C5: M2 | D5: 288 | E5: 140000 | F5: 116903.6 | G5: 0 | I5: =VLOOKUP(A5,'selección precios unitario'!$A$5:$I$418,9,FALSE) -> 128452
A6: A. 1,12 | B6: Suministro y fabricación guardaescoba en granito en media caña 10 cm | C6: ML | D6: 91 | E6: 35000 | F6: 18746 | G6: 21193 | I6: =VLOOKUP(A6,'selección precios unitario'!$A$5:$I$418,9,FALSE) -> 21193
A7: A. 1,13 | B7: Suministro y fabricación de cenefa piso en granito lavado ancho 20 cm | C7: ML | D7: 60 | E7: 40000 | F7: 17173 | G7: 0 | I7: =VLOOKUP(A7,'selección precios unitario'!$A$5:$I$418,9,FALSE) -> 28587
A8: A. 1,2 | B8: Desmonte y reinstalación de pasamanos metálico cuyas medidas son 130 cm de largo x 90 cm de alto | C8: UND | D8: 4 | E8: 120000 | F8: 165000 | G8: 0 | I8: =VLOOKUP(A8,'selección precios unitario'!$A$5:$I$418,9,FALSE) -> 142500
A9: A. 1,3 | B9: Demolición de piso existente (enchape tráfico alto), incluye retiro de escombros | C9: M2 | D9: 288 | E9: 30000 | F9: 8450 | G9: 0 | I9: =VLOOKUP(A9,'selección precios unitario'!$A$5:$I$418,9,FALSE) -> 19225
A10: A. 1,4 | B10: Retiro de manto existente, incluye retiro de escombros | C10: M2 | D10: 288 | E10: 20000 | F10: 19500 | G10: 14660 | I10: =VLOOKUP(A10,'selección precios unitario'!$A$5:$I$418,9,FALSE) -> 18053
A11: A. 1,5 | B11: Lavada y destronque a máquina (para retirar material existente y preparación de superficie) | C11: M2 | D11: 288 | E11: 35000 | F11: 3731 | G11: 29150 | I11: =VLOOKUP(A11,'selección precios unitario'!$A$5:$I$418,9,FALSE) -> 32075
A12: A. 1,6 | B12: Demolición mortero existente (incluye retiro de escombros) | C12: M2 | D12: 288 | E12: 27000 | F12: 4400 | G12: 10612 | I12: =VLOOKUP(A12,'selección precios unitario'!$A$5:$I$418,9,FALSE) -> 10612
A13: A. 1,7 | B13: Suministro y aplicación de pintura sellante elongable autonivelante. | C13: M2 | D13: 288 | E13: 75000 | F13: 9230 | G13: 0 | I13: =VLOOKUP(A13,'selección precios unitario'!$A$5:$I$418,9,FALSE) -> 42115
A14: A. 1,8 | B14: Suministro y aplicación de mortero 1:3 con aditivo impermeabilizante espesor 4cm incluye media caña en mortero perimetral (superficie con pendiente) | C14: M2 | D14: 288 | E14: 38000 | F14: 32500 | G14: 0 | I14: =VLOOKUP(A14,'selección precios unitario'!$A$5:$I$418,9,FALSE) -> 35250
... A320: F. 4,7 | B320: Suministro e instalación de sifón de 3" | C320: UND | D320: 6 | E320: 98000 | F320: 15000 | G320: 0 | I320: =VLOOKUP(A320,'selección precios unitario'!$A$5:$I$418,9,FALSE) -> 56500
A321: G. 1,1 | B321: suministro e instalación de protector sobre fachada en poli sombra, incluye accesorios y elementos para su fijación. | C321: M2 | D321: 33 | E321: 12500 | F321: 0 | I321: =VLOOKUP(A321,'selección precios unitario'!$A$5:$I$418,9,FALSE) -> 12500
A322: G. 1,2 | B322: Lavada de fachada con agua a chorro de aspersión con hipoclorito.(incluye retiro de material extraño y piezas rotas) | C322: M2 | D322: 33 | E322: 14000 | F322: 3731 | G322: 0 | I322: =VLOOKUP(A322,'selección precios unitario'!$A$5:$I$418,9,FALSE) -> 9000
A323: G. 1,3 | B323: Tratamiento de fisura el cual consiste en sellado con mortero especial para reparaciones. | C323: ML | D323: 5 | E323: 85000 | F323: 0 | G323: 0 | I323: =VLOOKUP(A323,'selección precios unitario'!$A$5:$I$418,9,FALSE) -> 85000
A324: G. 1,4 | B324: Rasqueteada de pintura y retiro de material en mal estado | C324: M2 | D324: 20 | E324: 9000 | F324: 4000 | G324: 6890 | I324: =VLOOKUP(A324,'selección precios unitario'!$A$5:$I$418,9,FALSE) -> 6630
A325: G. 1,5 | B325: Suministro y aplicación de emulsión acrílica al 50% generador de adherencia, (o sellador acrílico) | C325: M2 | D325: 33 | E325: 22500 | F325: 0 | G325: 0 | I325: =VLOOKUP(A325,'selección precios unitario'!$A$5:$I$418,9,FALSE) -> 22500
A326: G. 1,6 | B326: Suministro y aplicación de pintura acrílica para exterior a 3 manos - tipo 1 | C326: M2 | D326: 33 | E326: 24000 | F326: 8710 | G326: 0 | I326: =VLOOKUP(A326,'selección precios unitario'!$A$5:$I$418,9,FALSE) -> 21500
A327: G. 1,7 | B327: Suministro e instalación de recubrimiento cementoso (Recubrimiento a base de cemento, arena y aditivos especiales), impermeable para muros color blanco | C327: M2 | D327: 20 | E327: 48000 | F327: 45500 | G327: 43614 | I327: =VLOOKUP(A327,'selección precios unitario'!$A$5:$I$418,9,FALSE) -> 45053
A328: G. 2,1 | B328: Fabricación e instalación filtro francés tubería 4" ( incluye retiro de tierra a mano) | C328: ML | D328: 20 | E328: 85000 | F328: 62000 | G328: 0 | I328: =VLOOKUP(A328,'selección precios unitario'!$A$5:$I$418,9,FALSE) -> 73500
A329: G. 2,10 | B329: Suministro y aplicación de estuco plástico | C329: ML | D329: 3 | E329: 16800 | F329: 11700 | G329: 24610 | I329: =VLOOKUP(A329,'selección precios unitario'!$A$5:$I$418,9,FALSE) -> 20705
A330: G. 2,11 | B330: Suministro y aplicación de vinilo tipo 2 (3 manos) | C330: ML | D330: 3 | E330: 10200 | F330: 5200 | G330: 0 | I330: =VLOOKUP(A330,'selección precios unitario'!$A$5:$I$418,9,FALSE) -> 6120
A331: G. 2,12 | B331: Suministro y aplicación de pintura en esmalte | C331: ML | D331: 3 | E331: 10800 | F331: 5200 | G331: 0 | I331: =VLOOKUP(A331,'selección precios unitario'!$A$5:$I$418,9,FALSE) -> 8000
A332: G. 2,2 | B332: Rasqueteada de pintura y retiro de mortero en mal estado | C332: M2 | D332: 50 | E332: 9000 | F332: 5200 | G332: 6890 | I332: =VLOOKUP(A332,'selección precios unitario'!$A$5:$I$418,9,FALSE) -> 6630
A333: G. 2,3 | B333: Suministro e instalación de recubrimiento cementoso (Recubrimiento a base de cemento, arena y aditivos especiales), impermeable para muros color blanco | C333: M2 | D333: 50 | E333: 48000 | F333: 45500 | G333: 43614 | I333: =VLOOKUP(A333,'selección precios unitario'!$A$5:$I$418,9,FALSE) -> 45053
... A372: H. 3,7 | B372: Desmonte ventana metálica existente | C372: M2 | D372: 17 | E372: 30000 | F372: 25935 | G372: 0 | I372: =VLOOKUP(A372,'selección precios unitario'!$A$5:$I$418,9,FALSE) -> 27968
A373: H. 3,8 | B373: Suministro e instalación de ventana en aluminio corrediza | C373: M2 | D373: 17 | F373: 349323 | G373: 0 | I373: =VLOOKUP(A373,'selección precios unitario'!$A$5:$I$418,9,FALSE) -> 349323
A374: H. 3,9 | B374: Aseo general. | C374: M2 | D374: 165 | E374: 7000 | F374: 4200 | G374: 5300 | I374: =VLOOKUP(A374,'selección precios unitario'!$A$5:$I$418,9,FALSE) -> 5500
A375: I. 1,1 | B375: Mantenimiento de puertas en madera maciza con diseño de dos naves cuyas medidas son de 150 cm de ancho x 350 cm de alto, (Consiste en desmontar naves, cambiar piezas en mal estado, inmunizar, cambiar bisagras, lijar recuperar color natural, inmunizar y aplicar Barniz, suministrar e instalar tapa luz, suministro e instalar burlete en U en caucho incluye mantenimiento del marco ) | C375: UND | D375: 2 | E375: 850000 | F375: 600000 | G375: 0 | I375: =VLOOKUP(A375,'selección precios unitario'!$A$5:$I$418,9,FALSE) -> 725000
A376: I. 1,2 | B376: Mantenimiento de puertas en madera maciza con diseño de dos naves cuyas medidas son de 120- 140 cm de ancho x 290 - 310 cm de alto, (Consiste en desmontar naves, cambiar piezas en mal estado, inmunizar, cambiar bisagras, lijar recuperar color natural, inmunizar y aplicar Barniz, suministrar e instalar tapa luz, suministro e instalar burlete en U en caucho incluye mantenimiento del marco ) | C376: UND | D376: 34 | E376: 800000 | F376: 481000 | G376: 0 | I376: =VLOOKUP(A376,'selección precios unitario'!$A$5:$I$418,9,FALSE) -> 640500
A377: I. 1,3 | B377: Mantenimiento de puertas en madera maciza con diseño de dos naves y baranda en madera- cuyas medidas son de 130 cm de ancho x 290 cm de alto, (Consiste en desmontar naves, cambiar piezas en mal estado, inmunizar, cambiar bisagras, lijar recuperar color natural, inmunizar y aplicar Barniz, suministrar e instalar tapa luz, suministro e instalar burlete en U en caucho incluye mantenimiento del marco ) | C377: UND | D377: 17 | E377: 800000 | F377: 550000 | G377: 0 | I377: =VLOOKUP(A377,'selección precios unitario'!$A$5:$I$418,9,FALSE) -> 640500
A378: I. 1,4 | B378: Mantenimiento de puertas en madera maciza de una nave cuyas medidas son entre 60 - 100 cm de ancho x 170 -300 cm de alto, (Consiste en desmontar naves, cambiar piezas en mal estado, inmunizar, cambiar bisagras, lijar recuperar color natural, inmunizar y aplicar Barniz, suministrar e instalar tapa luz, suministro e instalar burlete en U en caucho incluye mantenimiento del marco ) | C378: UND | D378: 13 | E378: 700000 | F378: 550000 | G378: 0 | I378: =VLOOKUP(A378,'selección precios unitario'!$A$5:$I$418,9,FALSE) -> 625000
A379: I. 1,5 | B379: Suministro e instalación de puertas de 2 naves de madera maciza inmunizada, diseño y color igual a las existentes, debidamente lijada, masillada y pintada, cuyas medidas son 120- 140 cm de ancho x 290 - 310 cm de alto, incluye marco, tapa luz, bisagras y pestillo con diseño igual a la existente. | C379: UND | D379: 1 | E379: 2900000 | F379: 4000000 | G379: 0 | I379: =VLOOKUP(A379,'selección precios unitario'!$A$5:$I$418,9,FALSE) -> 3450000
A380: I. 1,6 | B380: Suministro e instalación de puertas de una nave de madera maciza inmunizada, diseño y color igual a las existentes, debidamente lijada, masillada y pintada, cuyas medidas son entre 60 - 100 cm de ancho x 170 -230 cm de alto, incluye marco, tapa luz, bisagras y pestillo con diseño igual a la existente. | C380: UND | D380: 1 | E380: 2700000 | F380: 3500000 | G380: 0 | I380: =VLOOKUP(A380,'selección precios unitario'!$A$5:$I$418,9,FALSE) -> 3100000
A381: I. 1,7 | B381: Desmonte de puertas en madera, incluye marco (se refiere a las que no se reinstalaran) | C381: UND | D381: 1 | E381: 60000 | F381: 65000 | G381: 0 | I381: =VLOOKUP(A381,'selección precios unitario'!$A$5:$I$418,9,FALSE) -> 62500
A382: I. 1,8 | B382: Suministro e instalación de pestillo- manilas o herrajes según diseño existente | C382: UND | D382: 15 | E382: 80000 | F382: 95000 | G382: 0 | I382: =VLOOKUP(A382,'selección precios unitario'!$A$5:$I$418,9,FALSE) -> 87500
A383: I. 2,1 | B383: Rasqueteada de pintura y retiro de mortero en mal estado | C383: M2 | D383: 320 | E383: 9000 | F383: 5200 | G383: 6890 | I383: =VLOOKUP(A383,'selección precios unitario'!$A$5:$I$418,9,FALSE) -> 6630
A384: I. 2,10 | B384: Suministro y aplicación de vinilo tipo 2 (3 manos) | C384: ML | D384: 5 | E384: 10200 | F384: 5200 | G384: 0 | I384: =VLOOKUP(A384,'selección precios unitario'!$A$5:$I$418,9,FALSE) -> 6120
A385: I. 2,11 | B385: Suministro y aplicación de pintura en esmalte | C385: ML | D385: 5 | E385: 10800 | F385: 5200 | G385: 0 | I385: =VLOOKUP(A385,'selección precios unitario'!$A$5:$I$418,9,FALSE) -> 8000
... A402: I. 4,2 | B402: Suministro e instalación de grifo para lavamanos conexión 1/2", acabado cromo. | C402: UND | D402: 6 | E402: 350000 | F402: 480870 | G402: 93544 | I402: =VLOOKUP(A402,'selección precios unitario'!$A$5:$I$418,9,FALSE) -> 93544
A403: I. 4,3 | B403: Desmonte de desagüe de orinal existente | D403: 2 | E403: 30000 | F403: 41800 | G403: 0 | I403: =VLOOKUP(A403,'selección precios unitario'!$A$5:$I$418,9,FALSE) -> 35900
A404: I. 4,4 | B404: suministro e instalación sifón para orinales | C404: UND | D404: 2 | E404: 65000 | F404: 133679 | G404: 0 | I404: =VLOOKUP(A404,'selección precios unitario'!$A$5:$I$418,9,FALSE) -> 99340
A405: I. 4,5 | B405: Suministro e instalación de juego de accesorios (check en bronce, flotador en cobre, registro para tanque de agua de reserva | C405: UND | D405: 1 | E405: 850000 | F405: 205080 | G405: 0 | I405: =VLOOKUP(A405,'selección precios unitario'!$A$5:$I$418,9,FALSE) -> 527540
A406: I. 4,6 | B406: Suministro e instalación de Solapa en lamina galvanizada Cal 24, incluye sellador sobre muro | C406: ML | D406: 5 | E406: 46000 | F406: 57837 | G406: 0 | I406: =VLOOKUP(A406,'selección precios unitario'!$A$5:$I$418,9,FALSE) -> 51919
A407: I. 4,7 | B407: Suministro y aplicación de mortero 1:3 con aditivo impermeabilizante espesor 4cm | C407: M2 | D407: 12 | E407: 38000 | F407: 44980 | G407: 0 | I407: =VLOOKUP(A407,'selección precios unitario'!$A$5:$I$418,9,FALSE) -> 35250
A408: I. 4,8 | B408: Aseo general. | C408: M2 | D408: 390 | E408: 7000 | F408: 4200 | G408: 5300 | I408: =VLOOKUP(A408,'selección precios unitario'!$A$5:$I$418,9,FALSE) -> 5500
A409: I. 5,1 | B409: Lavada de zócalo con ácido nítrico | C409: M2 | D409: 80 | E409: 17000 | F409: 10000 | G409: 0 | I409: =VLOOKUP(A409,'selección precios unitario'!$A$5:$I$418,9,FALSE) -> 13500
A410: I. 5,2 | B410: Suministro y aplicación de fragua color tabaco | C410: M2 | D410: 80 | E410: 5000 | F410: 0 | G410: 0 | I410: =VLOOKUP(A410,'selección precios unitario'!$A$5:$I$418,9,FALSE) -> 5000
A411: I. 5,3 | B411: Suministro y aplicación de hidrófugo-(protección de penetración de agua sobre piedra) | C411: M2 | D411: 80 | E411: 20000 | F411: 0 | G411: 17652 | I411: =VLOOKUP(A411,'selección precios unitario'!$A$5:$I$418,9,FALSE) -> 18826
A412: J. 1,1 | B412: mantenimiento general de cubierta tipo colonial, incluye cambio de tejas en mal estado, reacomodación y atraques nuevos para el área general de cubierta, incluir el retiro de escombros. | C412: M2 | D412: 156 | E412: 145000 | F412: 64150 | G412: 0 | I412: =VLOOKUP(A412,'selección precios unitario'!$A$5:$I$418,9,FALSE) -> 104575
A413: J. 1,2 | B413: Suministro e instalación de teja de barro | C413: M2 | D413: 24 | E413: 45000 | F413: 36340 | G413: 0 | I413: =VLOOKUP(A413,'selección precios unitario'!$A$5:$I$418,9,FALSE) -> 40670
A414: J. 1,3 | B414: Suministro e instalación de Solapa en lamina galvanizada Cal 24, incluye sellador sobre muro | C414: ML | D414: 24 | E414: 46000 | F414: 57837 | G414: 0 | I414: =VLOOKUP(A414,'selección precios unitario'!$A$5:$I$418,9,FALSE) -> 51919
A415: J. 1,4 | B415: Aseo general. | C415: M2 | D415: 156 | E415: 7000 | F415: 4200 | G415: 5300 | I415: =VLOOKUP(A415,'selección precios unitario'!$A$5:$I$418,9,FALSE) -> 5500
A421: NOTAS:
E423: e,54
B424: Ítem / Actividad no cotizada
B425: Actividad no promediada por precio artificialmente elevado o bajo
B427: Forma de selección del valor unitario
B428: a. Como primera opción se estipula el promedio de las 2 cotizaciones y el valor ejecutado y aprobado en contratos anteriores indexados con el IPC al año en curso
B429: b. si alguna de los valores unitarios esta por encima o por debajo en promedio un 20%, estos se excluyen y se promedian los otros dos.
B430: c. En caso de existir solamente un valor unitario, este se deja tal como esta cotizado.
B431: d. se unificaron actividades con conceptos similares y se les asigno el mismo precio unitario.
B432: e. Las actividades no cotizadas se señalaron el color rojo, los precios omitidos (valores artificacilmente altos o bajos) se encuentran en color ocre

Sheet valores unit indexados
A1: VALORES UNITARIOS OTROS CONTRATOS, INDEXADOS (IPC)
L3: Contratos revisados
C4: Consejo Superior de la Judicatura Dirección Ejecutiva Seccional de Administración Judicial de Cali – Valle del Cauca | L4: 013-2023
L5: 028-2023
L6: 041-2023
A7: FORMATO CONTROL DE EJECUCIÓN DE OBRA - BALANCE Y CORTE DE OBRA | L7: 058-2022
A8: OBJETO DEL CONTRATO: Realizar mantenimiento, adecuaciones y reparaciones a los inmuebles Palacio de Justicia de Cali "PEDRO ELIAS SERRANO ABADIA",Juzgado Promiscuo Municipal de el Dovio, Palacio de Justicia "SIMON DAVID CARREJO BEJARANO", Sede Familia de Palmira, Palacio Nacional de Buenaventura, Edificio Transferencias, Juzgado Promiscuo Municipal de Obando, Juzgado Promiscuo Municipal de San Jose del Palmar, Palacio de Justicia "Oscar Lerma Trujillo" Roldanillo
A10: Condiciones contractuales | L10: No. Contrato | M10: V/unitarios otros contratos realizados por la entidad
A11: A. | B11: Palacio de Justicia de Cali "PEDRO ELIAS SERRANO ABADIA | E11: COTIZACIÓN 1 - KCV | G11: MNTY | I11: OTROS CONTRATOS REALIZADOS POR LA ENTIDAD | M11: 2022 | N11: 2023 | O11: 2024
A12: ITEM | B12: DESCRIPCION | C12: UND | D12: CANTIDAD | E12: VALOR UNITARIO | F12: VALOR TOTAL | G12: VALOR UNITARIO | H12: VALOR TOTAL | I12: VALOR UNITARIO | J12: VALOR TOTAL | M12: IPC
A13: A. 1 | B13: Reparación (filtraciones) rampa y anden ingreso calle 12 | M13: 0.1312 | N13: 0.0928
A14: A. 1,4 | B14: Retiro de manto existente, incluye retiro de escombros | C14: M2 | D14: 288 | E14: 20000 | F14: =+E14*D14 -> 5760000 | G14: 19500 | H14: =+G14*D14 -> 5616000 | I14: =+O14 -> 14660 | J14: =+I14*D14 -> 4222080 | L14: 041-2023 | N14: =+'Contrato 041'!E34 -> 13415 | O14: =ROUND(N14*(1+$N$13),0) -> 14660 | Q14: =ROUND(13415*1.0928,0) -> 14660 | S14: =+Q14-O14 -> 0
A15: A. 1,5 | B15: Lavada y destronque a máquina (para retirar material existente y preparación de superficie) | C15: M2 | D15: 288 | E15: 35000 | F15: =+E15*D15 -> 10080000 | G15: 3731 | H15: =+G15*D15 -> 1074528 | I15: =+O15 -> 29150 | J15: =+I15*D15 -> 8395200 | L15: 041-2023 | N15: =+'Contrato 041'!E35 -> 26675 | O15: =ROUND(N15*(1+$N$13),0) -> 29150 | Q15: =ROUND(26675*1.0928,0) -> 29150 | S15: =+Q15-O15 -> 0
A16: A. 1,6 | B16: Demolición mortero existente (incluye retiro de escombros) | C16: M2 | D16: 288 | E16: 27000 | F16: =+E16*D16 -> 7776000 | G16: 4400 | H16: =+G16*D16 -> 1267200 | I16: =+O16 -> 10612 | J16: =+I16*D16 -> 3056256 | L16: 041-2023 | N16: =+'Contrato 041'!E131 -> 9711 | O16: =ROUND(N16*(1+$N$13),0) -> 10612 | Q16: =ROUND(9711*1.0928,0) -> 10612 | S16: =+Q16-O16 -> 0
